Workbook
Name \0: [1]TOTAL!#REF!
Name \0: [1]TOTAL!#REF!
Name \0: [1]TOTAL!#REF!
Name \A: #REF!
Name \A: #REF!
Name \A: #REF!
Name \A: #REF!
Name \B: #REF!
Name \B: #REF!
Name \B: #REF!
Name \B: #REF!
Name \C: #REF!
Name \C: #REF!
Name \C: #REF!
Name \C: #REF!
Name \f: #REF!
Name \f: #REF!
Name \f: #REF!
Name \g: #REF!
Name \g: #REF!
Name \g: #REF!
Name \H: #REF!
Name \H: #REF!
Name \H: #REF!
Name \H: #REF!
Name \M: #REF!
Name \M: #REF!
Name \M: #REF!
Name \M: #REF!
Name \p: '[2]CMA DATA'!#REF!
Name \p: '[2]CMA DATA'!#REF!
Name \p: '[2]CMA DATA'!#REF!
Name \p: '[2]CMA DATA'!#REF!
Name \q: '[2]CMA DATA'!#REF!
Name \q: '[2]CMA DATA'!#REF!
Name \q: '[2]CMA DATA'!#REF!
Name \q: '[2]CMA DATA'!#REF!
Name \r: #REF!
Name \r: #REF!
Name \r: #REF!
Name \s: '[2]CMA DATA'!#REF!
Name \s: '[2]CMA DATA'!#REF!
Name \s: '[2]CMA DATA'!#REF!
Name \s: '[2]CMA DATA'!#REF!
Name \t: #REF!
Name \t: #REF!
Name \t: #REF!
Name \v: [3]PBCLIST!#REF!
Name \v: [3]PBCLIST!#REF!
Name \v: [3]PBCLIST!#REF!
Name \x: '[2]CMA DATA'!#REF!
Name \x: '[2]CMA DATA'!#REF!
Name \x: '[2]CMA DATA'!#REF!
Name \x: '[2]CMA DATA'!#REF!
Name \y: '[2]CMA DATA'!#REF!
Name \y: '[2]CMA DATA'!#REF!
Name \y: '[2]CMA DATA'!#REF!
Name \y: '[2]CMA DATA'!#REF!
Name \Z: #REF!
Name \Z: #REF!

Sheet PL
A1: =BS!A1 -> 1908 E-Ventures Private Limited
A2: Statement of Profit and Loss
A3: For the year ended 31st March, 2024
A4: =BS!A3 -> [Currency: Indian Rupees(Rs.'000)]
B6: Particulars | C6: Notes | D6: 2023-24 | E6: Half year ended 30 September 2023 | F6: 2022-23 | G6: 2021-2022
B8: Revenue from operations | C8: =Notes!A419 -> 25 | D8: =ROUND(Notes!C424,0) -> 15762039 | E8: =ROUND(Notes!D424,0) -> 11010719 | F8: =ROUND(Notes!E424,0) -> 64296378 | G8: =ROUND(Notes!F424,0) -> 64459893
B9: Other income | C9: =Notes!A426 -> 26 | D9: =ROUND(Notes!C438,0) -> 14523522 | E9: =ROUND(Notes!D438,0) -> 8794319 | F9: =ROUND(Notes!E438,0) -> 2795332 | G9: =ROUND(Notes!F438,0) -> 1777548 | L9: 53423522 | N9: =D9-L9 -> -38900000
B10: Total income | D10: =SUM(D8:D9) -> 30285561 | E10: =SUM(E8:E9) -> 19805038 | F10: =SUM(F8:F9) -> 67091710 | G10: =SUM(G8:G9) -> 66237441 | N10: 38900000
N11: =SUM(N9:N10) -> 0
B12: Expenses
B13: Purchases of Stock-in-Trade | C13: =Notes!A440 -> 27 | D13: =ROUND(Notes!C444,0) -> -217287 | E13: =ROUND(Notes!D444,0) -> -1757563 | F13: =ROUND(Notes!E444,0) -> 49863845 | G13: =ROUND(Notes!F444,0) -> 56229180
B14: Changes in inventories | C14: =Notes!A446 -> 28 | D14: =ROUND(Notes!C455,0) -> 28060951 | E14: =ROUND(Notes!D455,0) -> 15398308 | F14: =ROUND(Notes!E455,0) -> -1787249 | G14: =ROUND(Notes!F455,0) -> -9464613
B15: Employee benefits expense | C15: =+Notes!A457 -> 29 | D15: =ROUND(Notes!C466,0) -> 6196997 | E15: =ROUND(Notes!D466,0) -> 6014031 | F15: =ROUND(Notes!E466,0) -> 21592535 | G15: =ROUND(Notes!F466,0) -> 17938915
B16: Finance costs | C16: =+Notes!A468 -> 30 | D16: =ROUND(Notes!C475,0) -> 1594982 | E16: =ROUND(Notes!D475,0) -> 457988 | F16: =ROUND(Notes!E475,0) -> 395272 | G16: =ROUND(Notes!F475,0) -> 4585229
B17: Depreciation and amortisation expense | C17: =Notes!A477 -> 31 | D17: =ROUND(Notes!C483,)+('FA sch'!I23+'FA sch'!I58)*0 -> 2370544 | E17: ='PL Grouping'!AC358 -> 1554693.5 | F17: =ROUND(Notes!E483,0) -> 3854623 | G17: =ROUND(Notes!F483,0) -> 1350262 | I17: 303131 | J17: =F17-I17 -> 3551492
B18: Other expenses | C18: =Notes!A485 -> 32 | D18: =ROUND(Notes!C517,0) -> 11406995 | E18: =ROUND(Notes!D517,0) -> 7644456 | F18: =ROUND(Notes!E517,0) -> 62532317 | G18: =ROUND(Notes!F517,0) -> 55713860
B19: Total expenses | D19: =SUM(D13:D18) -> 49413182 | E19: =SUM(E13:E18)+2 -> 29311916 | F19: =SUM(F13:F18)+2 -> 136451345 | G19: =SUM(G13:G18)+6 -> 126352839
B21: Profit before exceptional items and tax | D21: =D10-D19 -> -19127621 | E21: =E10-E19 -> -9506877.5 | F21: =F10-F19 -> -69359635 | G21: =G10-G19-1 -> -60115399
B22: Exceptional items | C22: ='Notes 43 to 48'!A22 -> 45 | D22: =-'Notes 43 to 48'!F26*-1 -> 38286826 | E22: 0 | F22: 0 | G22: 0
B23: Profit before tax | D23: =SUM(D21:D22) -> 19159205 | E23: =SUM(E21:E22) -> -9506877.5 | F23: =SUM(F21:F22) -> -69359635 | G23: =SUM(G21:G22) -> -60115399
B24: Tax expense
B25: (1) Current tax | D25: 0 | E25: 0 | F25: 0 | G25: 0
B26: (2) Deferred tax asset/(liability) | D26: =-Notes!C23 -> -7416129 | E26: -7416129 | F26: =ROUND('Deferred tax 22-23'!G14,)-4 -> -749317 | G26: 0 | I26: PY
B27: Profit for the year | D27: =D23+D25+D26 -> 11743076 | E27: =E23+E25+E26-4 -> -16923010 | F27: =F23+F25+F26-4 -> -70108956 | G27: =G23-G25+G26 -> -60115399 | H27: ='PL Grouping'!AC385-7416133 -> -15346694 | I27: -60115259
H28: =E27-H27 -> -1576316.5 | I28: =G27-I27 -> -140
B29: Other comprehensive income:
B30: Items that will not be reclassified to profit or loss | H30: =SUM(H28:H29) -> -1576316.5
B31: Remeasurement of net defined benefit liability | D31: =-'PL Grouping'!AJ363 -> 0 | E31: =-'PL Grouping'!AK363 -> 0 | F31: =-'PL Grouping'!AL363 -> -42449 | G31: =ROUND('PL Grouping'!AM361,0) -> -1661 | I31: -42449
B32: Income tax relating to items not reclassified | D32: 0 | E32: 0 | F32: 0 | G32: 0
B33: Items that will be reclassified subsequently to profit or loss | D33: 0 | E33: 0 | F33: 0 | G33: 0
B34: Income tax relating to items that will be reclassified | D34: 0 | E34: 0 | F34: 0 | G34: 0
B36: Total comprehensive income for the year | D36: =+D27+D31+D32+D34 -> 11743076 | E36: =+E27+E31+E32+E34 -> -16923010 | F36: =+F27+F31+F32+F34 -> -70151405 | G36: =+G27+G31+G32+G34 -> -60117060
B38: Earnings per share | C38: =Notes!A519 -> 33
B39: Basic earnings (loss) per share | D39: =Notes!C527 -> 1.9507941 | E39: =Notes!D527 -> -2.8113 | F39: =Notes!E527 -> -11.79439 | G39: =Notes!F527 -> -10.11318
B40: Diluted earnings (loss) per share | D40: =+Notes!C528 -> 1.9507941 | E40: =+Notes!D528 -> -2.8113 | F40: =+Notes!E528 -> -11.79439 | G40: =+Notes!F528 -> -10.11318
B42: The accompanying notes are integral part of the financial statements (all amounts in rupees)
C43: =BS!C56 -> 1 to 48
B44: In terms of our report on even date attached
B47: For Sunil Modi & Co | C47: For and on behalf of the Board of Directors
B48: Chartered Accountants
B49: Firm Registration No. 142806W
B53: Sunil Modi | C53: =+BS!C63 -> Deep A. Lalvani | F53: =+BS!F63 -> Jatin D. Pokarne
B54: Partner | C54: =+BS!C64 -> Chairman | F54: =+BS!F64 -> Director
B55: Membership No. 042562 | C55: =+BS!C65 -> DIN: 01771000 | F55: =+BS!F65 -> DIN: 10205733
B56: =+BS!B66 -> Place : Mumbai | C56: =+BS!C66 -> Place : Mumbai | F56: =+BS!F66 -> Place : Mumbai
B57: =+BS!B67 -> Date : 8th May, 2024 | C57: =+BS!C67 -> Date : 8th May, 2024 | F57: =+BS!F67 -> Date : 8th May, 2024

Sheet BS
A1: 1908 E-Ventures Private Limited
A2: Balance Sheet as at 31st March, 2024
A3: [Currency: Indian Rupees(Rs.'000)]
B5: Particulars | C5: Notes | D5: As at 31st March 2024 | E5: As at 30 Sep 2023 | F5: As at 31st March, 2023 | G5: As at 31st March, 2022 | H5: 31.3.2021 | I5: 31.3.2020
A6: I | B6: ASSETS
A8: (1) | B8: Non-current assets
B9: (a) Property, Plant and Equipment | C9: =LEFT('FA prev year'!A5,1) -> 3 | D9: ='FA sch'!M23 -> 179690.05 | E9: ='FA sep'!M23 -> 636036 | F9: =+'FA prev year'!M23 -> 989268 | G9: =ROUND('FA prev year'!M42,0) -> 961711 | H9: 738252 | I9: 694465 | K9: 19057258 | L9: =F9+F10 -> 15634555 | Q9: ='BS Grouping'!K109 -> 12815438 | R9: =D9+D10 -> 12815438
B10: (b) Intangible assets | C10: =LEFT('FA prev year'!A5,1) -> 3 | D10: ='FA sch'!M58 -> 12635748 | E10: ='FA sep'!M58 -> 13305604 | F10: =+'FA prev year'!M58 -> 14645287 | G10: =ROUND('FA prev year'!M74,0) -> 17173261 | H10: 5561878 | I10: 104763 | K10: 0 | L10: =K9-L9 -> 3422702.8 | R10: =Q9-R9 -> -0.48
B11: (c) Right-of-use asset | C11: =+Notes!A5 -> 4 | D11: =ROUND(Notes!C18,0) -> 0 | E11: =ROUND(Notes!D18,0) -> 0 | F11: =ROUND(Notes!E18,0) -> 569719 | G11: =+Notes!F18 -> 872850 | H11: 0 | L11: =PL!J17 -> 3551492
B12: (d) Deferred tax Assets (Net) | C12: =Notes!A20 -> 5 | D12: =ROUND(Notes!C33,0) -> 0 | E12: =ROUND(Notes!D33,0) -> 0 | F12: =ROUND(Notes!E33,0) -> 7416129 | G12: =ROUND(Notes!F33,0) -> 8165446 | H12: 8165446 | I12: 8165446 | L12: =L10-L11 -> -128789.22
B13: (e) Non-current financial assets
B14: (i) Investments | C14: =Notes!A47 -> 6 | D14: =ROUND(Notes!C55,0) -> 0 | E14: =ROUND(Notes!D55,0) -> 0 | F14: =ROUND(Notes!E55,0) -> 40000 | G14: 0 | O14: sep
B15: (ii) Other financial assets | C15: =Notes!A58 -> 7 | D15: =ROUND(Notes!C65,0) -> 0 | E15: =ROUND(Notes!D65,0) -> 140338 | F15: =ROUND(Notes!E65,0) -> 404970 | G15: =ROUND(Notes!F65,0) -> 257339 | H15: 252378 | I15: 474594 | P15: Ok
B16: (f) Other non-current tax assets | C16: =Notes!A68 -> 8 | D16: =ROUND(Notes!C73,0) -> 44148 | E16: =ROUND(Notes!D73,0) -> 159162 | F16: =ROUND(Notes!E73,0) -> 164666 | G16: =ROUND(Notes!F73,0) -> 51405 | H16: 138253 | I16: 458647 | P16: Ok
B17: (g) Other non-current assets | C17: =Notes!A75 -> 9 | D17: =ROUND(Notes!C80,0) -> 0 | E17: =ROUND(Notes!D80,0) -> 0 | F17: =ROUND(Notes!E80,0) -> 12351 | G17: =ROUND(Notes!F80,0) -> 27088 | H17: 11004 | I17: 15133 | O17: =(F17-D17)+(F16-D16)+(F15-D15) -> 537839 | P17: Ok
D18: =SUM(D9:D17) -> 12859586 | E18: =SUM(E9:E17) -> 14241140 | F18: =SUM(F9:F17)+10 -> 24242400 | G18: =SUM(G9:G17) -> 27509100 | H18: =SUM(H9:H17) -> 14867211 | I18: =SUM(I9:I17) -> 9913048
A19: (2) | B19: Current assets
B20: (a) Inventories | C20: =Notes!A82 -> 10 | D20: =ROUND(Notes!C87,0) -> 0 | E20: =ROUND(Notes!D87,0) -> 12662643 | F20: =ROUND(Notes!E87,0) -> 28060951 | G20: =ROUND(Notes!F87,0) -> 26273701 | H20: 16809604 | I20: 7412151 | O20: =D20-F20 -> -28060951 | P20: Ok | Q20: 28023073 | R20: =F20-Q20 -> 37878.34
B21: (b) Financial Assets
B22: (i) Trade receivables | C22: =Notes!A90 -> 11 | D22: =ROUND(Notes!C98,0) -> 16202 | E22: =ROUND(Notes!D98,0) -> 3072116 | F22: =ROUND(Notes!E98,0) -> 2662259 | G22: =ROUND(Notes!F98,0) -> 4706908 | H22: 4961318 | I22: 3465198 | O22: =D22-F22 -> -2646057 | P22: Ok
B23: (ii) Cash and cash equivalents | C23: =Notes!A133 -> 12 | D23: =ROUND(Notes!C144,0) -> 471884 | E23: =ROUND(Notes!D144,0) -> 2793221 | F23: =ROUND(Notes!E144,0) -> 43169 | G23: =ROUND(Notes!F144,0) -> 41102092 | H23: 212620 | I23: 895556
B24: (iii) Other current financial assets | C24: =Notes!A146 -> 13 | D24: =ROUND(Notes!C153,0) -> 25019 | E24: =ROUND(Notes!D153,0) -> 3679 | F24: =ROUND(Notes!E153,0) -> 3679 | G24: =ROUND(Notes!F153,0) -> 93710 | H24: 16949 | I24: 181851 | O24: =D24-F24 -> 21340 | P24: Ok
B25: (c) Other current assets | C25: =Notes!A155 -> 14 | D25: =ROUND(Notes!C162,0) -> 19062967 | E25: =ROUND(Notes!D162,0) -> 22955144 | F25: =ROUND(Notes!E162,0) -> 24937381 | G25: =ROUND(Notes!F162,0) -> 18652192 | H25: 8986308 | I25: 3865479 | O25: =D25-F25 -> -5874414 | P25: Ok
D26: =SUM(D20:D25) -> 19576072 | E26: =SUM(E20:E25) -> 41486803 | F26: =SUM(F20:F25)+2 -> 55707441 | G26: =SUM(G20:G25) -> 90828603 | H26: =SUM(H20:H25) -> 30986799 | I26: =SUM(I20:I25) -> 15820235 | O26: =SUM(O24:O25) -> -5853074 | P26: Ok
B28: Total Assets | D28: =D18+D26 -> 32435658 | E28: =E18+E26 -> 55727944 | F28: =F18+F26 -> 79949841 | G28: =G18+G26+2 -> 118337705 | H28: =H18+H26 -> 45854010 | I28: =I18+I26 -> 25733283 | J28: ='BS Grouping'!AC209 -> 58745966
A30: II | B30: EQUITY AND LIABILITIES | J30: =J28-E28 -> 3018022.1
B32: Equity
B33: (a) Equity Share capital | C33: =Notes!A164 -> 15 | D33: =SOCE!E14 -> 60196390 | E33: =SOCE!E14 -> 60196390 | F33: =ROUND(SOCE!G14,0) -> 59945140 | G33: =SOCE!I14 -> 59442630 | H33: 31993290 | I33: 18041150
B34: (b) Other Equity | C34: =Notes!A301 -> 16 | D34: =SOCE!G29 -> -35026408 | E34: =SOCE!G41 -> -63692498 | F34: =SOCE!G54 -> -49018174 | G34: =ROUND(Notes!F316,0) -> 16635768 | H34: -62793926 | I34: -57152023 | O34: 26675356 | P34: =O34-D35 -> 1505374
D35: =SUM(D33:D34) -> 25169982 | E35: =SUM(E33:E34) -> -3496107.5 | F35: =SUM(F33:F34) -> 10926966 | G35: =SUM(G33:G34) -> 76078398 | H35: =SUM(H33:H34) -> -30800636 | I35: =SUM(I33:I34) -> -39110873 | K35: ='BS Grouping'!AC11+'BS Grouping'!AC15 -> -1372275
B36: LIABILITIES | K36: =E35-K35 -> -2123832.5
A37: (1) | B37: Non-current liabilities
B38: (a) Financial Liabilities
B39: (i) Lease liabilities | C39: =Notes!A318 -> 17 | D39: =ROUND(Notes!C321,) -> 0 | E39: =ROUND(Notes!D321,) -> 0 | F39: =ROUND(Notes!E321,) -> 275494 | G39: =ROUND(Notes!F321,) -> 601532 | H39: 0
B40: (ii) Long-term borrowings | C40: =C39+1 -> 18 | D40: =Notes!C332 -> 0 | E40: =Notes!D332 -> 25500000 | F40: 0 | H40: 30821780 | I40: 22397242 | O40: separate
B41: (b) Long-term provisions | C41: =Notes!A334 -> 19 | D41: =ROUND(Notes!C340,0) -> 0 | E41: =ROUND(Notes!D340,0) -> 1447031 | F41: =ROUND(Notes!E340,0) -> 2213525 | G41: =ROUND(Notes!F340,0) -> 1657085 | H41: 1233428 | I41: 1023460 | O41: =D41-F41 -> -2213525
D42: =SUM(D39:D41) -> 0 | E42: =SUM(E39:E41) -> 26947031 | F42: =SUM(F39:F41) -> 2489019 | G42: =SUM(G39:G41) -> 2258617 | H42: =SUM(H39:H41) -> 32055208 | I42: =SUM(I39:I41) -> 23420702
A43: (2) | B43: Current liabilities
B44: (a) Financial Liabilities
B45: (i) Lease liabilities | C45: =+C39 -> 17 | D45: =ROUND(Notes!C322,) -> 0 | E45: =ROUND(Notes!D322,) -> 0 | F45: =ROUND(Notes!E322,) -> 326038 | G45: =ROUND(Notes!F322,) -> 274741 | H45: 0
B46: (ii) Short-term borrowings | C46: =+Notes!A342 -> 20 | D46: =ROUND(Notes!C355,0) -> 0 | E46: =ROUND(Notes!D355,0) -> 592864 | F46: =ROUND(Notes!E355,0) -> 15311609 | G46: =ROUND(Notes!F355,0) -> 2843006 | H46: 25796419 | I46: 27380316 | O46: separate
B47: (iii) Other trade payables | C47: =+Notes!A359 -> 21 | O47: =D47-F47 -> 0
B48: Total outstanding dues to micro and small enterprises | D48: =ROUND(Notes!C362,0) -> 212179 | E48: =ROUND(Notes!D362,0) -> 0 | F48: =ROUND(Notes!E362,0) -> 21277182 | G48: =ROUND(Notes!F362,0) -> 5514596 | H48: 989511 | I48: 10733022 | O48: =D48-F48 -> -21065003
B49: Total outstanding dues to creditors other than micro and small enterprises | D49: =ROUND(Notes!C363,0) -> 6767567 | E49: =ROUND(Notes!D363,0) -> 31111996 | F49: =ROUND(Notes!E363,0) -> 27088910 | G49: =ROUND(Notes!F363,0) -> 29121860 | H49: 15005574 | O49: =D49-F49 -> -20321343
B50: (iv) Other current financial liabilities | C50: =Notes!A385 -> 22 | D50: =ROUND(Notes!C394,0) -> 285928 | E50: =ROUND(Notes!D394,0) -> 521099 | F50: =ROUND(Notes!E394,0) -> 1893151 | G50: =ROUND(Notes!F394,0) -> 1762027 | H50: 2451712 | I50: 3048239 | O50: =D50-F50 -> -1607223
B51: (b) Short-term provisions | C51: =Notes!A396 -> 23 | D51: =ROUND(Notes!C403,0) -> 0 | E51: =ROUND(Notes!D403,0) -> 51053 | F51: =ROUND(Notes!E403,0) -> 636960 | G51: =ROUND(Notes!F403,0) -> 484448 | H51: 356221 | I51: 261877 | O51: =D51-F51 -> -636960
D52: =SUM(D44:D51)+5 -> 7265679 | E52: =SUM(E44:E51)+1 -> 32277013 | F52: =SUM(F44:F51)+1 -> 66533851 | G52: =SUM(G44:G51)+9 -> 40000687 | H52: =SUM(H44:H51) -> 44599437 | I52: =SUM(I44:I51) -> 41423454 | O52: =SUM(O39:O51) -> -45844054
B54: Total Equity and Liabilities | D54: =D42+D52+D35 -> 32435661 | E54: =E42+E52+E35 -> 55727936 | F54: =F42+F52+F35+6 -> 79949842 | G54: =G42+G52+G35+5 -> 118337707 | H54: =H42+H52+H35 -> 45854009 | I54: =I42+I52+I35 -> 25733283 | J54: ='BS Grouping'!AC208 -> 57577946 | K54: =E54-J54 -> -1850009.8 | O54: =D54-D28 -> 2.95 | Q54: =E54-E28 -> -7 | R54: =F54-F28 -> 1
B56: The accompanying notes are integral part of the financial statements (all amounts in Rupees Thousands) In terms of our report on even date attached | C56: ="1 to " &'Notes 43 to 48'!A33 -> 1 to 48 | P56: =SOCE!Q54 -> 0
B58: For Sunil Modi & Co | C58: For and on behalf of the Board of Directors | G58: =E54-E28 -> -7 | H58: =F54-F28 -> 1 | I58: =G54-G28 -> 2 | J58: =H54-H28 -> -1 | K58: =I54-I28 -> 0
B59: Chartered Accountants | G59: ='BS Grouping'!U3 -> -280479.28
B60: Firm Registration No. 142806W | G60: =G58-G59 -> 280472.28 | I60: =G59*2 -> -560958.57
B63: Sunil Modi | C63: Deep A. Lalvani | F63: Jatin D. Pokarne
B64: Partner | C64: Chairman | F64: Director
B65: Membership No. 042562 | C65: DIN: 01771000 | F65: DIN: 10205733
B66: Place : Mumbai | C66: =B66 -> Place : Mumbai | F66: =C66 -> Place : Mumbai
B67: Date : 8th May, 2024 | C67: =B67 -> Date : 8th May, 2024 | F67: =C67 -> Date : 8th May, 2024

Sheet Cash flow
A1: =BS!A1 -> 1908 E-Ventures Private Limited
A2: Cash flow statement for the year ended 31st March, 2024
A3: =PL!A4 -> [Currency: Indian Rupees(Rs.'000)]
A4: Particulars | C4: Period ended | D4: Period ended | E4: Year ended | F4: Year ended | I4: Year ended
C5: 31st March 2024 | D5: 30th September, 2023 | E5: 31st March, 2023 | F5: 31st March, 2022 | I5: 31st March, 2022
A6: A. Cash flow from operating activities
A8: Net Profit before tax | C8: =ROUND(PL!D23,0) -> 19159205 | D8: =ROUND(PL!E23,0) -> -9506878 | E8: =ROUND(PL!F23,0) -> -69359635 | F8: =ROUND(PL!G23,0) -> -60115399 | I8: -60115259 | K8: =F8-I8 -> -140 | O8: Ok
A9: Adjustments for: | K9: =F9-I9 -> 0
A10: Depreciation and amortisation expense | C10: =ROUND(PL!D17,0) -> 2370544 | D10: =ROUND(PL!E17,0) -> 1554694 | E10: =ROUND(PL!F17,0) -> 3854623 | F10: =ROUND(PL!G17,0) -> 1350262 | I10: 1350262 | K10: =F10-I10 -> 0 | O10: Ok
A11: Interest income | C11: =ROUND(-(Notes!C430+Notes!C431+Notes!C432),0) -> -11035 | D11: =ROUND(-(Notes!D430+Notes!D431+Notes!D432),0)*0 -> 0 | E11: =ROUND(-(Notes!E430+Notes!E431+Notes!E432),0) -> -21217 | F11: =ROUND(-(Notes!F430+Notes!F431+Notes!F432),0) -> -37675 | I11: -37675 | K11: =F11-I11 -> 0 | O11: Ok
A12: Exchange (Gain)/Loss | C12: =Notes!C494 -> 548910 | D12: =Notes!D494 -> 170163 | E12: =Notes!E494 -> 38077 | F12: =Notes!F494 -> 122301 | I12: 122301 | K12: =F12-I12 -> 0 | O12: Ok
A13: Provision for Gratuity | C13: =ROUND(Notes!C462,0) -> 0 | D13: =ROUND(Notes!D462,0) -> 0 | E13: =ROUND(Notes!E462,0) -> 210410 | F13: =ROUND(Notes!F462,0) -> 188986 | I13: 188986 | K13: =F13-I13 -> 0
A14: Provision for Leave encashment | C14: =ROUND(Notes!C463,0) -> 0 | D14: =ROUND(Notes!D463,0) -> 0 | E14: =ROUND(Notes!E463,0) -> 479272 | F14: =ROUND(Notes!F463,0) -> 493373 | I14: 493373 | K14: =F14-I14 -> 0
A15: Employee stock options | C15: =ROUND(Notes!C464,0) -> 0 | D15: =ROUND(Notes!D464,0) -> 0 | E15: =ROUND(Notes!E464,0) -> 0 | F15: =ROUND(Notes!F464,0) -> 2073850 | I15: 2073850 | K15: =F15-I15 -> 0
A16: Gain on account of lease cancellation | C16: =O19 -> -31813
A17: (Profit)/loss on sale of PPE | C17: =-Notes!C433+Notes!C504 -> 223065 | D17: =-Notes!D433+Notes!D504 -> 5100 | E17: =-Notes!E433+Notes!E504 -> 0 | F17: =-Notes!F433+Notes!F504 -> -2435 | I17: 0 | K17: =F17-I17 -> -2435
A18: Sundry balances written back/written-off | C18: =ROUND(-Notes!C435,0) -> -14100590 | D18: =ROUND(-Notes!D436,0) -> -8706412 | E18: =ROUND(-Notes!E435,0) -> -40825 | F18: =ROUND(-Notes!F435,0) -> -269244 | I18: -269245 | K18: =F18-I18 -> 1
A19: Operating profit before working capital changes | C19: =SUM(C8:C18) -> 8158286 | D19: =SUM(D8:D18)-10 -> -16483343 | E19: =SUM(E8:E18)-10 -> -64839305 | F19: =ROUND(SUM(F8:F18),0) -> -56195981 | I19: -56193407 | K19: =F19-I19 -> -2574 | O19: =BS!F11-BS!F45-BS!F39 -> -31813 | P19: Lease
K20: =F20-I20 -> 0
A21: Adjustment for: | K21: =F21-I21 -> 0
A22: Decrease/ (Increase) in inventories | C22: =-ROUND(BS!O20,0)-10 -> 28060941 | D22: =ROUND(BS!F20-BS!E20,0) -> 15398308 | E22: =ROUND(BS!G20-BS!F20,0) -> -1787250 | F22: =ROUND(BS!H20-BS!G20,0) -> -9464097 | H22: -1787250 | I22: -9464097 | K22: =F22-I22 -> 0
A23: Decrease/ (Increase) in trade receivable | C23: =-ROUND(BS!O22,0)-4 -> 2646053 | D23: =ROUND(BS!F22-BS!E22,0) -> -409857 | E23: =ROUND(BS!G22-BS!F22,0) -> 2044649 | F23: =ROUND(BS!H22-BS!G22,0) -> 254410 | H23: 1998204 | I23: 254410 | K23: =F23-I23 -> 0
A24: Decrease/ (Increase) in long term loans and advances and other receivables | C24: =ROUND(BS!O17,0) -> 537839 | D24: =ROUND(BS!F17-BS!E17+BS!F16-BS!E16+BS!F15-BS!E15,0) -> 282487 | E24: =ROUND(BS!G17-BS!F17+BS!G16-BS!F16+BS!G15-BS!F15,0) -> -246155 | F24: =ROUND(BS!H17-BS!G17+BS!H16-BS!G16+BS!H15-BS!G15,0) -> 65803 | H24: -213062 | I24: 70127 | K24: =F24-I24 -> -4324
A25: Decrease/ (Increase) in other assets and receivables | C25: =-ROUND(BS!O26,0) -> 5853074 | D25: =ROUND(+BS!F25-BS!E25+BS!F24-BS!E24+BS!F11-BS!E11-Notes!D482,0) -> 2551956 | E25: =ROUND(+BS!G25-BS!F25+BS!G24-BS!F24+BS!G11-BS!F11-Notes!E482,0)-8 -> -6195166 | F25: =ROUND(+BS!H25-BS!G25+BS!H24-BS!G24+BS!H11-BS!G11-Notes!F482,0) -> -10652037 | H25: -6228258 | I25: -10656361 | K25: =F25-I25 -> 4324
A26: (Decrease)/Increase in trade and other payables | C26: =BS!O52-C18-C12 -> -32292374 | D26: =(ROUND(BS!E41-BS!F41+BS!E48+BS!E49-BS!F48-BS!F49+BS!E47-BS!F47+BS!E50-BS!F50+BS!E51-BS!F51+BS!E45-BS!F45+BS!E39-BS!F39-D12-'Cash flow'!D13-'Cash flow'!D14-D18+PL!E31,0))+PL!E31*0 -> -12043832 | E26: =(ROUND(BS!F41-BS!G41+BS!F48+BS!F49-BS!G48-BS!G49+BS!F47-BS!G47+BS!F50-BS!G50+BS!F51-BS!G51+BS!F45-BS!G45+BS!F39-BS!G39-E12-'Cash flow'!E13-'Cash flow'!E14-E18+PL!F31,0))+PL!F31*0 -> 13565588 | F26: =ROUND(BS!G41-BS!H41+BS!G48+BS!G49-BS!H48-BS!H49+BS!G47-BS!H47+BS!G50-BS!H50+BS!G51-BS!H51+BS!G45-BS!H45+BS!G39-BS!H39-F12-'Cash flow'!F13-'Cash flow'!F14-F18+PL!G31,0)-30 -> 18842736 | H26: 13998740 | I26: 18842641 | K26: =F26-I26 -> 95
A27: Cash generated from operations | C27: =SUM(C19:C26) -> 12963819 | D27: =SUM(D19:D26) -> -10704281 | E27: =SUM(E19:E26)-10 -> -57457649 | F27: =SUM(F19:F26) -> -57149166 | I27: -57146687 | K27: =F27-I27 -> -2479
A28: Income tax refund/(paid) | C28: 0 | D28: 0 | E28: 0 | F28: 0 | I28: 0 | K28: =F28-I28 -> 0
A29: Net cash (used in)/ generated from operating activities | C29: =SUM(C27:C28) -> 12963819 | D29: =SUM(D27:D28) -> -10704281 | E29: =SUM(E27:E28) -> -57457649 | F29: =ROUND(SUM(F27:F28),0) -> -57149166 | I29: -57146687 | K29: =F29-I29 -> -2479
A30: B. Cash flow from investing activities | K30: =F30-I30 -> 0
A31: Acquisition of fixed assets and capital work in progress | C31: 0 | D31: =ROUND(-'FA prev year'!C58-'FA prev year'!C23,0) -> 0 | E31: =ROUND(-'FA prev year'!D58-'FA prev year'!D23,0) -> -1093843 | F31: =ROUND(-'FA prev year'!D42-'FA prev year'!D69,0) -> -13151127 | I31: -13151127 | K31: =F31-I31 -> 0
A32: Purchase/(Sale) of investments | C32: =D32 -> 40000 | D32: =-E32 -> 40000 | E32: =-BS!G14-BS!F14 -> -40000 | F32: 0
A33: Proceeds from sale of PPE | C33: ='FA sch'!F23-'FA sch'!K23+Notes!C433-Notes!C504 -> 225517.95 | D33: ='FA sep'!F23-'FA sep'!K23-Notes!D504+23 -> 133144 | E33: =ROUND('FA prev year'!F23-'FA prev year'!K23-E17,0) -> 42768 | F33: ='FA prev year'!F42+'FA prev year'!F74-'FA prev year'!K42-'FA prev year'!K74-F17 -> 5000 | I33: 2565 | K33: =F33-I33 -> 2435
A34: Interest income on fixed deposits and other advances | C34: =ROUND(-C11,0) -> 11035 | D34: =ROUND(-D11,0) -> 0 | E34: =ROUND(-E11,0) -> 21217 | F34: =ROUND(-F11,0) -> 37675 | I34: 37675 | K34: =F34-I34 -> 0
A35: Net cash (used in)/ generated from investing activities | C35: =SUM(C31:C34)+5 -> 276557.95 | D35: =SUM(D31:D34) -> 173144 | E35: =SUM(E31:E34)+4 -> -1069854 | F35: =ROUND(SUM(F31:F34),0) -> -13108452 | I35: -13110887 | K35: =F35-I35 -> 2435
A36: C. Cash flow from financing activities | K36: =F36-I36 -> 0
A37: Proceeds from issuance of Debentures | C37: =ROUND(BS!C40-BS!E40,0)*0 -> 0 | D37: =ROUND(BS!E40-BS!F40,0)*0 -> 0 | E37: =ROUND(BS!F40-BS!G40,0)*0 -> 0 | F37: 0 | I37: 0 | K37: =F37-I37 -> 0
A38: Proceeds from issuance of Inter corporate deposits | C38: =BS!D40 -> 0 | D38: =BS!E40 -> 25500000 | E38: 0 | F38: 2678186 | I38: 2678186 | K38: =F38-I38 -> 0
A39: Proceeds from issuance of Equity shares | C39: =D39 -> 2499937 | D39: =SOCE!E11+SOCE!E35 -> 2499937 | E39: =ROUND(SOCE!G11+SOCE!G10+SOCE!E48,0) -> 4999975 | F39: 131422306 | I39: 131422306 | K39: =F39-I39 -> 0
A40: Proceeds from Short term borrowings | C40: =ROUND(BS!D46-BS!F46,0) -> -15311609 | D40: =ROUND(BS!E46-BS!F46,0) -> -14718745 | E40: =ROUND(BS!F46-BS!G46,0) -> 12468603 | F40: =ROUND(BS!G46-BS!H46,0) -> -22953413 | I40: -22953413 | K40: =F40-I40 -> 0
A41: Net cash (used in)/ generated from financing activities | C41: =SUM(C37:C40) -> -12811672 | D41: =SUM(D37:D40) -> 13281192 | E41: =SUM(E37:E40) -> 17468578 | F41: =SUM(F37:F40)+6 -> 111147085 | I41: 111147079 | K41: =F41-I41 -> 6
K42: =F42-I42 -> 0
A43: Net (decrease)/ increase in cash and cash equivalents (A+B+C) | C43: =ROUND(C41+C35+C29,0) -> 428705 | D43: =ROUND(D41+D35+D29,0)-10 -> 2750045 | E43: =ROUND(E41+E35+E29,0)+4 -> -41058921 | F43: =F41+F35+F29 -> 40889467 | I43: 40889505 | J43: =+(7550000-5999994) -> 1550006 | K43: =F43-I43 -> -38
A44: Cash and cash equivalents as at the beginning of year | C44: =ROUND(E50,0) -> 43169 | D44: =ROUND(E45,0) -> 43165 | E44: =ROUND(F45,0) -> 41102086 | F44: 212619 | I44: 212619 | K44: =F44-I44 -> 0
A45: Cash and cash equivalents at the end of year | C45: =+C43+C44+10 -> 471884 | D45: =+D43+D44 -> 2793210 | E45: =+E43+E44 -> 43165 | F45: =+F43+F44 -> 41102086 | I45: 41102124 | J45: =J43+J44+E41 -> 19018584 | K45: =F45-I45 -> -38
J46: =BS!I33+BS!I34 -> -39110873 | K46: =F46-I46 -> 0
A47: Components of cash and cash equivalents (Also, refer note 12) | J47: =J45-J46 -> 58129457 | K47: =F47-I47 -> 0
A48: Cash in hand | C48: =ROUND(Notes!C138,0) -> 143666 | D48: =ROUND(Notes!D138,0) -> 9085 | E48: =ROUND(Notes!E138,0) -> 11768 | F48: =ROUND(Notes!F138,0) -> 10191 | I48: 10191 | J48: =J47+I35 -> 45018570 | K48: =F48-I48 -> 0
A49: Balance with scheduled banks in current accounts | C49: =ROUND(Notes!C137,0) -> 328208 | D49: =ROUND(Notes!D137,0) -> 2784126 | E49: =ROUND(Notes!E137,0) -> 31401 | F49: =ROUND(Notes!F137,0) -> 41091901 | I49: 41091901 | K49: =F49-I49 -> 0
A50: Total | C50: =SUM(C48:C49)+10 -> 471884 | D50: =SUM(D48:D49)+5 -> 2793216 | E50: =SUM(E48:E49) -> 43169 | F50: =SUM(F48:F49) -> 41102092 | H50: =E50-E45 -> 4 | I50: =F50-F45 -> 6 | K50: =F50-I50 -> 41102086
H51: =E45-E50 -> -4 | K51: =F51-I51 -> 0 | N51: =+C45-C50 -> 0 | O51: =+D45-D50 -> -6 | P51: =+C45-C50 -> 0 | R51: =P51/1000 -> 0
A52: This is the Cash flow statement referred to in our audit report of even date | F52: =E45-E50 -> -4 | K52: =F52-I52 -> -4
F53: =D50-D45 -> 6 | H53: =H50-H52 -> 4 | K53: =F53-I53 -> 6
A54: =PL!B47 -> For Sunil Modi & Co | B54: =PL!C47 -> For and on behalf of the Board of Directors | K54: =F54-I54 -> 0
A55: =PL!B48 -> Chartered Accountants | K55: =F55-I55 -> 0
A56: =PL!B49 -> Firm Registration No. 142806W | K56: =F56-I56 -> 0
K57: =F57-I57 -> 0
K58: =F58-I58 -> 0
A59: =PL!B53 -> Sunil Modi | B59: =+BS!C63 -> Deep A. Lalvani | E59: =+BS!F63 -> Jatin D. Pokarne | F59: =+BS!G63 -> 0 | K59: =F59-I59 -> 0
A60: =PL!B54 -> Partner | B60: =+BS!C64 -> Chairman | E60: =+BS!F64 -> Director | F60: =+BS!G64 -> 0 | K60: =F60-I60 -> 0
A61: =PL!B55 -> Membership No. 042562 | B61: =+BS!C65 -> DIN: 01771000 | E61: =+BS!F65 -> DIN: 10205733 | F61: =+BS!G65 -> 0 | K61: =F61-I61 -> 0
A62: =+BS!B66 -> Place : Mumbai | B62: =+BS!C66 -> Place : Mumbai | E62: =+BS!F66 -> Place : Mumbai
A63: =+BS!B67 -> Date : 8th May, 2024 | B63: =+BS!C67 -> Date : 8th May, 2024 | E63: =+BS!F67 -> Date : 8th May, 2024

Sheet SOCE
A1: =BS!A1 -> 1908 E-Ventures Private Limited
A2: Statement of Changes in Equity
A3: =PL!A3 -> For the year ended 31st March, 2024
A4: =BS!A3 -> [Currency: Indian Rupees(Rs.'000)]
A6: A. Equity share capital
A7: Particulars | D7: 2023-24 | F7: 2022-23 | H7: 2021-22
D8: Number of Shares | E8: Amount in Rupees | F8: Number of Shares | G8: Amount in Rupees | H8: Number of Shares | I8: Amount in Rupees
A9: Opening Balance | D9: =+F14 -> 5994514 | E9: =D9*10 -> 59945140 | F9: =+H14 -> 5944263 | G9: =F9*10 -> 59442630 | H9: 3199329 | I9: 31993290
A10: Add: Shares issued on exercise of employee stock options during the year | E10: =+D10*10 -> 0 | G10: =+F10*10 -> 0 | H10: 37000 | I10: 370000
A11: Add: Shares issued on private placement | D11: 25125 | E11: =+D11*10 -> 251250 | F11: 50251 | G11: =+F11*10 -> 502510 | H11: 1894732 | I11: 18947320
A12: Add: Shares issued on conversion of Convertible debenture during the year | E12: =+D12*10 -> 0 | G12: =+F12*10 -> 0 | H12: 457142 | I12: 4571420
A13: Add: Shares issued on conversion of ICD/Loan during the year | E13: =+D13*10 -> 0 | G13: =+F13*10 -> 0 | H13: 356060 | I13: 3560600 | L13: =194529139-118487682 -> 76041457
A14: Balance as at the end of the year | D14: =SUM(D9:D13) -> 6019639 | E14: =SUM(E9:E13) -> 60196390 | F14: =SUM(F9:F13) -> 5994514 | G14: =SUM(G9:G13) -> 59945140 | H14: =SUM(H9:H13) -> 5944263 | I14: =SUM(I9:I13) -> 59442630 | L14: =+G54+G14 -> 10926966
A17: B. Other equity
A18: Particulars | D18: Reserves and surplus | G18: Total equity | L18: =#REF!-#REF! -> #REF! | M18: 149599 | N18: b
D19: Retained earnings | E19: Securities premium | F19: Employee share options (net) | M19: 335985 | N19: d4
D20: Rs. | E20: Rs. | F20: Rs. | G20: Rs. | M20: =SUM(M18:M19) -> 485584
A21: Balance as at 1 April 2023 | D21: =D54 -> -226210233 | E21: =E54 -> 177192059 | F21: =F54 -> 0 | G21: =SUM(D21:F21) -> -49018174 | K21: ='BS Grouping'!AC1+'BS Grouping'!#REF!-'BS Grouping'!#REF! -> #REF! | M21: =+L18+M20 -> #REF!
A22: Profit for the year | D22: =PL!D27 -> 11743076 | E22: 0 | F22: 0 | G22: =SUM(D22:F22) -> 11743076 | K22: =G21-K21 -> #REF!
A23: Issue of equity shares | D23: 0 | E23: =2248680 -> 2248680 | F23: 0 | G23: =SUM(D23:F23) -> 2248680
A24: Transfer from/to general reserve/retained earnings during the year | D24: 0 | E24: 0 | F24: 0 | G24: =SUM(D24:F24) -> 0 | K24: 202676507
A25: Employee stock options (net) | D25: 0 | E25: 0 | F25: 0 | G25: =SUM(D25:F25) -> 0 | K25: =42152481-4500393 -> 37652088
A26: Other comprehensive income | D26: 0 | E26: 0 | F26: 0 | G26: =SUM(D26:F26) -> 0 | K26: =('BS Grouping'!W3+'BS Grouping'!Y3+'BS Grouping'!AA3)*-1 -> -3.34
K27: =SUM(K24:K26) -> 2.4032859e+08
A28: Total comprehensive income for the year | D28: =SUM(D22:D26) -> 11743076 | E28: =SUM(E22:E26) -> 2248680 | F28: =SUM(F22:F26) -> 0 | G28: =SUM(G22:G26) -> 13991756 | K28: =D29 -> -214467147
A29: Balance as at 31st March 2024 | D29: =D28+D21+10 -> -214467147 | E29: =E28+E21 -> 179440739 | F29: =F28+F21 -> 0 | G29: =G28+G21+10 -> -35026408 | K29: =SUM(K27:K28) -> 25861445 | L29: =G29+#REF! -> #REF!
A30: Particulars | D30: Reserves and surplus | G30: Total equity | L30: =L1-L2 -> 0 | M30: 149599 | N30: b
D31: Retained earnings | E31: Securities premium | F31: Employee share options (net) | M31: 335985 | N31: d4
D32: Rs. | E32: Rs. | F32: Rs. | G32: Rs. | M32: =SUM(M30:M31) -> 485584
A33: Balance as at 1 April 2023 | D33: =D54 -> -226210233 | E33: =E54 -> 177192059 | F33: =F54 -> 0 | G33: =SUM(D33:F33) -> -49018174 | K33: ='BS Grouping'!AC13+'BS Grouping'!AC11-'BS Grouping'!AC7 -> -46195330 | M33: =+L30+M32 -> 485584
A34: Profit for the year | D34: =PL!E27 -> -16923010 | E34: 0 | F34: 0 | G34: =SUM(D34:F34) -> -16923010 | K34: =G33-K33 -> -2822844
A35: Issue of equity shares | D35: 0 | E35: 2248687 | F35: 0 | G35: =SUM(D35:F35) -> 2248687
A36: Transfer from/to general reserve/retained earnings during the year | D36: 0 | E36: 0 | F36: 0 | G36: =SUM(D36:F36) -> 0 | K36: 202676507
A37: Employee stock options (net) | D37: 0 | E37: 0 | F37: 0 | G37: =SUM(D37:F37) -> 0 | K37: =42152481-4500393 -> 37652088
A38: Other comprehensive income | D38: 0 | E38: 0 | F38: 0 | G38: =SUM(D38:F38) -> 0 | K38: =('BS Grouping'!W15+'BS Grouping'!Y15+'BS Grouping'!AA15)*-1 -> 1171978.7
K39: =SUM(K36:K38) -> 2.4150057e+08
A40: Total comprehensive income for the year | D40: =SUM(D34:D38) -> -16923010 | E40: =SUM(E34:E38) -> 2248687 | F40: =SUM(F34:F38) -> 0 | G40: =SUM(G34:G38) -> -14674324 | K40: =D41 -> -2.4313324e+08
A41: Balance as at 30 Sep 2023 | D41: =D40+D33 -> -2.4313324e+08 | E41: =E40+E33 -> 179440746 | F41: =F40+F33 -> 0 | G41: =G40+G33 -> -63692498 | K41: =SUM(K39:K40) -> -1632669.8 | L41: =G41+E2 -> -63692498
A43: Particulars | D43: Reserves and surplus | G43: Total equity | L43: =L13-L14 -> 65114491 | M43: 149599 | N43: b
D44: Retained earnings | E44: Securities premium | F44: Employee share options (net) | K44: ='BS Grouping'!U3 -> -280479.28 | M44: 335985 | N44: d4
D45: Rs. | E45: Rs. | F45: Rs. | G45: Rs. | K45: =K44*2 -> -560958.57 | M45: =SUM(M43:M44) -> 485584
A46: Balance as at 1 April 2022 | D46: =+D64 -> -156058722 | E46: =+E64 -> 172694594 | F46: =+F64 -> -106 | G46: =SUM(D46:F46) -> 16635766 | K46: =K41-K45 -> -1071711.3 | M46: =+L43+M45 -> 65600075
A47: Profit for the year | D47: =ROUND(PL!F27,) -> -70108956 | E47: 0 | F47: 0 | G47: =SUM(D47:F47) -> -70108956
A48: Issue of equity shares | D48: 0 | E48: 4497465 | F48: 0 | G48: =SUM(D48:F48) -> 4497465
A49: Transfer from/to general reserve/retained earnings during the year | E49: 0 | F49: =-D49 -> 0 | G49: =SUM(D49:F49) -> 0
A50: Employee stock options (net) | D50: -106 | E50: 0 | F50: 106 | G50: =SUM(D50:F50) -> 0
A51: Other comprehensive income | D51: =ROUND((PL!F31+PL!F32),) -> -42449 | E51: 0 | F51: =PL!H31 -> 0 | G51: =SUM(D51:F51) -> -42449
A53: Total comprehensive income for the year | D53: =SUM(D47:D51) -> -70151511 | E53: =SUM(E47:E51) -> 4497465 | F53: =SUM(F47:F51) -> 106 | G53: =SUM(G47:G51) -> -65653940
A54: Balance as at 31 March 2023 | D54: =D53+D46 -> -226210233 | E54: =E53+E46 -> 177192059 | F54: =F53+F46 -> 0 | G54: =G53+G46 -> -49018174 | L54: =G54+G14 -> 10926966 | P54: -226210233 | Q54: =P54-D54 -> 0
A56: Balance as at 1 April 2021 | D56: -98611789 | E56: 35221692 | F56: 596171 | G56: =SUM(D56:F56) -> -62793926
A57: Profit for the year | D57: =ROUND(PL!G27,) -> -60115399 | E57: 0 | F57: 0 | G57: =SUM(D57:F57) -> -60115399
A58: Issue of equity shares | D58: 0 | E58: 137472902 | F58: 0 | G58: =SUM(D58:F58) -> 137472902
A59: Transfer from/to general reserve/retained earnings during the year | D59: 2670127 | E59: 0 | F59: -2670127 | G59: =SUM(D59:F59) -> 0
A60: Employee stock options (net) | D60: 0 | E60: 0 | F60: 2073850 | G60: =SUM(D60:F60) -> 2073850
A61: Other comprehensive income | D61: =ROUND(PL!G31,) -> -1661 | E61: 0 | F61: 0 | G61: =SUM(D61:F61) -> -1661
A63: Total comprehensive income for the year | D63: =SUM(D57:D62) -> -57446933 | E63: =SUM(E57:E62) -> 137472902 | F63: =SUM(F57:F62) -> -596277 | G63: =SUM(G57:G62) -> 79429692
A64: Balance as at 31 March 2022 | D64: =D56+D63 -> -156058722 | E64: =E56+E63 -> 172694594 | F64: =F56+F63 -> -106 | G64: =G56+G63 -> 16635766 | L64: =G64+I14 -> 76078396
A66: =BS!B56 -> The accompanying notes are integral part of the financial statements (all amounts in Rupees Thousands) In terms of our report on even date attached | L66: 16635692
A71: For Sunil Modi & Co | D71: For and on behalf of the Board of Directors
A72: Chartered Accountants
A73: Firm Registration No. 142806W
A77: Sunil Modi | D77: =+BS!C63 -> Deep A. Lalvani | F77: Jatin D. Pokarne
A78: Partner | D78: =+BS!C64 -> Chairman | F78: Director
A79: Membership No. 042562 | D79: =+BS!C65 -> DIN: 01771000 | F79: DIN: 10205733
A80: =+BS!B66 -> Place : Mumbai | D80: =+BS!C66 -> Place : Mumbai | F80: =D80 -> Place : Mumbai
A81: =+BS!B67 -> Date : 8th May, 2024 | D81: =+BS!C67 -> Date : 8th May, 2024 | F81: =D81 -> Date : 8th May, 2024

Sheet Accounting Policies
A1: ='Cash flow'!A1 -> 1908 E-Ventures Private Limited
A2: Significant accounting policies and other explanatory information for the year ended 31st March, 2024
A3: Notes to the financial statements
A5: 1 | B5: Company information
B6: (a) | C6: 1908 E-Ventures Pvt. Ltd. is a private limited company incorporated under the provision of the Companies Act, 2013. The Company was promoted & incorporated by M/s. J.B. Advani & Company Pvt. Ltd. and M/s. Ador Multiproducts Ltd. on 18th August 2015 to carry on the business to create an e-commerce platform - both website based & mobile application based that will showcase, display and sell multiple brands and provide all e - commerce based trading of consumer goods. 1908 E-Ventures Pvt. Ltd. (‘the Company’) is a private limited company and was incorporated in 2015. The registered and corporate office of the company is situated at 5th floor, Ador House, 6K Dubash Marg, Fort, 6, K Dubash Marg, Kala Ghoda, Fort, Mumbai, Maharashtra 400001.
A8: 2.1 | B8: BASIS OF PREPARATION OF FINANCIAL STATEMENTS
B9: (a) | C9: Basis of preparation and compliance with Ind AS
B10: (i) | C10: The financial statements have been prepared in accordance with the Indian Accounting Standards (referred to as “Ind AS”) prescribed under section 133 of the Companies Act, 2013 read with Companies (Indian Accounting Standards) Rules 2015, as amended and other relevant provisions of the Act.
B11: (ii) | C11: The financial statements have been prepared on a historical cost convention and accrual basis, except for the certain financial assets and liabilities that are measured at fair value and defined benefit plan assets measured at fair values by Ind AS.
B12: (iii) | C12: Fair value is the price that would be received on sale of asset or paid on transfer of liability in an orderly transaction between market participants at the measurement date, regardless of whether that price is directly observable or estimated using another valuation technique. In estimating the fair value of an asset or a liability, the Company takes into account the characteristics of the asset or liability if market participants would take those characteristics into account when pricing the asset or liability at the measurement date.
B13: (iv) | C13: All assets and liabilities have been classified as current or non-current based on the Company’s normal operating cycle for each of its businesses, as per the criteria set out in the Schedule III to the Act.
B14: (v) | C14: The comparative figures included in the standalone financial statements are restated as and when Company absorb or amalgamate the Company by way of merger as per respective NCLT orders.
B15: (v) | C15: These financial statements were authorised and approved for issue by the Board of Directors on 8 May 2024.
B17: (b) | C17: Critical estimates and judgements
B18: (i) | C18: For all periods upto and including the year ended 31 March 2017, the Company prepared its financial statements in accordance with Generally Accepted Accounting Principles in India (IGAAP) and complied with the accounting standards (Previous GAAP) as notified under Section 133 of the Companies Act, 2013 read together with Rule 7 of the Companies (Accounts) Rules, 2014, (as amended), to the extent applicable and the presentation requirements of the Companies Act, 2013.
B19: (ii) | C19: In accordance with the notification issued by the Ministry of Corporate Affairs, the Company has adopted Indian Accounting Standards (Ind AS) notified under Section 133 (as amended) of the Act (collectively, “Ind AS”) with effect from 1 April, 2017.
B20: (b) | C20: Critical estimates and judgements
C21: The preparation of Financial Statements in conformity with Ind AS which requires management to make estimates, assumptions and exercise judgement in applying the accounting policies that affect the reported amount of assets, liabilities and disclosure of contingent liabilities at the date of financial statements and the reported amounts of income and expenses during the year.
C22: The Management believes that these estimates are prudent and reasonable and are based upon the management’s best knowledge of current events and actions. Actual results could differ from these estimates and differences between actual results and estimates are recognised in the periods in which the results are known or materialised.
C23: This note provides an overview of the areas that involved a higher degree of judgement or complexity, and of items which are more likely to be materially adjusted due to estimates and assumptions turning out to be different than those originally assessed.
C24: Useful lives of property, plant and equipment
C25: Property, Plant and Equipment represent a significant proportion of the asset base of the Company . The charge in respect of periodic depreciation is derived after determining an estimate of an asset’s expected useful life and the expected residual value at the end of its life. The useful lives and residual values of Company’s assets are determined by the management at the time the asset is acquired and reviewed periodically, including at each financial year end.
C27: Valuation of deferred tax assets
C28: The Company reviews the carrying amount of deferred tax assets at the end of each reporting period. Significant judgement is involved in arriving at the deferred tax assets and liabilities, which is based on the Company’s current operations and projections for the future.
C30: Defined benefit obligation
C31: The cost of post-employment benefits is determined using actuarial valuations. The actuarial valuation involves making assumptions about discount rates, expected rate of return on assets, future salary increases and mortality rates. Due to the long term nature of these plans such estimates are subject to significant uncertainty. The assumptions used as disclosed in Note 36. | J31: ='Employee benefits Note 36'!A5 -> 36
B32: (c) | C32: Basis of measurement
C33: The Ind AS financial statements have been prepared on a going concern basis using historical cost convention and on an accrual method of accounting, except for certain financial assets and liabilities which have been measured at fair value as described below and defined benefit plans which have been measured at actuarial valuation as required by relevant Ind AS.
C34: Fair value measurement
C35: The Company measures certain financial assets and liabilities at fair value at each balance sheet date. Fair value is the price that would be received to sell an asset or paid to transfer a liability in an orderly transaction between market participants at the measurement date. The fair value measurement is based on the presumption that the transaction to sell the asset or transfer the liability takes place either:
C36: - In the principal market for the asset or liability, or
C37: - In the absence of a principal market, in the most advantageous market for the asset or liability
C38: The principal or the most advantageous market must be accessible by the Company .
C39: The fair value of an asset or a liability is measured using the assumptions that market participants would use when pricing the asset or liability, assuming that market participants act in their economic best interest.
C40: A fair value measurement of a non-financial asset takes into account a market participant’s ability to generate economic benefits by using the asset in its highest and best use or by selling it to another market participant that would use the asset in its highest and best use.
C41: Fair value for measurement and /or disclosure purpose in these financial statements is determined on such a basis, except for leasing transactions that are within the scope of Ind AS 17, and measurements that have some similarities to fair value, such as net realisable value in Ind AS 2 or value in use in Ind AS 36.
C42: The Company uses valuation techniques that are appropriate in the circumstances and for which sufficient data are available to measure fair value, maximising the use of relevant observable inputs and minimising the use of unobservable inputs.
C43: All assets and liabilities for which fair value is measured or disclosed in the financial statements are categorised within the fair value hierarchy, described as follows, based on the lowest level input that is significant to the fair value measurement as a whole:
C44: Level 1 — Quoted (unadjusted) market prices in active markets for identical assets or liabilities
... C47: For the purpose of fair value disclosures, the Company has determined classes of assets and liabilities on the basis of the nature, characteristics and risks of the asset or liability and the level of the fair value hierarchy as explained above.
B48: (d) | C48: Functional and presentation currency
C49: These Ind AS Financial Statements are prepared in Indian Rupee which is the Company’s functional currency.
A51: 2.2 | B51: SIGNIFICANT ACCOUNTING POLICIES
B52: (a) | C52: Income Recognition
B53: (i) | C53: Revenue from sale of goods
C54: Revenue is measured at the fair value of the consideration received or receivable, net of discounts, volume rebates, outgoing sales taxes and other indirect taxes excluding excise duty.
C55: Revenue from sale of goods is recognised when all significant risks and rewards of ownership of the goods sold are transferred to the customer which generally coincides with delivery.
B56: (ii) | C56: Revenue from Services
C57: In contract involving rendering of services, revenue is recognised using the proportionate completion method in line with agreements / arrangements with concerned parties and is net of goods and service tax. Revenue from services is recognised when the services are rendered in accordance with the specific terms of contract and when collectability of the resulting receivable is reasonably assured.
B58: (iii) | C58: Revenue from Contracts
C59: Revenue from fixed price contracts is recognised using the percentage of completion method. Percentage of completion is determined as a proportion of the cost incurred up to the reporting date of the total estimated contract costs. Proportionate completion is measured based upon the efforts incurred to date in relation to the total estimated efforts to complete the contract. The Company monitors estimates of total contract revenue and costs on a regular basis throughout the delivery period. The cumulative impact of any change in estimates of the contract value or cost is reflected in the period in which the changes become known. In the event that a loss is anticipated on a particular contract, provision is made for the estimated loss.
B60: (iv) | C60: Interest income
C61: Interest income is accounted on accrual basis in time proportion. Interest income is recognised using effective rate of interest method.
B63: (v) | C63: Dividend income
C64: Dividend income is recognised as and when the right to receive payment is established.
B66: (vi) | C66: Lease Cost / Expenses
C67: The initial direct costs incurred in negotiation and arranging an operating lease are added to the carrying amount of the leased assets and recognized over the lease term on the same basis as rental income. The rent free period, incentives or discounts during the initial periods of the lease term be recognized as an integral part of the net consideration agreed for the use of the leased assets. The common utility charges such as Property Taxes, Water & Electricity Charges, Security & other maintenances changes collected in terms of contractual obligations are netted against the respective utility charges/ Expenses.
B69: (b) | C69: Property, Plant and Equipment
B70: (i) | C70: Property, plant and equipment
C71: Freehold land is carried at historical cost. All other items of Property, plant and equipment are shown at cost, less accumulated depreciation and impairment, if any. The initial cost of property, plant and equipment comprises its purchase price, including import duties and non-refundable purchase taxes, attributable borrowing cost and any other directly attributable costs of bringing an asset to working condition and location for its intended use. It also includes the present value of the expected cost for the decommissioning and removing of an asset and restoring the site after its use, if the recognition criteria for a provision are met.
C72: The Company provides depreciation on all assets on written down value basis over its useful life of asset which is in line with Schedule II of Companies Act,2013.
C73: Expenditure incurred after the property, plant and equipment have been put into operation, such as repairs and maintenance, are normally charged to the statements of profit and loss in the period in which the costs are incurred. Major inspection and overhaul expenditure is capitalized if the recognition criteria are met.
C74: When significant parts of plant and equipment are required to be replaced at intervals, the Company depreciates them separately based on their specific useful lives. Likewise, when a major inspection is performed, its cost is recognised in the carrying amount of the plant and equipment as a replacement if the recognition criteria are satisfied. All other repair and maintenance costs are recognised in the statement of profit and loss as incurred.
C75: Gains and losses on disposal of an item of property, plant and equipment are determined by comparing the proceeds from disposal with the carrying amount of property, plant and equipment, and are recognized net within other income/other expenses in statement of profit and loss.
C76: An item of property, plant and equipment and any significant part initially recognised is derecognised upon disposal or when no future economic benefits are expected from its use or disposal. Any gain or loss arising on derecognition of the asset (calculated as the difference between the net disposal proceeds and the carrying amount of the asset) is included in the statement of profit and loss, when the asset is derecognised.
C77: The residual values, useful lives and methods of depreciation of property, plant and equipment are reviewed at each financial year end and adjusted prospectively, if appropriate.
B79: (ii) | C79: Capital work in progress
C80: Assets in the course of construction are capitalized in capital work in progress account. At the point when an asset is capable of operating in the manner intended by management, the cost of construction is transferred to the appropriate category of property, plant and equipment. Costs associated with the commissioning of an asset are capitalised till the time asset is available for use for operating at normal levels. Revenue generated from production during the trial period is credited to capital work in progress.
B81: (iii) | C81: Investment properties:
C82: Property that is held for long-term rental yields or for capital appreciation or both, and that is not in use by the Company, is classified as investment property. Land held for a currently undetermined future use is also classified as an investment property. Investment property is measured initially at its acquisition cost, including related transaction costs and where applicable borrowing costs.
B84: (iv) | C84: Depreciation
C85: Depreciation is provided on a pro-rata basis on the Written down value (WDV) method based on useful life as estimated by the Management and aligned to Schedule II to the Companies Act, 2013 in order to reflect the actual usage of assets. Depreciation on assets acquired under finance lease is spread over the lease period or useful life, whichever is shorter.
C86: Assets in the course of development or construction and freehold land are not depreciated. Other property, plant and equipment are stated at cost less accumulated depreciation and any provision for impairment. Depreciation commences when the assets are ready for their intended use. Depreciation is calculated on the depreciable amount, which is the cost of an asset less its residual value. Depreciation is provided at rates calculated to write off the cost, less estimated residual value, of each asset on a written down value basis over its expected useful life determined by the management and aligned to the schedule II to the Companies Act, 2013 in order to reflect the actual usage of assets. Major inspection and overhaul costs are depreciated over the estimated life of the economic benefit derived from such costs. The carrying amount of the remaining previous overhaul cost is charged to the statement of profit and loss if the next overhaul is undertaken earlier than the previously estimated life of the economic benefit. When significant spare parts of an item of property, plant and equipment have different useful lives, they are accounted for as separate items (major components) of property, plant and equipment. Depreciation methods, useful lives and residual values are reviewed at each financial year end and changes in estimates, if any, are accounted for prospectively.
B87: (c) | C87: Intangible assets
C88: Intangible assets acquired are measured on initial recognition at cost. Following initial recognition, intangible assets are carried at cost less any accumulated amortisation and accumulated impairment losses.
C89: The useful lives of intangible assets are assessed as either finite or indefinite. The Company currently does not have any intangible assets with indefinite useful life. Intangible assets are amortised over the useful economic life and assessed for impairment whenever there is an indication that the intangible asset may be impaired. The amortisation period and the amortisation method for an intangible asset are reviewed at least at the end of each reporting period. Changes in the expected useful life or the expected pattern of consumption of future economic benefits embodied in the asset are considered to modify the amortisation period or method, as appropriate, and are treated as changes in accounting estimates. The amortisation expense on intangible assets is recognised in the statement of profit and loss unless such expenditure forms part of carrying value of another asset.
C90: Gains or losses arising from derecognition of an intangible asset are measured as the difference between the net disposal proceeds and the carrying amount of the asset and are recognised in the statement of profit and loss when the asset is derecognised.
C91: The Company amortises intangible assets with a finite useful life using the straight-line method over the following periods: Computer Software/Website Development - 3 to 5 years.
C92: Intangible assets are amortised on a Straight Line basis over their estimated useful lives. The amortisation period and the amortisation method are reviewed at least at each financial year end. If the expected useful life of the asset is significantly different from previous estimates, the amortisation period is changed accordingly.
C93: Brand acquired have been amortised over the estimated useful lives of 7 years.
B95: (d) | C95: Financial instruments
C96: A financial instrument is any contract that gives rise to a financial asset of one entity and a financial liability or equity instrument of another entity.
C97: Financial assets
C98: Initial recognition and measurement
C99: All financial assets are recognised initially at fair value plus, in the case of financial assets not recorded at fair value through statement of profit and loss, transaction costs that are attributable to the acquisition of the financial asset. Purchases or sales of financial assets that require delivery of assets within a time frame established by regulation or convention in the market place (regular way trades) are recognised on the trade date, i.e., the date that the Company commits to purchase or sell the asset.
C100: Subsequent measurement
C101: Subsequent measurement of financial assets is described below -
C102: Debt instruments at amortised cost
C103: A 'debt instrument' is measured at the amortised cost if both the following conditions are met:
B104: (i) | C104: The asset is held within a business model whose objective is to hold assets for collecting contractual cash flows, and
B105: (ii) | C105: Contractual terms of the asset give rise on specified dates to cash flows that are solely payments of principal and interest (SPPI) on the principal amount outstanding.
C107: After initial measurement, such financial assets are subsequently measured at amortised cost using the effective interest rate (EIR) method. Amortised cost is calculated by taking into account any discount or premium on acquisition and fees or costs that are an integral part of the EIR. The EIR amortisation is included in finance income in the statement of profit and loss. The losses arising from impairment are recognised in the statement of profit and loss. This category generally applies to trade and other receivables.
C108: Debt instrument at FVTOCI
C109: A ‘debt instrument’ is classified as at the FVTOCI if both of the following criteria are met:
B110: (i) | C110: The objective of the business model is achieved both by collecting contractual cash flows and selling the financial assets, and
B111: (ii) | C111: The asset’s contractual cash flows represent SPPI.
C112: Debt instruments included within the FVTOCI category are measured initially as well as at each reporting date at fair value. Fair value movements are recognized in the other comprehensive income (OCI). However, the Company recognizes interest income, impairment losses & reversals and foreign exchange gain or loss in the statement of profit and loss. On derecognition of the asset, cumulative gain or loss previously recognised in OCI is reclassified from the equity to statement of profit and loss. Interest earned while holding FVTOCI debt instrument is reported as interest income using the EIR method.
C113: Debt instrument at FVTPL
C114: FVTPL is a residual category for debt instruments. Any debt instrument, which does not meet the criteria for categorization as at amortized cost or as FVTOCI, is classified as at FVTPL.
C115: In addition, the Company may elect to designate a debt instrument, which otherwise meets amortized cost or FVTOCI criteria, as at FVTPL. However, such election is allowed only if doing so reduces or eliminates a measurement or recognition inconsistency (referred to as ‘accounting mismatch’). The Company has designated its investments in debt instruments as FVTPL. Debt instruments included within the FVTPL category are measured at fair value with all changes recognized in the statement of profit and loss.
...

Sheet Profit reco
C2: As per Grouping | E2: Tally | G2: Difference
B3: Mumbai | C3: ='PL Grouping'!C385+'PL Grouping'!D385+PL!D26 -> 12290779 | E3: 12277474 | G3: =C3-E3 -> 13305.475 | H3: ='PL Grouping'!D384 -> -809011.52 | I3: =G3-H3 -> 822317
B4: Bangalore | C4: ='PL Grouping'!E385 -> -292871 | E4: -292871 | G4: =C4-E4 -> 0
B5: Delhi | C5: ='PL Grouping'!G385+'PL Grouping'!H384 -> -58930 | E5: -58930 | G5: =C5-E5 -> 0
B6: Haryana | C6: ='PL Grouping'!I385+'PL Grouping'!J384 -> -335957.36 | E6: -335957 | G6: =C6-E6 -> -0.36
B7: Total | C7: =SUM(C3:C6) -> 11603021 | E7: =SUM(E3:E6) -> 11589716 | G7: =C7-E7 -> 13305.115
G8: =C8-E8 -> 0
B9: As pe PL | C9: =PL!D36 -> 11743076 | E9: =PL!D36 -> 11743076 | G9: =C9-E9 -> 0
B10: Difference | C10: =C7-C9 -> -140054.88 | E10: =E7-E9 -> -153360 | G10: =C10-E10 -> 13305.115
B11: Opening reserves diff | C11: 139719 | E11: =C11 -> 139719 | G11: =C11-E11 -> 0
B12: Rounding off | C12: 337 | E12: 337 | G12: =C12-E12 -> 0
G13: =C13-E13 -> 0
B14: Difference | C14: =C11+C10+C12+C13 -> 1.1154098 | E14: =E11+E10+E12+E13 -> -13304 | G14: =C14-E14 -> 13305.115
G15: =C15-D15 -> 0
A21: Details to discuss
A22: 1 | B22: Exceptional item | G22: Done
A23: 2 | B23: SOCE difference in op balance | G23: Done
A24: 3 | B24: Accounting policy to check in line with JBA
A25: 4 | B25: Check note referencing in accounting policies
A26: 5 | B26: Related Party file Prev year figures | G26: Done
A27: 6 | B27: Ask about directors date
A28: 7

Sheet FA sch
A1: =+[73]BS!A1 -> 1908 E-Ventures Private Limited
A2: Notes forming part of the financial statements
A3: =[73]BS!A3 -> [Currency: Indian Rupees(Rs.'000)]
A5: 3. Property Plant & Equipment
B7: Gross block - at cost | H7: Depreciation/ Amortisation | M7: Net block | N7: Net block
B8: As at | C8: GAAP | G8: As at | H8: As at | I8: For the | L8: As at | M8: As at | N8: As at
A9: Particulars | B9: 1 April 2023 | C9: Adjustments | D9: Additions | E9: Adjustments | F9: Deductions | G9: 31 March 2024 | H9: 1 April 2023 | I9: Period | J9: Adjustments | K9: Deductions | L9: 31 March 2024 | M9: 31 March 2024 | N9: 31 March 2023
A11: Tangible assets
A13: Computers | B13: 1890584 | D13: 0 | E13: 0 | F13: 1221096.4 | G13: =B13+D13-F13+E13 -> 669487.65 | H13: 1259398 | I13: 285200 | J13: 0 | K13: 999368 | L13: =H13+I13+J13-K13 -> 545230 | M13: =G13-L13 -> 124257.65 | N13: =B13-H13 -> 631186
A15: Furniture and fixtures | B15: 1176372 | D15: 0 | E15: 0 | F15: 1176372 | G15: =B15+D15-F15+E15 -> 0 | H15: 1023543 | I15: 13981 | J15: 0 | K15: 1037524 | L15: =H15+I15+J15-K15 -> 0 | M15: =G15-L15 -> 0 | N15: =B15-H15 -> 152829
A17: Electrical installations | B17: 187694 | D17: 0 | E17: 0 | F17: 187694 | G17: =B17+D17-F17+E17 -> 0 | H17: 165213 | I17: 4401 | J17: 0 | K17: 169614 | L17: =H17+I17+J17-K17 -> 0 | M17: =G17-L17 -> 0 | N17: =B17-H17 -> 22481
O18: =K19-N19 -> 338401
A19: Office equipments | B19: 889490 | D19: 0 | E19: 0 | F19: 591089.6 | G19: =B19+D19-F19+E19 -> 298400.4 | H19: 706718 | I19: 57423 | J19: 0 | K19: 521173 | L19: =H19+I19+J19-K19 -> 242968 | M19: =G19-L19 -> 55432.4 | N19: =B19-H19 -> 182772 | O19: 15906 | P19: Extra Entry
O21: 28000 | P21: Extra Entry
A23: Total | B23: =SUM(B13:B20)-10 -> 4144130 | C23: =SUM(C13:C20) -> 0 | D23: =SUM(D13:D20) -> 0 | E23: =SUM(E13:E20) -> 0 | F23: =SUM(F13:F20) -> 3176252 | G23: =SUM(G13:G20) -> 967888.05 | H23: =SUM(H13:H20) -> 3154872 | I23: =SUM(I13:I20)-10 -> 360995 | J23: =SUM(J13:J20) -> 0 | K23: =SUM(K13:K20)-10 -> 2727669 | L23: =SUM(L13:L20) -> 788198 | M23: =SUM(M13:M20) -> 179690.05 | N23: =SUM(N13:N20) -> 989268 | O23: 15467932
N25: =F23-F25 -> 3176252 | O25: =N23-O23 -> -14478664
B26: Gross block - at cost | H26: Depreciation/ Amortisation | M26: Net block
B27: As at | C27: GAAP | G27: As at | H27: As at | I27: For the | L27: As at | M27: As at
A28: Particulars | B28: 1 April 2022 | C28: Adjustments | D28: Additions | E28: Adjustments | F28: Deductions | G28: 31 March 2023 | H28: 1 April 2022 | I28: Period | J28: Adjustments | K28: Deductions | L28: 31 March 2023 | M28: 31 March 2023
A30: Tangible assets
A32: Computers | B32: 1354117 | D32: 705874 | E32: 0 | F32: 169407 | G32: 1890584 | H32: 781244 | I32: 604793 | J32: 0 | K32: 126639 | L32: 1259398 | M32: 631186
A34: Furniture and fixtures | B34: 1065072 | D34: 111300 | E34: 0 | F34: 0 | G34: 1176372 | H34: 888571 | I34: 134972 | J34: 0 | K34: 0 | L34: 1023543 | M34: 152829
A36: Electrical installations | B36: 187694 | D36: 0 | E36: 0 | F36: 0 | G36: 187694 | H36: 157361 | I36: 7852 | J36: 0 | K36: 0 | L36: 165213 | M36: 22481
A38: Office equipments | B38: 749321 | D38: 140169 | E38: 0 | F38: 0 | G38: 889490 | H38: 567317 | I38: 139401 | J38: 0 | K38: 0 | L38: 706718 | M38: 182772 | O38: 15906 | P38: Extra Entry
A42: Total | B42: =SUM(B32:B39) -> 3356204 | C42: =SUM(C32:C39) -> 0 | D42: =SUM(D32:D39) -> 957343 | E42: =SUM(E32:E39) -> 0 | F42: =SUM(F32:F39) -> 169407 | G42: =SUM(G32:G39) -> 4144140 | H42: =SUM(H32:H39) -> 2394493 | I42: =SUM(I32:I39) -> 887018 | ... M42: =SUM(M32:M39) -> 989268
B44: Gross block - at cost | H44: Depreciation/ Amortisation | M44: Net block | N44: Net block
B45: As at | C45: GAAP | G45: As at | H45: As at | I45: For the | L45: As at | M45: As at | N45: =N8 -> As at
A46: Particulars | B46: =+B9 -> 1 April 2023 | C46: Adjustments | D46: Additions | E46: Adjustments | F46: Deductions | G46: =+G9 -> 31 March 2024 | H46: =+H9 -> 1 April 2023 | I46: year | J46: Adjustments | K46: Deductions | L46: =+L9 -> 31 March 2024 | M46: =+M9 -> 31 March 2024 | N46: =N9 -> 31 March 2023
A49: Intangible assets
A51: Computer software | B51: 420938 | C51: - | D51: 0 | E51: 0 | F51: 0 | G51: =B51+D51+E51-F51 -> 420938 | H51: 298043 | I51: 20520 | J51: 0 | K51: 0 | L51: =H51+I51+J51-K51 -> 318563 | M51: =G51-L51 -> 102375 | N51: =B51-H51 -> 122895
A53: Brand acquisition | B53: 18525600 | D53: 0 | E53: 0 | F53: 0 | G53: =B53+D53+E53-F53 -> 18525600 | H53: 4003208 | I53: 1989019 | J53: 0 | K53: 0 | L53: =H53+I53+J53-K53 -> 5992227 | M53: =G53-L53 -> 12533373 | N53: =B53-H53 -> 14522392
A55: Website Development | B55: 927056 | C55: - | D55: 0 | E55: 0 | F55: 0 | G55: =B55+D55+E55-F55 -> 927056 | H55: 927056 | I55: 0 | J55: 0 | K55: 0 | L55: =H55+I55+J55-K55 -> 927056 | M55: =G55-L55 -> 0 | N55: =B55-H55 -> 0
A58: Total | B58: =SUM(B51:B55)+10 -> 19873604 | C58: =SUM(C51:C55) -> 0 | D58: =SUM(D51:D55) -> 0 | E58: =SUM(E51:E55) -> 0 | F58: =SUM(F51:F55) -> 0 | G58: =SUM(G51:G55)+10 -> 19873604 | H58: =SUM(H51:H55) -> 5228307 | I58: =SUM(I51:I55) -> 2009539 | J58: =SUM(J51:J55) -> 0 | K58: =SUM(K51:K55) -> 0 | L58: =SUM(L51:L55) -> 7237846 | M58: =SUM(M51:M55) -> 12635748 | N58: =SUM(N51:N55) -> 14645287
B62: Gross block - at cost | H62: Depreciation/Amortisation | M62: Net block
B63: As at | C63: GAAP | G63: As at | H63: As at | I63: For the | L63: As at | M63: As at
A64: Particulars | B64: =+B28 -> 1 April 2022 | C64: Adjustments | D64: Additions | E64: Adjustments | F64: Deductions | G64: =+G28 -> 31 March 2023 | H64: =+H28 -> 1 April 2022 | I64: year | J64: Adjustments | K64: Deductions | L64: =+L28 -> 31 March 2023 | M64: =+M28 -> 31 March 2023
A67: Intangible assets
A69: Computer software | B69: 284438 | C69: - | D69: 136500 | E69: 0 | F69: 0 | G69: 420938 | H69: 278349 | I69: 19694 | J69: 0 | K69: 0 | L69: 298043 | M69: 122895
A71: Brand acquisition | B71: 18525600 | D71: 0 | E71: 0 | F71: 0 | G71: 18525600 | H71: 1358428 | I71: 2644780 | J71: 0 | K71: 0 | L71: 4003208 | M71: 14522392
A73: Website Development | B73: 927056 | C73: - | D73: 0 | E73: 0 | F73: 0 | G73: 927056 | H73: 927056 | I73: 0 | J73: 0 | K73: 0 | L73: 927056 | M73: 0
A76: Total | B76: =SUM(B69:B73) -> 19737094 | C76: =SUM(C69:C73) -> 0 | D76: =SUM(D69:D73) -> 136500 | E76: =SUM(E69:E73) -> 0 | F76: =SUM(F69:F73) -> 0 | G76: =SUM(G69:G73) -> 19873594 | H76: =SUM(H69:H73) -> 2563833 | I76: =SUM(I69:I73) -> 2664474 | ... M76: =SUM(M69:M73) -> 14645287
A82: 0
M92: =M23+M58 -> 12815438
I93: 26645
B94: =B23+B58 -> 24017734 | J94: =J23+J58 -> 0 | K94: =K23+K58 -> 2727669 | L94: 15392708
B95: =H23+H58 -> 8383179 | I95: =I58+I23 -> 2370534 | L95: =I23+I58 -> 2370534
B96: =B94-B95 -> 15634555
B97: 15632800
B98: =B96-B97 -> 1755.44

Sheet FA prev year
A1: =+BS!A1 -> 1908 E-Ventures Private Limited
A2: Notes forming part of the financial statements
A3: =BS!A3 -> [Currency: Indian Rupees(Rs.'000)]
A5: 3. Property Plant & Equipment
B7: Gross block - at cost | H7: Depreciation/ Amortisation | M7: Net block
B8: As at | C8: GAAP | G8: As at | H8: As at | I8: For the | L8: As at | M8: As at
A9: Particulars | B9: 1 April 2022 | C9: Adjustments | D9: Additions | E9: Adjustments | F9: Deductions | G9: 31 March 2023 | H9: 1 April 2022 | I9: year | J9: Adjustments | K9: Deductions | L9: 31 March 2023 | M9: 31 March 2023
A11: Tangible assets
A13: Computers | B13: 1354117 | D13: 705874 | E13: 0 | F13: 169407 | G13: =ROUND(B13+D13+E13-F13-C13,0) -> 1890584 | H13: 781244 | I13: =598163+6630 -> 604793 | J13: =6630*0 -> 0 | K13: 126639 | L13: =ROUND(H13+I13+J13-K13,0) -> 1259398 | M13: =G13-L13 -> 631186
A15: Furniture and fixtures | B15: 1065072 | D15: 111300 | E15: 0 | F15: 0 | G15: =ROUND(B15+D15+E15-F15-C15,0) -> 1176372 | H15: 888571 | I15: 134972 | J15: =55507*0 -> 0 | K15: 0 | L15: =ROUND(H15+I15+J15-K15,0) -> 1023543 | M15: =G15-L15 -> 152829
A17: Electrical installations | B17: 187694 | D17: 0 | E17: 0 | F17: 0 | G17: =ROUND(B17+D17+E17-F17-C17,0) -> 187694 | H17: 157361 | I17: 7852 | J17: 0 | K17: 0 | L17: =ROUND(H17+I17+J17-K17,0) -> 165213 | M17: =G17-L17 -> 22481
A19: Office equipments | B19: 749321 | D19: 140169 | E19: 0 | F19: 0 | G19: =ROUND(B19+D19+E19-F19-C19,0) -> 889490 | H19: 567317 | I19: =128288+11113 -> 139401 | J19: =11113*0 -> 0 | K19: 0 | L19: =ROUND(H19+I19+J19-K19,0) -> 706718 | M19: =G19-L19 -> 182772 | O19: 15906 | P19: Extra Entry
O21: 28000 | P21: Extra Entry
A23: Total | B23: =SUM(B13:B20) -> 3356204 | C23: =SUM(C13:C20) -> 0 | D23: =SUM(D13:D20) -> 957343 | E23: =SUM(E13:E20) -> 0 | F23: =SUM(F13:F20) -> 169407 | G23: =SUM(G13:G20) -> 4144140 | H23: =SUM(H13:H20) -> 2394493 | I23: =SUM(I13:I20) -> 887018 | ... M23: =SUM(M13:M20) -> 989268 | O23: =+M23+M58 -> 15634555
B26: Gross block - at cost | H26: Depreciation/ Amortisation | M26: Net block
B27: As at | C27: GAAP | G27: As at | H27: As at | I27: For the | L27: As at | M27: As at
A28: Particulars | B28: 1 April 2021 | C28: Adjustments | D28: Additions | E28: Adjustments | F28: Deductions | G28: 31 March 2022 | H28: 1 April 2021 | I28: year | J28: Adjustments | K28: Deductions | L28: 31 March 2022 | M28: 31 March 2022
A30: Tangible assets
A32: Computers | B32: 803315 | D32: 506281 | E32: 44521 | F32: 0 | G32: =ROUND(B32+D32+E32-F32-C32,0) -> 1354117 | H32: 506141 | I32: 230582 | J32: 44521 | K32: 0 | L32: =ROUND(H32+I32+J32-K32,0) -> 781244 | M32: =G32-L32 -> 572873
A34: Furniture and fixtures | B34: 993947 | D34: 0 | E34: 71125 | F34: 0 | G34: =ROUND(B34+D34+E34-F34-C34,0) -> 1065072 | H34: 708852 | I34: 108594 | J34: 71125 | K34: 0 | L34: =ROUND(H34+I34+J34-K34,0) -> 888571 | M34: =G34-L34 -> 176501
A36: Electrical installations | B36: 168499 | D36: 0 | E36: 19195 | F36: 0 | G36: =ROUND(B36+D36+E36-F36-C36,0) -> 187694 | H36: 127571 | I36: 10595 | J36: 19195 | K36: 0 | L36: =ROUND(H36+I36+J36-K36,0) -> 157361 | M36: =G36-L36 -> 30333
A38: Office equipments | B38: 634116 | D38: 119246 | E38: 28259 | F38: 32300 | G38: =ROUND(B38+D38+E38-F38-C38,0) -> 749321 | H38: 519061 | I38: 49732 | J38: 28259 | K38: 29735 | L38: =ROUND(H38+I38+J38-K38,0) -> 567317 | M38: =G38-L38 -> 182004 | O38: 15906 | P38: Extra Entry
A42: Total | B42: =SUM(B32:B39) -> 2599877 | C42: =SUM(C32:C39) -> 0 | D42: =SUM(D32:D39) -> 625527 | E42: =SUM(E32:E39) -> 163100 | F42: =SUM(F32:F39) -> 32300 | G42: =SUM(G32:G39) -> 3356204 | H42: =SUM(H32:H39) -> 1861625 | I42: =SUM(I32:I39) -> 399503 | ... M42: =SUM(M32:M39) -> 961711
B44: Gross block - at cost | H44: Depreciation/ Amortisation | M44: Net block
B45: As at | C45: GAAP | G45: As at | H45: As at | I45: For the | L45: As at | M45: As at
A46: Particulars | B46: =+B9 -> 1 April 2022 | C46: Adjustments | D46: Additions | E46: Adjustments | F46: Deductions | G46: =+G9 -> 31 March 2023 | H46: =+H9 -> 1 April 2022 | I46: year | J46: Adjustments | K46: Deductions | L46: =+L9 -> 31 March 2023 | M46: =+M9 -> 31 March 2023
A49: Intangible assets
A51: Computer software | B51: 284438 | C51: - | D51: 136500 | E51: 0 | F51: 0 | G51: =B51+D51+E51-F51 -> 420938 | H51: 278349 | I51: 19694 | J51: 0 | K51: 0 | L51: =H51+I51+J51-K51 -> 298043 | M51: =G51-L51 -> 122895
A53: Brand acquisition | B53: 18525600 | D53: 0 | E53: 0 | F53: 0 | G53: =B53+D53+E53-F53 -> 18525600 | H53: 1358428 | I53: 2644780 | J53: 0 | K53: 0 | L53: =H53+I53+J53-K53 -> 4003208 | M53: =G53-L53 -> 14522392
A55: Website Development | B55: 927056 | C55: - | D55: 0 | E55: 0 | F55: 0 | G55: =B55+D55+E55-F55 -> 927056 | H55: 927056 | I55: 0 | J55: 0 | K55: 0 | L55: =H55+I55+J55-K55 -> 927056 | M55: =G55-L55 -> 0
A58: Total | B58: =SUM(B51:B55) -> 19737094 | C58: =SUM(C51:C55) -> 0 | D58: =SUM(D51:D55) -> 136500 | E58: =SUM(E51:E55) -> 0 | F58: =SUM(F51:F55) -> 0 | G58: =SUM(G51:G55) -> 19873594 | H58: =SUM(H51:H55) -> 2563833 | I58: =SUM(I51:I55) -> 2664474 | ... M58: =SUM(M51:M55) -> 14645287
B60: Gross block - at cost | H60: Depreciation/Amortisation | M60: Net block
B61: As at | C61: GAAP | G61: As at | H61: As at | I61: For the | L61: As at | M61: As at
A62: Particulars | B62: =+B28 -> 1 April 2021 | C62: Adjustments | D62: Additions | E62: Adjustments | F62: Deductions | G62: =+G28 -> 31 March 2022 | H62: =+H28 -> 1 April 2021 | I62: year | J62: Adjustments | K62: Deductions | L62: =+L28 -> 31 March 2022 | M62: =+M28 -> 31 March 2022
A65: Intangible assets
A67: Computer software | B67: 284438 | C67: 0 | D67: 0 | E67: 0 | F67: 0 | G67: =B67+D67+E67-F67 -> 284438 | H67: 222560 | I67: 55789 | J67: 0 | K67: 0 | L67: =H67+I67+J67-K67 -> 278349 | M67: =G67-L67 -> 6089
A69: Brand acquisition | B69: 6000000 | D69: 12525600 | E69: 0 | G69: =B69+D69+E69-F69 -> 18525600 | H69: 500000 | I69: 858428 | L69: =H69+I69+J69-K69 -> 1358428 | M69: =G69-L69 -> 17167172
A71: Website Development | B71: 927056 | D71: 0 | E71: 0 | F71: 0 | G71: =B71+D71+E71-F71 -> 927056 | H71: 927056 | I71: 0 | J71: 0 | K71: 0 | L71: =H71+I71+J71-K71 -> 927056 | M71: =G71-L71 -> 0
A74: Total | B74: =SUM(B67:B71) -> 7211494 | C74: =SUM(C67:C71) -> 0 | D74: =SUM(D67:D71) -> 12525600 | E74: =SUM(E67:E71) -> 0 | F74: =SUM(F67:F71) -> 0 | G74: =SUM(G67:G71) -> 19737094 | H74: =SUM(H67:H71) -> 1649616 | I74: =SUM(I67:I71) -> 914217 | ... M74: =SUM(M67:M71) -> 17173261
A80: 0

Sheet Notes
A1: =+BS!A1 -> 1908 E-Ventures Private Limited
A2: Notes forming part of the financial statements as at 31st March 2024
A3: =BS!A3 -> [Currency: Indian Rupees(Rs.'000)]
A5: 4 | B5: Right-of-use asset
B6: Particulars | C6: As at 31st March, 2024 | D6: As at 30th September, 2023 | E6: As at 31st March, 2023 | F6: As at 31st March, 2022
B7: Gross carrying value
B8: Opening balance | C8: =E11 -> 909392 | D8: =E11 -> 909392 | E8: =F11 -> 909392 | F8: 0 | H8: prev year | O8: =1/1000 -> 0.001
B9: Additions | C9: 0 | D9: 0 | E9: 0 | F9: =ROUND(909392.036063111,) -> 909392 | H9: as per bs
B10: Disposals | C10: =C8 -> 909392 | D10: =D8 -> 909392 | E10: 0 | F10: 0 | H10: as per bs
B11: Closing carrying value | C11: =SUM(C8+C9-C10) -> 0 | D11: =SUM(D8+D9-D10) -> 0 | E11: =SUM(E8+E9-E10) -> 909392 | F11: =SUM(F8+F9-F10) -> 909392 | H11: as per bs
B13: Accumulated amortisation | H13: working ind as | J13: =+F14-F13 -> 0 | K13: =+G14-G13 -> 0
B14: Opening balance | C14: =E17 -> 339673 | D14: =E17 -> 339673 | E14: =F17 -> 36542 | F14: 0
B15: Amortisation during the year | C15: =ROUND('PL Grouping'!K260,) -> 0 | D15: =ROUND('PL Grouping'!AC260,) -> 0 | E15: =ROUND('PL Grouping'!AL260,) -> 303131 | F15: 36542
B16: Disposals | C16: =C14+C15 -> 339673 | D16: =D14 -> 339673 | E16: 0 | F16: 0 | H16: as per bs | J16: =+J13-F16 -> 0 | K16: =+K13-G16 -> 0 | L16: =+J16-K16 -> 0 | M16: xx | N16: =C8-C16 -> 569719
B17: Closing balance | C17: =SUM(C14+C15-C16) -> 0 | D17: =SUM(D14+D15-D16) -> 0 | E17: =SUM(E14+E15-E16) -> 339673 | F17: =SUM(F14+F15-F16) -> 36542
B18: Closing carrying value | C18: =+C11-C17 -> 0 | D18: =+D11-D17 -> 0 | E18: =+E11-E17 -> 569719 | F18: =+F11-F17 -> 872850
B19: *Company has cancelled its lease during the year.
A20: =+A5+1 -> 5 | B20: Deferred tax Assets (Net)
B21: Particulars | C21: =C6 -> As at 31st March, 2024 | D21: =D6 -> As at 30th September, 2023 | E21: =E6 -> As at 31st March, 2023 | F21: =F6 -> As at 31st March, 2022
B22: Deferred tax asset arising on account of (A)
B23: Opening DTA | C23: =+E33 -> 7416129 | D23: =+E33 -> 7416129 | E23: =+F33 -> 8165446 | F23: 8165446 | H23: prev year | O23: =1/1000 -> 0.001
B24: Timing difference between book depreciation and depreciation as per Income Tax Act ,1961 | C24: =ROUND(PL!D26,) -> -7416129 | D24: =ROUND(PL!E26,) -> -7416129 | E24: =ROUND(PL!F26,) -> -749317 | F24: 0 | H24: as per bs | M24: xx
B25: Employees benefit expenses | C25: 0 | D25: 0 | E25: 0 | F25: 0 | H25: as per bs
B26: Brought forward depreciation / Unabsorbed losses | C26: 0 | D26: 0 | E26: 0 | F26: 0 | H26: as per bs
B27: Preliminary expenses | C27: =+'Deferred tax 19-20'!E22*0 -> 0 | D27: =+'Deferred tax 19-20'!F22*0 -> 0 | E27: =+'Deferred tax 19-20'!G22*0 -> 0 | F27: 0
B28: Others | C28: =+PL!C32 -> 0 | D28: =+PL!E32 -> 0 | E28: =+PL!F32 -> 0 | F28: 0 | H28: working ind as | J28: =+F29-F28 -> 8165446 | K28: =+G29-G28 -> 0
C29: =SUM(C23:C28) -> 0 | D29: =SUM(D23:D28) -> 0 | E29: =SUM(E23:E28) -> 7416129 | F29: =SUM(F23:F28) -> 8165446
B30: Deferred tax liability arising on account of (B)
B31: Others | C31: =C29 -> 0 | D31: 0 | E31: 0 | F31: 0 | H31: as per bs | J31: =+J28-F31 -> 8165446 | K31: =+K28-G31 -> 0 | L31: =+J31-K31 -> 8165446
B33: Total | C33: =C29-SUM(C31:C31) -> 0 | D33: =D29-SUM(D31:D31) -> 0 | E33: =E29-SUM(E31:E31) -> 7416129 | F33: =F29-SUM(F31:F31) -> 8165446
B35: The Company has not recognized deferred tax asset on unabsorbed depreciation & carried forward business losses under tax laws and other temporary differences in view that it not probable that taxable profits will be available against which the deductible temporary differences can be utilized. Unused tax losses, unabsorbed depreciation and temporary differences on which no deferred tax asset is recognised in Balance Sheet.
B36: Particulars | C36: =+C21 -> As at 31st March, 2024 | D36: =+D21 -> As at 30th September, 2023 | E36: =+E21 -> As at 31st March, 2023 | F36: =+F21 -> As at 31st March, 2022 | O36: Needs to be seen
B37: Deferred tax asset arising on account of (A)
B38: Unabsorbed Tax depreciation | C38: =ROUND('Deferred tax 23-24'!F14,)*0 -> 0 | D38: =ROUND(E38-'Deferred tax 21-22'!E14,) -> -220856 | E38: =ROUND(F38-'Deferred tax 21-22'!F14,) -> 61414 | F38: ='Deferred tax 21-22'!E14 -> 282270 | H38: prev year | O38: -1038850
B39: Unused Tax Losses | C39: =ROUND('Deferred tax 23-24'!E52,) -> 52551623 | D39: =ROUND('Deferred tax 22-23'!D52,) -> 246193109 | E39: =ROUND('Deferred tax 22-23'!E52,) -> 56378222 | F39: ='Deferred tax 21-22'!E50 -> 39313744 | H39: as per bs | O39: 17539614
B40: Temporary differences | C40: =ROUND('Deferred tax 23-24'!E27,0) -> 0 | D40: =ROUND('Deferred tax 22-23'!D27,0) -> 2392387 | E40: =ROUND('Deferred tax 22-23'!E27,0) -> 547857 | F40: ='Deferred tax 21-22'!E27 -> 409978 | H40: as per bs | O40: 250872
B41: Remeasurement of net defined benefit liability (OCI) | C41: =-ROUND(PL!E31*'Deferred tax 19-20'!$J$15%,0)*0 -> 0 | D41: =-ROUND(PL!E31*'Deferred tax 19-20'!$J$15%,0)*0 -> 0 | E41: =-ROUND(PL!F31*'Deferred tax 19-20'!$J$15%,0)*0 -> 0 | F41: =-ROUND(PL!G31*'Deferred tax 19-20'!$J$15%,0)*0 -> 0 | O41: -8388
B43: Total | C43: =SUM(C38:C42) -> 52551623 | D43: =SUM(D38:D42) -> 248364640 | E43: =SUM(E38:E42) -> 56987493 | F43: =SUM(F38:F42) -> 40005992
B44: Unabsorbed depreciation does not have any expiry period under the Income Tax Act, 1961.
B45: The tax benefits for the losses would expire if not utilised starting from financial year 2023-24 to 2030-31
A47: =A20+1 -> 6 | B47: Investments
B48: Particulars | C48: =C36 -> As at 31st March, 2024 | D48: =D36 -> As at 30th September, 2023 | E48: =E36 -> As at 31st March, 2023 | F48: =F36 -> As at 31st March, 2022
B49: Investments in equity shares (fully paid- up)
B50: In Indian Associate company measured at cost
B51: Unquoted
B52: Boofootel Private Limited | C52: =ROUND('BS Grouping'!K124,) -> 0 | D52: =ROUND('BS Grouping'!AC124,) -> 0 | E52: =ROUND('BS Grouping'!AL124,) -> 40000 | F52: 0 | H52: See Groupings | J52: =PROPER(B52) -> Boofootel Private Limited
B53: NIL (31 March 2023: 4000) equity shares of Rupees 10 each.
B55: Total | C55: =SUM(C50:C54) -> 0 | D55: =SUM(D50:D54) -> 0 | E55: =SUM(E50:E54) -> 40000 | F55: =SUM(F50:F54) -> 0
A58: =A47+1 -> 7 | B58: Non current financial assets
B59: Particulars | C59: =+C21 -> As at 31st March, 2024 | D59: =+D21 -> As at 30th September, 2023 | E59: =+E21 -> As at 31st March, 2023 | F59: =+F21 -> As at 31st March, 2022
B61: Deposit with maturity more than 12 months from reporting date | C61: =ROUND('BS Grouping'!K128,0) -> 0 | D61: =ROUND('BS Grouping'!AC128,0) -> 100000 | E61: =ROUND('BS Grouping'!AL128,0) -> 100000 | F61: =ROUND('BS Grouping'!AU128,0) -> 100000
B62: Deposit with statutory authorities | C62: =ROUND('BS Grouping'!K133,0) -> 0 | D62: =ROUND('BS Grouping'!AC133,0) -> 40335 | E62: =ROUND('BS Grouping'!AL133,0) -> 29044 | F62: =ROUND('BS Grouping'!AU133,0) -> 25000
B63: Security and other deposits* | C63: =ROUND('BS Grouping'!K137,0) -> 0 | D63: =ROUND('BS Grouping'!AC137,0)+3 -> 3 | E63: =ROUND('BS Grouping'!AL137,0)+3 -> 275926 | F63: =ROUND('BS Grouping'!AU137,0) -> 132339 | H63: See Groupings
B65: Total | C65: =SUM(C61:C64) -> 0 | D65: =SUM(D61:D64) -> 140338 | E65: =SUM(E61:E64) -> 404970 | F65: =SUM(F61:F64) -> 257339
B66: *Comprises of Security deposit given to related parties: J.B.Advani & Co Private Limited | C66: ='SDS JBA'!C6 -> 0 | D66: ='SDS JBA'!D6 -> 0 | E66: ='SDS JBA'!E6 -> 174000 | F66: =E66 -> 174000
A68: =+A58+1 -> 8 | B68: Other non-current tax assets
B69: Particulars | C69: =+C59 -> As at 31st March, 2024 | D69: =+D59 -> As at 30th September, 2023 | E69: =+E59 -> As at 31st March, 2023 | F69: =+F59 -> As at 31st March, 2022
B71: Advance Income Tax (Net of Provision) | C71: =ROUND('BS Grouping'!K149,0) -> 44148 | D71: =ROUND('BS Grouping'!AC149,0) -> 159162 | E71: =ROUND('BS Grouping'!AL149,0) -> 164666 | F71: =ROUND('BS Grouping'!AU149,0) -> 51405 | H71: TB
B73: Total | C73: =SUM(C71:C72) -> 44148 | D73: =SUM(D71:D72) -> 159162 | E73: =SUM(E71:E72) -> 164666 | F73: =SUM(F71:F72) -> 51405
A75: =+A68+1 -> 9 | B75: Other non-current assets
B76: Particulars | C76: =+C69 -> As at 31st March, 2024 | D76: =+D69 -> As at 30th September, 2023 | E76: =+E69 -> As at 31st March, 2023 | F76: =+F69 -> As at 31st March, 2022
B77: Considered good:
B78: Deferred notional rent expense | C78: =ROUND('BS Grouping'!K153,0) -> 0 | D78: =ROUND('BS Grouping'!AC153,0) -> 0 | E78: =ROUND('BS Grouping'!AL153,0) -> 12351 | F78: =ROUND('BS Grouping'!AU153,0) -> 27088 | H78: see working
B80: Total | C80: =SUM(C78:C79) -> 0 | D80: =SUM(D78:D79) -> 0 | E80: =SUM(E78:E79) -> 12351 | F80: =SUM(F78:F79) -> 27088
A82: =+A75+1 -> 10 | B82: Inventories
B83: Particulars | C83: =+C76 -> As at 31st March, 2024 | D83: =+D76 -> As at 30th September, 2023 | E83: =+E76 -> As at 31st March, 2023 | F83: =+F76 -> As at 31st March, 2022
B85: Stock in trade | C85: =+C451 -> 0 | D85: =+D451 -> 12662643 | E85: =+E451 -> 28060951 | F85: =ROUND('BS Grouping'!AU157,0) -> 26273701 | H85: Mannual
B87: Total | C87: =SUM(C85:C86) -> 0 | D87: =SUM(D85:D86) -> 12662643 | E87: =SUM(E85:E86) -> 28060951 | F87: =SUM(F85:F86) -> 26273701
A90: =+A82+1 -> 11 | B90: Trade receivables
B91: Particulars | C91: =+C83 -> As at 31st March, 2024 | D91: =+D83 -> As at 30th September, 2023 | E91: =+E83 -> As at 31st March, 2023 | F91: =+F83 -> As at 31st March, 2022
B93: Considered good | C93: ='BS Grouping'!K166 -> 16201.6 | D93: =D109 -> 3072116.1 | E93: =E109 -> 2662259 | F93: =ROUND('BS Grouping'!AU166,0) -> 4706908 | H93: TB | I93: =ROUND('BS Grouping'!AL166,0) -> 2708704
B94: Considered doubtful | C94: 0 | D94: =D116 -> 0 | E94: =E116 -> 46444 | F94: 0
C95: =SUM(C93:C94) -> 16201.6 | D95: =SUM(D93:D94) -> 3072116.1 | E95: =SUM(E93:E94) -> 2708703 | F95: =SUM(F93:F94) -> 4706908
B96: Less: Provision for doubtful debts | C96: =-C94 -> 0 | D96: =-D94 -> 0 | E96: =-E94 -> -46444 | F96: 0
B98: Total | C98: =+C95+C96 -> 16201.6 | D98: =+D95+D96 -> 3072116.1 | E98: =+E95+E96 -> 2662259 | F98: =+F95+F96 -> 4706908 | H98: ='BS Grouping'!AC160 -> 3072116.1 | I98: =D98-H98 -> 0
B100: Trade Receivables aging schedule:
B101: Particulars | C101: =+C91 -> As at 31st March, 2024 | D101: =+D91 -> As at 30th September, 2023 | E101: =+E91 -> As at 31st March, 2023 | F101: =+F91 -> As at 31st March, 2022 | I101: tally
B102: Outstanding for following periods from the date of the transaction | I102: (i) Undisputed Trade receivables – considered good
B103: (i) Undisputed Trade receivables – considered good | I103: Less than 6 months | J103: 1551628.5
B104: Less than 6 months | C104: =C98 -> 16201.6 | D104: ='BS Grouping'!AC160 -> 3072116.1 | E104: =ROUND(J103,) -> 1551628 | F104: 3842313.1 | I104: 6 months -1 year | J104: 87258.04
B105: 6 months -1 year | C105: 0 | D105: 0 | E105: =ROUND(J104,) -> 87258 | F105: 727737.53 | I105: 1-2 years | J105: 628832.7
B106: 1-2 years | C106: 0 | D106: 0 | E106: =ROUND(J105,) -> 628833 | F106: 116734.49 | I106: 2-3 years | J106: 394539.54
B107: 2-3 years | C107: 0 | D107: 0 | E107: =ROUND(J106,) -> 394540 | F107: 20123 | I107: More than 3 years | J107: 0
B108: More than 3 years | C108: 0 | D108: 0 | E108: =J107 -> 0 | I108: Total | J108: 2662258.8
B109: Total | C109: =SUM(C104:C108) -> 16201.6 | D109: =SUM(D104:D108) -> 3072116.1 | E109: =SUM(E104:E108) -> 2662259 | F109: =SUM(F104:F108) -> 4706908.2 | I109: (ii) Undisputed Trade Receivables – considered doubtful
B110: (ii) Undisputed Trade Receivables – considered doubtful | I110: Less than 6 months
B111: Less than 6 months | C111: =C93 -> 16201.6 | D111: 0 | E111: 0 | F111: 0 | I111: 6 months -1 year
B112: 6 months -1 year | C112: 0 | D112: 0 | E112: 0 | F112: 0 | I112: 1-2 years
B113: 1-2 years | C113: 0 | D113: 0 | E113: 0 | F113: 0 | I113: 2-3 years | J113: 46444
B114: 2-3 years | C114: 0 | D114: 0 | E114: =ROUND(J113,) -> 46444 | F114: 0 | I114: More than 3 years
B115: More than 3 years | C115: 0 | D115: 0 | E115: 0 | F115: 0 | I115: Total | J115: 46444
B116: Total | C116: =SUM(C111:C115) -> 16201.6 | D116: =SUM(D111:D115) -> 0 | E116: =SUM(E111:E115) -> 46444 | F116: =SUM(F111:F115) -> 0
B117: (iii) Disputed Trade Receivables considered good | J117: 2708702.8
B118: Less than 6 months | C118: 0 | D118: 0 | E118: 0 | F118: 0
B119: 6 months -1 year | C119: 0 | D119: 0 | E119: 0 | F119: 0 | J119: ='BS Grouping'!AL166 -> 2708703.7
B120: 1-2 years | C120: 0 | D120: 0 | E120: 0 | F120: 0 | J120: =J117-J119 -> -0.89
B121: 2-3 years | C121: 0 | D121: 0 | E121: 0 | F121: 0
B122: More than 3 years | C122: 0 | D122: 0 | E122: 0 | F122: 0
B123: Total | C123: =SUM(C118:C122) -> 0 | D123: =SUM(D118:D122) -> 0 | E123: =SUM(E118:E122) -> 0 | F123: =SUM(F118:F122) -> 0
B124: (iv) Disputed Trade Receivables considered doubtful
...

Sheet FA sep
A1: =+[73]BS!A1 -> 1908 E-Ventures Private Limited
A2: Notes forming part of the financial statements
A3: =[73]BS!A3 -> [Currency: Indian Rupees(Rs.'000)] | G3: 367413 | I3: 17488
G4: 34968 | I4: 237515
A5: 3. Property Plant & Equipment | B5: =B23-H23 -> 989258 | F5: =G5-F19 -> 353152 | G5: =SUM(G3:G4) -> 402381 | I5: =SUM(I3:I4) -> 255003 | J5: =I5-K19 -> 229322
B7: Gross block - at cost | H7: Depreciation/ Amortisation | M7: Net block
B8: As at | C8: GAAP | G8: As at | H8: As at | I8: For the | L8: As at | M8: As at
A9: Particulars | B9: 1 April 2023 | C9: Adjustments | D9: Additions | E9: Adjustments | F9: Deductions | G9: 30 September 2023 | H9: 1 April 2023 | I9: Period | J9: Adjustments | K9: Deductions | L9: 30 September 2023 | M9: 30 September 2023
A11: Tangible assets
A13: Computers | B13: 1890584 | F13: =195953.39*0+353152 -> 353152 | G13: =B13+D13-F13+E13 -> 1537432 | H13: 1259398 | I13: =157789 -> 157789 | K13: =147836*0+229322-17488+26645 -> 238479 | L13: =H13+I13+J13-K13 -> 1178708 | M13: =G13-L13 -> 358724 | N13: ='[73]PL Grouping'!K342 -> 26645
A15: Furniture and fixtures | B15: 1176372 | F15: 0 | G15: =B15+D15-F15+E15 -> 1176372 | H15: 1023543 | I15: 22389 | K15: 0 | L15: =H15+I15+J15-K15 -> 1045932 | M15: =G15-L15 -> 130440
A17: Electrical installations | B17: 187694 | F17: 0 | G17: =B17+D17-F17+E17 -> 187694 | H17: 165213 | I17: 2910 | K17: 0 | L17: =H17+I17+J17-K17 -> 168123 | M17: =G17-L17 -> 19571
A19: Office equipments | B19: 889490 | F19: 49229 | G19: =B19+D19-F19+E19 -> 840261 | H19: 706718 | I19: 31913 | K19: 25681 | L19: =H19+I19+J19-K19 -> 712950 | M19: =G19-L19 -> 127311 | O19: 15906 | P19: Extra Entry
O21: 28000 | P21: Extra Entry
A23: Total | B23: =SUM(B13:B20)-10 -> 4144130 | C23: =SUM(C13:C20) -> 0 | D23: =SUM(D13:D20) -> 0 | E23: =SUM(E13:E20) -> 0 | F23: =SUM(F13:F20) -> 402381 | G23: =SUM(G13:G20)-10 -> 3741749 | H23: =SUM(H13:H20) -> 3154872 | I23: =SUM(I13:I20) -> 215001 | J23: =SUM(J13:J20) -> 0 | K23: =SUM(K13:K20) -> 264160 | L23: =SUM(L13:L20) -> 3105713 | M23: =SUM(M13:M20)-10 -> 636036 | N23: =M23+M58 -> 13941640 | O23: 15467932
N25: =F23-F25 -> 402381 | O25: =N23-O23 -> -1526291.5
B26: Gross block - at cost | H26: Depreciation/ Amortisation | M26: Net block
B27: As at | C27: GAAP | G27: As at | H27: As at | I27: For the | L27: As at | M27: As at
A28: Particulars | B28: 1 April 2022 | C28: Adjustments | D28: Additions | E28: Adjustments | F28: Deductions | G28: 31 March 2023 | H28: 1 April 2022 | I28: Period | J28: Adjustments | K28: Deductions | L28: 31 March 2023 | M28: 31 March 2023
A30: Tangible assets
A32: Computers | B32: 1354117 | D32: 705874 | E32: 0 | F32: 169407 | G32: 1890584 | H32: 781244 | I32: 604793 | J32: 0 | K32: 126639 | L32: 1259398 | M32: 631186
A34: Furniture and fixtures | B34: 1065072 | D34: 111300 | E34: 0 | F34: 0 | G34: 1176372 | H34: 888571 | I34: 134972 | J34: 0 | K34: 0 | L34: 1023543 | M34: 152829
A36: Electrical installations | B36: 187694 | D36: 0 | E36: 0 | F36: 0 | G36: 187694 | H36: 157361 | I36: 7852 | J36: 0 | K36: 0 | L36: 165213 | M36: 22481
A38: Office equipments | B38: 749321 | D38: 140169 | E38: 0 | F38: 0 | G38: 889490 | H38: 567317 | I38: 139401 | J38: 0 | K38: 0 | L38: 706718 | M38: 182772 | O38: 15906 | P38: Extra Entry
A42: Total | B42: =SUM(B32:B39) -> 3356204 | C42: =SUM(C32:C39) -> 0 | D42: =SUM(D32:D39) -> 957343 | E42: =SUM(E32:E39) -> 0 | F42: =SUM(F32:F39) -> 169407 | G42: =SUM(G32:G39) -> 4144140 | H42: =SUM(H32:H39) -> 2394493 | I42: =SUM(I32:I39) -> 887018 | ... M42: =SUM(M32:M39) -> 989268
B44: Gross block - at cost | H44: Depreciation/ Amortisation | M44: Net block
B45: As at | C45: GAAP | G45: As at | H45: As at | I45: For the | L45: As at | M45: As at
A46: Particulars | B46: =+B9 -> 1 April 2023 | C46: Adjustments | D46: Additions | E46: Adjustments | F46: Deductions | G46: =+G9 -> 30 September 2023 | H46: =+H9 -> 1 April 2023 | I46: year | J46: Adjustments | K46: Deductions | L46: =+L9 -> 30 September 2023 | M46: =+M9 -> 30 September 2023
A49: Intangible assets
A51: Computer software | B51: 420938 | C51: - | D51: 0 | E51: 0 | F51: 0 | G51: =B51+D51+E51-F51 -> 420938 | H51: 298043 | I51: =13680 -> 13680 | J51: 0 | K51: 0 | L51: =H51+I51+J51-K51 -> 311723 | M51: =G51-L51 -> 109215
A53: Brand acquisition | B53: 18525600 | D53: 0 | E53: 0 | F53: 0 | G53: =B53+D53+E53-F53 -> 18525600 | H53: 4003208 | I53: =1326012.5 -> 1326012.5 | J53: 0 | K53: 0 | L53: =H53+I53+J53-K53 -> 5329220.5 | M53: =G53-L53 -> 13196380
A55: Website Development | B55: 927056 | C55: - | D55: 0 | E55: 0 | F55: 0 | G55: =B55+D55+E55-F55 -> 927056 | H55: 927056 | I55: 0 | J55: 0 | K55: 0 | L55: =H55+I55+J55-K55 -> 927056 | M55: =G55-L55 -> 0
A58: Total | B58: =SUM(B51:B55)+10 -> 19873604 | C58: =SUM(C51:C55) -> 0 | D58: =SUM(D51:D55) -> 0 | E58: =SUM(E51:E55) -> 0 | F58: =SUM(F51:F55) -> 0 | G58: =SUM(G51:G55)+10 -> 19873604 | H58: =SUM(H51:H55) -> 5228307 | I58: =SUM(I51:I55) -> 1339692.5 | J58: =SUM(J51:J55) -> 0 | K58: =SUM(K51:K55) -> 0 | L58: =SUM(L51:L55) -> 6567999.5 | M58: =SUM(M51:M55)+10 -> 13305604
B60: Gross block - at cost | H60: Depreciation/Amortisation | M60: Net block
B61: As at | C61: GAAP | G61: As at | H61: As at | I61: For the | L61: As at | M61: As at
A62: Particulars | B62: =+B28 -> 1 April 2022 | C62: Adjustments | D62: Additions | E62: Adjustments | F62: Deductions | G62: =+G28 -> 31 March 2023 | H62: =+H28 -> 1 April 2022 | I62: year | J62: Adjustments | K62: Deductions | L62: =+L28 -> 31 March 2023 | M62: =+M28 -> 31 March 2023
A65: Intangible assets
A67: Computer software | B67: 284438 | C67: - | D67: 136500 | E67: 0 | F67: 0 | G67: 420938 | H67: 278349 | I67: 19694 | J67: 0 | K67: 0 | L67: 298043 | M67: 122895
A69: Brand acquisition | B69: 18525600 | D69: 0 | E69: 0 | F69: 0 | G69: 18525600 | H69: 1358428 | I69: 2644780 | J69: 0 | K69: 0 | L69: 4003208 | M69: 14522392
A71: Website Development | B71: 927056 | C71: - | D71: 0 | E71: 0 | F71: 0 | G71: 927056 | H71: 927056 | I71: 0 | J71: 0 | K71: 0 | L71: 927056 | M71: 0
A74: Total | B74: =SUM(B67:B71) -> 19737094 | C74: =SUM(C67:C71) -> 0 | D74: =SUM(D67:D71) -> 136500 | E74: =SUM(E67:E71) -> 0 | F74: =SUM(F67:F71) -> 0 | G74: =SUM(G67:G71) -> 19873594 | H74: =SUM(H67:H71) -> 2563833 | I74: =SUM(I67:I71) -> 2664474 | ... M74: =SUM(M67:M71) -> 14645287
A80: 0
I91: 26645
I93: =I58+I23 -> 1554693.5

Sheet Employee benefits Note 36
A1: 1908 E-Ventures Private Limited
A2: Notes forming part of the financial statements as on 31st March 2024
A3: =BS!A3 -> [Currency: Indian Rupees(Rs.'000)]
A5: =+Notes!A541+1 -> 36 | B5: Employee Benefits
B7: (i) Defined Contribution Plans: Provident Fund is a defined contribution scheme and the contributions as required by the statute are charged to the Statement of Profit and Loss as incurred. The contributions are made to a government administered Provident Fund.
B8: The Company recognised Rs. 275.35 (previous year Rs. 921.03) for Provident Fund contribution in the Statement of Profit and Loss. | I8: =+Notes!C461 -> 275348 | J8: =+Notes!E461 -> 921025
B10: (ii) Defined Benefit Plan:
B11: Liability towards long term defined employee benefits - leave encashment and gratuity are determined on actuarial valuation by independent actuaries at the year-end by using Projected Unit Credit method. Liability so determined is not funded.
B13: Gratuity
B14: A. Movement in net defined benefit (asset) liability
B16: The following table shows a reconciliation from the opening balances to the closing balances for net defined benefit (asset) liability and its components:
B17: The Company has scaled down it's operations and hence no employees on roll so no actuarial valuations done for the year and hence figures for 2023-2024 are not presented for gratuity valuations and liability existed as on 31 March, 2023 amount of Rupees 730.31 Thousands is paid/adjusted during the year..
E18: Defined benefit obligation (Rs.)
B19: Particulars | E19: 31st March, 2024 | F19: 31st March, 2023 | G19: April 1, 2015
B20: Opening balance | E20: =+F39 -> 730309 | F20: 477450 | G20: =F20 -> 477450 | J20: 303312 | K20: 90033 | L20: 90033
B21: Included in profit or loss | G21: =ROUND(G14/G19,2) -> #VALUE! | L21: #VALUE!
B22: Current service cost | E22: 0 | F22: 175419 | G22: 0 | J22: 116841 | K22: 39275 | L22: 0
B23: Interest cost | E23: 0 | F23: 34991 | G23: 0 | J23: 20396 | K23: 7018 | L23: 0
E25: =SUM(E22:E24) -> 0 | F25: 210410 | G25: =SUM(G20:G23) -> #VALUE! | H25: =SUM(H22:H24) -> 0 | J25: 137237 | K25: 46293 | L25: #VALUE!
B26: Included in OCI
B27: Opening balance | E27: 0 | F27: 157058 | J27: 192027 | K27: 25041
B28: Remeasurement loss or (gain):
B29: Actuarial loss or (gain) arising from:
B30: Changes in demographic assumptions | G30: 0 | K30: 0 | L30: 0
B31: Financial assumptions | E31: 0 | F31: -13597 | G31: 0 | J31: -12010 | K31: 52840 | L31: 0
B32: Experience adjustment | E32: 0 | F32: 56046 | G32: 0 | J32: -24620 | K32: 114146 | L32: 0
E33: =SUM(E27:E32) -> 0 | F33: 199507 | G33: =SUM(G27:G32) -> 0 | H33: =SUM(H27:H32) -> 0 | J33: 155397 | K33: 192027 | L33: 0
B34: Other
B35: Liability Taken Over of Employees | E35: 0 | F35: 0
B36: Contributions paid by the employer
B37: Benefits paid | E37: 0 | F37: 0 | G37: 0
E38: =SUM(E35:E37) -> 0 | F38: 0 | H38: =SUM(H35:H37) -> 0
B39: Closing balance | E39: =+E20+E25+E33-E27 -> 730309 | F39: 730309 | G39: =+G25+G33+G37 -> #VALUE! | H39: =+H20+H25+H33-H27 -> 0
B41: B. Defined benefit obligations
B42: i. Actuarial assumptions
B43: The following were the weighted average assumptions used to determine benefit obligations at the reporting date.
E44: 31st March, 2024 | F44: 31st March, 2023 | G44: April 1, 2015
B45: Discount rate | F45: 0.074 | G45: 0.0798
B46: Salary escalation rate | F46: 0.075 | G46: 0.105
B47: Employee turnover rate | D47: Age(Years)
D48: 21-30 | F48: 0.05
D49: 31-40 | F49: 0.03
D50: 41-59 | F50: 0.02
B51: Mortality rate during employment | F51: Indian Assured Lives Mortality (2012-14)
B53: Assumption regarding the future mortality experience are set in accordance with the Indian Assured Live Mortality statistics (2012-14).
B54: Discount rate :- The discount rate is based on the prevailing market yields of Indian government securities at the end of the reporting period for the estimated terms of obligations
B55: Salary escalation rate:- The estimates of future salary increases take into account the inflation, seniority, promotion and other relevant factors, such as supply and demand in the employment market.
B56: ii. Sensitivity analysis
B57: Reasonably possible changes at the reporting date to one of the relevant actuarial assumptions, holding other assumptions constant, would have affected the defined benefit obligation by the amounts shown below.
C58: 31st March, 2024 | E58: 31st March, 2023
C59: Increase | D59: Decrease | E59: Increase | F59: Decrease
B60: Discount rate (0.5% movement) | E60: -0.0888 | F60: 0.1005
B61: Future salary growth (0.5% movement) | E61: 0.0999 | F61: -0.0892
B64: iii. Expected future contributions to defined benefit plan
E65: =C58 -> 31st March, 2024 | F65: =E58 -> 31st March, 2023
B66: 1st following year (next reporting period) | F66: 20802 | I66: =ROUND(9203,0) -> 9203
B67: 2nd following year | F67: 20779 | I67: =ROUND(15613,0) -> 15613
B68: 3rd following year | F68: 23591 | I68: =ROUND(16503,0) -> 16503
B69: 4th following year | F69: 27502 | I69: =ROUND(17995,0) -> 17995
B70: 5th following year | F70: 31414 | I70: =ROUND(20251,0) -> 20251
B71: 6th following year | F71: 30296 | I71: =ROUND(20377,0) -> 20377
B72: 7th following year | F72: 30735 | I72: =ROUND(19546,0) -> 19546
B73: 8th following year | F73: 29807 | I73: =ROUND(20193,0) -> 20193
B74: 9th following year | F74: 42893 | I74: =ROUND(19368,0) -> 19368
B75: 10th and following years | F75: 3600549 | I75: =ROUND(2404691,0) -> 2404691
B77: The weighted average duration of the defined benefit obligation is 18.39 as on 31st March, 2023
B79: Other long term retirement benefit
B80: The other long term retirement benefit compensated absences is recognised based on the acturial valuation report for the relevant period. During the year company has recognised liability for compensated absences of Rs. NIL (Previous year Rs. 479.27). | I80: =+Notes!D463 -> 0 | J80: =+Notes!E463 -> 479272
A82: =+A5+1 -> 37 | B82: Related Party Disclosures :
A83: 1 | B83: Names of related parties and description of relationship
A85: A | B85: Enterprise where control exists
A86: i) | B86: Holding Company
B87: J. B. Advani & Company Pvt Ltd.
A89: B | B89: Others related party withwhom transactions have been taken place during the year
A90: i) | B90: Ador Multiproduct Limited
A91: ii) | B91: 3D Future Technologies Pvt. Ltd.
A92: iii) | B92: Ador Powertron Ltd.
A93: iv) | B93: Ador welding Ltd.
A94: v) | B94: Ador Fontech Ltd.
A96: ii) | B96: Key management personnel (KMP)
B97: Deep Lalvani
B98: Ninotchka Nagpal
B99: Reshma Lalwani
B100: Aditya Malkani
A102: iii) | B102: Relatives of Key Management Personnel where transactions have taken place
B103: None

Sheet Note 37
A1: 1908 E ventures Pvt. Ltd
A2: Notes forming part of the financial statements 2024
A3: =[75]BS!A3 -> [Currency: Indian Rupees(Rs.'000)]
A4: ='Employee benefits Note 36'!A5+1 -> 37 | B4: Related Party Disclosures :
A5: 1 | B5: Names of related parties and description of relationship
A7: A | B7: Enterprise where control exists
A8: i) | B8: Holding Company
B9: Ador Multiproduct Limited
B10: J. B. Advani & Company Pvt Ltd
M11: 45382
A12: B | B12: Others related party withwhom transactions have been taken place during the year | M12: 45291 | N12: =M12-M11 -> -91
A13: i) | B13: 3D Future Technologies Pvt Ltd
A14: ii) | B14: Ador Welding Ltd
A15: iii) | B15: Ador Fontech Ltd
A16: iv) | B16: Aditya Malkani
A17: v) | B17: Anatomicals Ador India Pvt Ltd
A18: vi) | B18: Aruna Advani
A19: vii) | B19: 23 Yards India Pvt Ltd
A20: viii) | B20: Every Last Details
A21: ix) | B21: Boofootel Private Limited (upto 17th August, 2023)
A23: ii) | B23: Key management personnel (KMP)
B24: Deep Lalvani
B25: Ninotchka Nagpal (Resigned w.e.f 30th May 2023 )
B26: Tanya Advani (Resigned w.e.f 30th May 2023)
B27: Jatin Pokarne (Appointed w.e.f 21st June 2023)
B28: Sushant Shinde (Appointed w.e.f 13th July 2023)
A30: iii) | B30: Relatives of Key Management Personnel where transactions have taken place
B31: NA
A33: iii) | B33: Relatives of Key Management Personnel where transactions have taken place
B34: Reshma Lalvani
A36: B) | B36: Transactions with related parties for the year are as follows:
B38: Transaction during the year | C38: Holding Company | D38: Key management personnel (KMP) | E38: Relatives of Key Management Personnel | F38: Other related parties
B39: Purchases of Goods (Net)
B40: Ador Multi Products Ltd. | C40: 0 | D40: 0 | E40: 0 | F40: 0
C41: -1109218 | D41: 0 | E41: 0 | F41: 0
B42: Anatomicals Ador India Pvt Ltd | C42: 0 | D42: 0 | E42: 0 | F42: -
C43: 0 | D43: 0 | E43: 0 | F43: -700439
B44: Every Last Details | C44: 0 | D44: 0 | E44: 0 | F44: 36250
C45: 0 | D45: 0 | E45: 0 | F45: -1028500
B46: Expressphotos | C46: 0 | D46: 0 | E46: 0 | F46: -
C47: 0 | D47: 0 | E47: 0 | F47: -733115
B49: Sale of personal Care Product (Net)
B50: J. B. Advani & Company Pvt. Ltd. | C50: =9323+2542+1583428-198158+22241 -> 1419376 | D50: 0 | E50: 0 | F50: 0
C51: -32597 | D51: 0 | E51: 0 | F51: 0
B52: Ador Welding Ltd | C52: 0 | D52: 0 | E52: 0 | F52: =8216+4068 -> 12284
C53: 0 | D53: 0 | E53: 0 | F53: -383977
B54: Deep Lalvani | C54: 0 | D54: =106884+3887 -> 110771 | E54: 0 | F54: 0
C55: 0 | D55: -18075 | E55: 0 | F55: 0
B56: Ninotchka Nagpal | C56: 0 | D56: 40010 | E56: 0 | F56: 0
C57: 0 | D57: -27257 | E57: 0 | F57: 0
B58: Tanya Advani | C58: 0 | D58: 38475 | E58: 0 | F58: 0
C59: 0 | D59: -57200 | E59: 0 | F59: 0
B60: Aditya Malkani | C60: 0 | D60: 0 | E60: 0 | F60: 190
C61: 0 | D61: - | E61: 0 | F61: -1693
B62: Aruna Advani | C62: 0 | D62: 0 | E62: 0 | F62: 3177
C63: 0 | D63: 0 | E63: 0 | F63: -
B65: Sale of Capital Goods
B66: 3D Future Technologies Pvt. Ltd. | C66: 0 | D66: 0 | E66: 0 | F66: 52056
C67: 0 | D67: 0 | E67: 0 | F67: -
B68: J. B. Advani & Company Pvt. Ltd. | C68: 12073 | D68: 0 | E68: 0 | F68: 0
C69: - | D69: 0 | E69: 0 | F69: 0
B70: Ador Multiproducts Ltd. | C70: 21168 | D70: 0 | E70: 0 | F70: 0
C71: - | D71: 0 | E71: 0 | F71: 0
B72: Jatin Pokarne | C72: 0 | D72: 4951 | E72: 0 | F72: 0
C73: 0 | D73: - | E73: 0 | F73: 0
B74: Sushant Shinde | C74: 0 | D74: 2926 | E74: 0 | F74: 0
C75: 0 | D75: - | E75: 0 | F75: 0
B77: License fees and common area maintenance charges paid (Net)
B78: J. B. Advani & Company Pvt. Ltd. | C78: 0 | D78: 0 | E78: 0 | F78: -
C79: 0 | D79: 0 | E79: 0 | F79: -350175
B81: Business support charges paid (Net)
B82: J. B. Advani & Company Pvt. Ltd. | C82: 0 | D82: 0 | E82: 0 | F82: -
C83: 0 | D83: 0 | E83: 0 | F83: -498211
F84: Contd….
A85: B) | B85: Transactions with related parties for the year are as follows: (Contd….)
B87: Transaction during the year | C87: Holding Company | D87: Key management personnel (KMP) | E87: Relatives of Key Management Personnel | F87: Other related parties
B89: Reimbursement of Expenses
B90: J. B. Advani & Company Pvt. Ltd. | C90: 0 | D90: 0 | E90: 0 | F90: 0
C91: 0 | D91: 0 | E91: 0 | F91: -8414
B92: Anatomicals Ador India Pvt. Ltd. | C92: 0 | D92: 0 | E92: 0 | F92: 0
C93: 0 | D93: 0 | E93: 0 | F93: -2100
B95: Other Service Charges (Net)
B96: J. B. Advani & Company Pvt. Ltd. | C96: 0 | D96: 0 | E96: 0 | F96: 0
C97: 0 | D97: 0 | E97: 0 | F97: -60000
B99: Rent Paid
B100: Ador Fontech Ltd. | C100: 0 | D100: 0 | E100: 0 | F100: 20000
C101: 0 | D101: 0 | E101: 0 | F101: -60000
B103: Business Support Service rendered
B104: Anatomicals Ador India Pvt Ltd | C104: 0 | D104: 0 | E104: 0 | F104: 0
C105: 0 | D105: 0 | E105: 0 | F105: -267335
B107: Receipt of ICD
B108: J. B. Advani & Company Pvt. Ltd. | C108: 38900000 | D108: 0 | E108: 0 | F108: 0
C109: 0 | D109: 0 | E109: 0 | F109: 0
B111: Waiver of Inter-company deposit | C111: 0 | D111: 0 | E111: 0 | F111: 0
B112: J. B. Advani & Company Pvt. Ltd. | C112: =C108-1634615 -> 37265385 | D112: 0 | E112: 0 | F112: 0 | H112: 37265385
B114: Interest on Inter-company deposits
B115: J. B. Advani & Company Pvt. Ltd. | C115: 1134939 | D115: 0 | E115: 0 | F115: 0
C116: 0 | D116: 0 | E116: 0 | F116: 0
B118: Waiver of Interest on Inter-company deposit
B119: J. B. Advani & Company Pvt. Ltd. | C119: =C115*90% -> 1021445.1 | D119: 0 | E119: 0 | F119: 0
...

Sheet Note 38 ratios
A1: 1908 E-Ventures Private Limited
A2: Notes forming part of the financial statements
A3: ='FA prev year'!A3 -> [Currency: Indian Rupees(Rs.'000)]
A6: ='Note 37'!A4+1 -> 38 | B6: Ratios
B8: Particulars | C8: Numerator | D8: Denominator | E8: Ratio Current period | F8: Ratio Previous period | G8: % of Variance
B9: Current Ratio | C9: Current Assets | D9: Current Liabilities | E9: =BS!F26/BS!F52 -> 0.83727967 | F9: =BS!G26/BS!G52 -> 2.2706761 | G9: =(E9-F9)/F9 -> -0.63126415
B10: Debt-Equity ratio | C10: Total Debt | D10: Shareholder’s Equity | E10: =(BS!F41+BS!F46)/BS!F35 -> 1.6038426 | F10: =(BS!G41+BS!G46)/BS!G35 -> 0.059150707 | G10: =(E10-F10)/F10 -> 26.114514
B11: Debt service coverage ratio | C11: Earnings available for debt service | D11: Debt Service | E11: =(PL!F23+PL!F16+PL!F17)/(BS!F46+PL!F16) -> -4.1453004 | F11: =(PL!G23+PL!G16+PL!G17)/(BS!G46+PL!G16) -> -7.2937795 | G11: =(E11-F11)/F11 -> -0.43166634
B12: Return on equity ratio | C12: Net Profits after taxes – Preference Dividend (if any) | D12: Average Shareholder’s Equity | E12: =PL!F27/((BS!F35+BS!G35)/2) -> -1.6116008 | F12: =PL!G27/((BS!G35+BS!H35)/2) -> -2.6554051 | G12: =(E12-F12)/F12 -> -0.39308665
B13: Inventory turnover ratio | C13: Cost of goods sold OR sales | D13: Average Inventory | E13: =(PL!F13+PL!F14)/((BS!F20+BS!G20)/2) -> 1.7696477 | F13: =(PL!G13+PL!G14)/((BS!G20+BS!H20)/2) -> 2.1708904 | G13: =(E13-F13)/F13 -> -0.18482864
B14: Trade receivables turnover ratio | C14: Net Credit Sales | D14: Average Accounts Receivable | E14: =(PL!F8)/((BS!F22+BS!G22)/2) -> 17.450107 | F14: =(PL!G8)/((BS!G22+BS!H22)/2) -> 13.334379 | G14: =(E14-F14)/F14 -> 0.30865547
B15: Trade payables turnover ratio | C15: Net Credit Purchases | D15: Average Trade Payables | E15: =PL!F13/((BS!F48+BS!F49+BS!G49+BS!G48)/2) -> 1.2015015 | F15: =PL!G13/((BS!G48+BS!G49+BS!H49+BS!H48)/2) -> 2.2211127 | G15: =(E15-F15)/F15 -> -0.45905422
B16: Net capital turnover ratio | C16: Net Sales | D16: Average Working Capital | E16: =PL!F8/((BS!F35+BS!G35)/2) -> 1.4779865 | F16: =PL!G8/((BS!G35+BS!H35)/2) -> 2.8473091 | G16: =(E16-F16)/F16 -> -0.48091814
B17: Net profit ratio | C17: Net Profit | D17: Net Sales | E17: =PL!F27/PL!F8 -> -1.0904029 | F17: =PL!G27/PL!G8 -> -0.93260159 | G17: =(E17-F17)/F17 -> 0.16920547
B18: Return on capital employed | C18: Earning before interest and taxes | D18: Net Sales | E18: =(PL!F21+PL!F16)/PL!F8 -> -1.0726011 | F18: =(PL!G21+PL!G16)/PL!G8 -> -0.86146854 | G18: =(E18-F18)/F18 -> 0.24508442
B19: Return on investment | C19: {MV(T1) – MV(T0) – Sum [C(t)]} | D19: {MV(T0) + Sum [W(t) * C(t)]} | E19: NA | F19: NA
B21: For Retun on investments
B22: T1 = End of time period
B23: T0 = Beginning of time period
B24: t = Specific date falling between T1 and T0
B25: MV(T1) = Market Value at T1
B26: MV(T0) = Market Value at T0
B27: C(t) = Cash inflow, cash outflow on specific date
B28: W(t) = Weight of the net cash flow (i.e. either net inflow or net outflow) on day ‘t’, calculated as [T1 – t] / T1

Sheet Note 39 FVM_1
A1: 1908 E-Ventures Private Limited
A2: Notes forming part of the financial statements
A3: =BS!A3 -> [Currency: Indian Rupees(Rs.'000)]
A5: ='Note 38 ratios'!A6+1 -> 39 | B5: Fair value measurements
A6: 1 | B6: Financial instruments by category:
B8: Particulars | C8: As at 31st March, 2024 | E8: As at 31st March, 2023
C9: FVTPL | D9: Amortised cost | E9: FVTPL | F9: Amortised cost
B10: Financial Assets - Non Current
B11: Other non-current financial assets | C11: =+Notes!C63 -> 0 | D11: =+Notes!C62+Notes!C61 -> 0 | E11: =+Notes!E63 -> 275926 | F11: =+Notes!E62+Notes!E61 -> 129044
B13: Financial Assets - Current
B14: Trade receivables | D14: =BS!D22 -> 16202 | F14: 2662259
B15: Cash and cash equivalents | D15: =BS!D23 -> 471884 | F15: 43169
B16: Other Bank balances
B17: Other current financial asset | D17: =BS!D24 -> 25019 | F17: 3679
B18: Financial Liabilities - Non Current
B19: Long-term borrowings | D19: =+BS!D40 -> 0 | F19: 0
B20: Financial Liabilities - Current
B21: Trade payables | D21: =BS!D48+BS!D49 -> 6979746 | F21: 48366092
B22: Other current financial liabilities | D22: =BS!D50 -> 285928 | F22: 1893151
B24: I. Fair value hierarchy
B25: The fair values of the financial assets and liabilities are included at the amount that would be received to sell an asset or paid to transfer a liability in an orderly transaction between market participants at the measurement date. This section explains the judgements and estimates made in determining the fair values of the financial instruments that are (a) recognised and measured at fair value and (b) measured at amortised cost and for which fair values are disclosed in the financial statements. To provide an indication about the reliability of the inputs used in determining fair value, the group has classified its financial instruments into the three levels prescribed under the accounting standard. An explanation of each level follows underneath the table.
B26: Level 1: Level 1 hierarchy includes financial instruments measured using quoted prices. For example, listed equity instruments that have quoted market price.
B27: Level 2: The fair value of financial instruments that are not traded in an active market (for example, traded bonds, over-the- counter derivatives) is determined using valuation techniques which maximise the use of observable market data and rely as little as possible on entity-specific estimates. If all significant inputs required to fair value an instrument are observable, the instrument is included in level 2.
B28: Level 3: If one or more of the significant inputs is not based on observable market data, the instrument is included in level 3. This is the case for unlisted equity securities, contingent consideration and indemnification asset included in level 3.
B29: II. Valuation techniques used to determine fair value
B30: The fair values of security deposits are based on discounted cash flows using a discount rate being incremental borrowing rate (refer note III below)
B31: III. Financial assets and liabilities measured at fair value Fair value hierarchy - recurring fair value measurement:
B33: Particulars | C33: =++C8 -> As at 31st March, 2024 | F33: =+E8 -> As at 31st March, 2023 | I33: 42461
C34: Level 1 | D34: Level 2 | E34: Level 3 | F34: Level 1 | G34: Level 2 | H34: Level 3 | I34: Level 1 | J34: Level 2 | K34: Level 3
B35: Financial Assets - Non-current
B36: Deposits | C36: 0 | D36: 0 | E36: =+C11 -> 0 | F36: 0 | G36: 0 | H36: =+E11 -> 275926 | J36: 0 | K36: 0
I37: 0 | J37: 0
B39: IV. Financial assets and liabilities measured at amortised cost for which fair values are disclosed:
B41: Particulars | C41: =+C33 -> As at 31st March, 2024 | F41: =+F33 -> As at 31st March, 2023 | I41: 42461
C42: Level 1 | D42: Level 2 | E42: Level 3 | F42: Level 1 | G42: Level 2 | H42: Level 3 | I42: Level 1 | J42: Level 2 | K42: Level 3
B43: Financial liabilities - Non-current
B44: Fully Compulsorily Convertible debentures | C44: 0 | D44: 0 | E44: =+D19 -> 0 | F44: 0 | G44: 0 | H44: =+F19 -> 0
B47: Note:
B48: During the periods mentioned above, there have been no transfers amongst the levels of hierarchy.
B49: The carrying amounts of trade receivables, cash and bank balances, other bank balances, non-current loans, current loans, other current financial asset, trade payables and other current financial liabilities are considered to be approximately equal to the fair value.
B50: The fair values computed above for assets and liabilities measured at amortised cost are based on discounted cash flows using a current borrowing rate. They are classified as level 2 fair values in the fair value hierarchy due to the use of observable inputs.

Sheet Note 39credit & liquidity
A1: 2 | B1: Financial risk management
B3: The Company’s principal financial liabilities comprise deposits, trade and other payables. The main purpose of these financial liabilities is to finance the Company’s operations. The Company’s principal financial assets include current loans, trade and other receivables, and cash and cash equivalents that derive directly from its operations. The Company is exposed to credit risk, market risk and liquidity risk. The Company’s senior management oversees the management of these risks.
A5: A | B5: Credit risk
B6: The company is exposed to credit risk from its operating activities (primarily for trade receivables) and from its financing activities (deposits with banks and other financial instruments).
B8: Credit risk management
B9: To manage credit risk, the Company follows a policy of providing 30-180 days credit to the customers basis the nature of customers. The credit limit policy is established considering the current economic trends of the industry in which the company is operating. However, the trade receivables are monitored on a periodic basis for assessing any significant risk of non-recoverability of dues and provision is created accordingly.
B10: Bank balances are held with only high rated banks and majority of other security deposits are placed majorly with government agencies/public sector undertakings.
B12: Age of receivables that are past due:
B13: Particulars | D13: =+Notes!C6 -> As at 31st March, 2024 | E13: =+Notes!E6 -> As at 31st March, 2023
B14: Upto 30 days | E14: 1045430
B15: 30-60 days | D15: =Notes!C111 -> 16201.6 | E15: 1120823
B16: 60-90 days | E16: 111587
B17: More than 90 days | E17: 384419
B18: Total | D18: =SUM(D14:D17) -> 16201.6 | E18: =SUM(E14:E17) -> 2662259 | G18: =BS!D22 -> 16202 | I18: =BS!F22 -> 2662259
A20: B | B20: Liquidity risk
B21: Liquidity risk is defined as the risk that the Company will not be able to settle or meet its obligations on time or at a reasonable price. For the Company, liquidity risk arises from obligations on account of financial liabilities – trade payables and other financial liabilities.
B23: Liquidity risk management
B24: The Company’s management is responsible for liquidity and funding as well as settlement management. In addition, processes and policies related to such risks are overseen by senior management. Management monitors the Company’s net liquidity position through rolling forecasts on the basis of expected cash flows.
A26: C | B26: Market risk
A28: (i) | B28: Price Risk
B29: The company is not exposed to any price risk.
B31: To manage its price risk arising from the investment, the Company has invested in the mutual fund and equity shares after considering the risk and return profile of the mutual funds and equity shares i.e. the debt profile indicates that the debt has been given to creditworthy parties and equity investment is made after considering the performance of the stock.. However, the entity being risk averse has opted to invest its substantial funds in debt oriented mutual funds.
B33: Sensitivity | D33: 2018-19 | E33: 2017-18
B34: Impact on profit after tax for 5% increase in NAV/price | D34: 0 | E34: =SUM('Note 39 FVM_1'!C39:C39)*5% -> 0
B35: Impact on profit after tax for 5% decrease in NAV/Price | D35: 0 | E35: =-SUM('Note 39 FVM_1'!C39:C39)*5% -> 0
A38: =+A1+1 -> 3 | B38: Capital Management
A40: a | B40: Risk management
B41: The company’s objectives when managing capital are to • safeguard their ability to continue as a going concern, so that they can continue to provide returns for shareholders and benefits for other stakeholders, and • maintain an optimal capital structure to reduce the cost of capital. Apart from trade payables and other current liabilities, there is no debt on the company. Therefore, the company manages its capital and return to shareholders by adequately investing in mutual funds and equity shares and adjusting the amount of dividend paid to the shareholders.

Sheet Note 39 FRM2_Currency & price
A1: C | B1: Market risk
A3: (i) | B3: Price Risk
B4: The company is exposed to price risk from its investment in mutual fund, investment in equity shares and investment in preference shares classified in the balance sheet at fair value through profit and loss.
B6: To manage its price risk arising from the investment, the Company has invested in the mutual fund and equity shares after considering the risk and return profile of the mutual funds and equity shares i.e. the debt profile indicates that the debt has been given to creditworthy parties and equity investment is made after considering the performance of the stock.. However, the entity being risk averse has opted to invest its substantial funds in debt oriented mutual funds.
B8: Sensitivity | F8: =+Notes!C6 -> As at 31st March, 2024 | G8: =+Notes!E6 -> As at 31st March, 2023
B9: Impact on profit after tax for 5% increase in NAV/price | F9: 0 | G9: =SUM('Note 39 FVM_1'!E13:E13)*5% -> 0
B10: Impact on profit after tax for 5% decrease in NAV/Price | F10: 0 | G10: =-SUM('Note 39 FVM_1'!E13:E13)*5% -> 0
A13: 3 | B13: Capital Management
A15: a | B15: Risk management
B16: The company’s objectives when managing capital are to • safeguard their ability to continue as a going concern, so that they can continue to provide returns for shareholders and benefits for other stakeholders, and • maintain an optimal capital structure to reduce the cost of capital. Apart from trade payables and other current liabilities, there is no debt on the company. Therefore, the company manages its capital and return to shareholders by adequately investing in mutual funds and equity shares and adjusting the amount of dividend paid to the shareholders.

Sheet Notes 40 to 42
A1: 1908 E-Ventures Private Limited
A2: Notes forming part of the financial statements
A3: =BS!A3 -> [Currency: Indian Rupees(Rs.'000)]
A5: ='Note 39 FVM_1'!A5+1 -> 40 | B5: Contingent liabilities and Commitments
B7: (a) Contingent liabilities
B8: There is no contingent liabilities of the company for the reporting periods.
B10: (b) Commitments
B11: For operating lease commitments, Refer Note 35
A13: =+A5+1 -> 41 | B13: Segment Information
B14: The Company is engaged in the business of trading of personal care products. The performance of the Company is assessed and reviewed by the Chief Operating Decision Maker (‘CODM’) as a single operating segment and accordingly "Personal care products" is the only operating segment.
B15: The company is domiciled in India. The amount of it's revenue from external customer broken down by location of the customers is shown in table below:
F16: (Amount in Rs.'000)
B17: Revenue from external customer | E17: ='Note 39 FRM2_Currency & price'!F8 -> As at 31st March, 2024 | F17: ='Note 39 FRM2_Currency & price'!G8 -> As at 31st March, 2023
B18: India | E18: =+PL!D8 -> 15762039 | F18: =+PL!F8 -> 64296378
B19: Outside India | E19: 0 | F19: 0
B20: Total Revenue | E20: =+SUM(E18:E19) -> 15762039 | F20: =+SUM(F18:F19) -> 64296378
B22: All Non-current assets of the Company are located in India.
A24: =A13+1 -> 42 | B24: Risk analysis
B25: Company is exposed to a number of risks in the defined benefit plans. Most significant risks pertaining to defined benefits plans and management estimation of the impact of these risks are as follows:
B26: The amount of defined benefit obligation, plan assets, the deficit thereof and the experience adjustments on plan assets and plan liabilities for the current and previous four years are as follows:
A27: (i) | B27: Salary growth risks
B28: The present value of the defined benefit plan liability is calculated by reference to the future salaries of plan participates. Salary increase considered @ 7.50%. As such, an increase in the salary of the plan participants will increase the plan's liability.
A30: (ii) | B30: Life expectancy / Longevity risks
B31: The present value of the defined benefit plan liability is calculated by reference to the best estimates of the mortality of plan participants both during and after their employment. Mortality tables as per Indian Assured Lives Mortality (2006-08) modified Ult. is used for during the employment and post retirement respectively. An increase in the life expectancy of the plan participants will increase the plan's liability. Since the benefits are lump sum in nature the plan is not subject to longevity risks.
A33: (iii) | B33: Interest rate risks
B34: A decrease in the bond interest rate will increase the plan liability.
A36: (iv) | B36: Inflation risks
B37: The present value of the defined benefit plan liability is calculated using 5% inflation rate. As such, a decrease in the inflation rate will increase the plan's liability.
A39: =A24+1 -> 43 | B39: Micro and small enterprises
B40: There are no Micro, Small and Medium Enterprises, to whom the Company owes dues, which are outstanding for more than 45 days as at 31 March 2018. This information as required to be disclosed under the Micro, Small and Medium Enterprises Development Act, 2006, has been determined to the extent such parties have been identified on the basis of information available with the Company.
B42: For Sunil Modi & Co
B43: Chartered Accountants
B44: Firm Registration No. 142806W

Sheet Notes 43 to 48
A1: 1908 E-Ventures Private Limited
A2: Notes forming part of the financial statements
A3: =BS!A3 -> [Currency: Indian Rupees(Rs.'000)]
A5: =+'Notes 40 to 42'!A24+1 -> 43 | B5: Details relating to Micro, Small and Medium Enterprises:
B6: Particulars | F6: ='Employee benefits Note 36'!E19 -> 31st March, 2024 | G6: ='Employee benefits Note 36'!F19 -> 31st March, 2023
B8: (a) | C8: the principal amount and the interest due thereon (to be shown separately) remaining unpaid to any supplier as at the end of each accounting year; | F8: =+BS!D48 -> 212179 | G8: =+BS!F48 -> 21277182
B9: (b) | C9: the amount of interest paid by the buyer in terms section 16 of the Micro, Small and Medium Enterprises Development Act, 2006 along with the amounts of the payment made to the supplier beyond the appointed day during each accounting year; | F9: 0 | G9: 0
B10: (c) | C10: the amount of interest due and payable for the period of delay in making payment (which have been paid but beyond the appointed day during the year) but without adding the interest specified under the Micro, Small and Medium Enterprises Development Act, 2006; | F10: 0 | G10: 0
B11: (d) | C11: The amount of interest accrued and remaining unpaid at the end of each accounting year; and | F11: 0 | G11: 0
B12: (e) | C12: the amount of further interest remaining due and payable even in the succeeding year, until such date when the interest dues as above are actually paid to the small enterprise, for the purpose of disallowance as a deductible expenditure under section 23 of the Micro, Small and Medium Enterprises Development (MSMED) Act, 2006; | F12: 0 | G12: 0
A14: =+A5+1 -> 44 | B14: Other statutory information
A16: i) | B16: There are no transactions during the year with struck off companies as at 31 March 2024
A17: ii) | B17: The company has not traded or invested in crypto currency or Virtual currency during the year.
A18: iii) | B18: During the year the Company has not advanced or loaned or invested funds (either borrowed funds or share premium or any other sources or kind of funds) to any other person or entity including foreign entities (intermediaries) with the understanding (whether recorded in writing or otherwise) that the intermediary shall (i) directly or indirectly lend or invest in other person or entities identified in any manner whatsoever by or on behalf of company (ultimate beneficiaries) or (ii) provide any guarantee, security or the like to or behalf of the ultimate beneficiaries. The company has not given any loans except loans to employees and made inventories in the marketable equity shares. The company has not given guarantee or provided security.
A19: iv) | B19: The Company has not received any fund from any person(s) or entity(ies) including foreign entities (funding party) with the understanding (whether recorded in writing or otherwise) that the Company shall (i) directly or indirectly lender invest in any manner whatsoever by or on behalf of the funding party (ultimate beneficiaries) or (ii) provide any guarantee, security or the to or behalf of the (ultimate beneficiaries) or (iii) provide any guarantee, security or the like to or on behalf of the ultimate beneficiaries.
A20: v) | B20: No proceedings are initiated or pending against the company for holding benami property under the Benami Transactions (Prohibition) Act, 1988 (45 of 1988)
A22: =+A14+1 -> 45 | B22: Exceptional item
C23: Particulars | F23: Amount
B24: 1 | C24: ICD received from J. B. Advani & Company Pvt. Ltd. | F24: ='PL Grouping'!K62 -> 37265381
B25: =B24+1 -> 2 | C25: Interest on ICD received from J. B. Advani & Company Pvt. Ltd. | F25: ='PL Grouping'!K64 -> 1021445
D26: Total | F26: =SUM(F24:F25) -> 38286826
A28: =A22+1 -> 46 | B28: The Company has executed NDA with interested party/investor for revival of business. The ultimate holding company is supporting and extending financial support to the Company. Moreever the material worth Rupees 19.46 lakhs during the year.
B29: The company is retaining all major brands such as Sublime Life, Coccoon and Santic, which creates value for the stakeholders. The management carried out its own assessment towards future business plan, interest, ability and liquidity to run the busienss activities and management is confident that the going concern of the business activity has not impacted.
A31: =+A28+1 -> 47 | B31: The Company has migrated to Tally Prime from Tally ERP 9 during the year and is in the process of establishing necessary controls and documentations regarding audit trail.
A33: =+A31+1 -> 48 | B33: Previous year’s figures have been regrouped/reclassified wherever necessary to correspond with the current year's classification/disclosure.
B35: ="Signature to notes to Financial Statements 1 to " &A33 -> Signature to notes to Financial Statements 1 to 48
B37: For Sunil Modi & Co | E37: For and on behalf of the Board of Directors
B38: Chartered Accountants
B39: Firm Registration No. 142806W
B43: Sunil Modi | E43: =+BS!C63 -> Deep A. Lalvani | G43: =+BS!F63 -> Jatin D. Pokarne
B44: Partner | E44: =+BS!C64 -> Chairman | G44: =+BS!F64 -> Director
B45: Membership No. 042562 | E45: =+BS!C65 -> DIN: 01771000 | G45: =+BS!F65 -> DIN: 10205733
B46: =+BS!B66 -> Place : Mumbai | E46: =+BS!C66 -> Place : Mumbai | G46: =+BS!F66 -> Place : Mumbai
B47: =+BS!B67 -> Date : 8th May, 2024 | E47: =+BS!C67 -> Date : 8th May, 2024 | G47: =+BS!F67 -> Date : 8th May, 2024

Sheet PL Grouping
A1: =BS!A1 -> 1908 E-Ventures Private Limited | C1: income tax refund to be fgrouped in balance sheet | D1: Total | K1: =-K606-K612-K620-K629-K643-K647-K654-K668-K672-K679-K683-K687-K691-K756-K695-K704-K700-K709-K716-K633+K637 -> 0 | L1: income tax refund to be fgrouped in balance sheet | M1: Total | T1: 0 | V1: Total | AC1: 0 | AE1: Total | AL1: 0 | AU1: 0
A2: Groupings PL | K2: if error exp | T2: if error exp | AC2: if error exp | AL2: if error exp | AM2: 0
C3: =C386 -> -33348.24 | E3: =E386 -> -0.07 | G3: =G386 -> 0.01 | I3: =I386 -> 0.06 | L3: -0.98 | N3: -0.07 | P3: -1.04 | R3: -0.94 | U3: -4937.49 | W3: 0 | Y3: 0 | AA3: 0 | AH3: 18640762 | AI3: 18509809 | AJ3: 130953
A4: Particulars | C4: For the period ended 31 March 24 | L4: For the period ended 31 Dec 23 | U4: For the period ended 30 Sep 23 | AD4: For the year ended 31 March 2023 | AM4: For the year ended 31 March 2022
B5: Reference | C5: Mumbai | D5: Adj | E5: Banglore | F5: Adj | G5: Delhi | H5: Adj | I5: Haryana | J5: Adj | K5: Total | L5: Mumbai | M5: Adj | N5: Banglore | O5: Adj | P5: Delhi | Q5: Adj | R5: Haryana | S5: Adj | T5: Total | U5: Mumbai | V5: Adj | W5: Banglore | X5: Adj | Y5: Delhi | Z5: Adj | AA5: Haryana | AB5: Adj | AC5: Total | AD5: Mumbai | AE5: Adj | AF5: Banglore | AG5: Adj | AH5: Delhi | AI5: Adj | AJ5: Haryana | AK5: Adj | AL5: Total | AM5: Mumbai | AN5: Adj | AO5: Banglore | AP5: Adj | AQ5: Delhi | AR5: Adj | AS5: haryana | AT5: Adj | AU5: Total | AV5: Just check | AY5: 24500 | AZ5: Bhadu
A6: Revenue from operations | AY6: 9000 | AZ6: Aunty
A7: Sale of products | K7: =SUM(C7:H7) -> 0 | T7: 0 | AC7: 0 | AL7: 0 | AU7: 0 | AY7: 10000 | AZ7: Cash
A8: Sales Accounts | B8: TB | C8: {=_xlfn.XLOOKUP(A8,'TB upload'!A:A,'TB upload'!C:C-'TB upload'!B:B,0,0)} -> 15008351 | E8: {=_xlfn.XLOOKUP(A8,'TB upload'!A:A,'TB upload'!E:E-'TB upload'!D:D,0,0)} -> 160223.52 | G8: {=_xlfn.XLOOKUP(A8,'TB upload'!A:A,'TB upload'!G:G-'TB upload'!F:F,0,0)} -> 84213.15 | I8: {=_xlfn.XLOOKUP(A8,'TB upload'!A:A,'TB upload'!I:I-'TB upload'!H:H,0,0)} -> 509250.89 | K8: =SUM(C8:J8) -> 15762039 | L8: 13800443 | N8: 160223.52 | P8: 74660.6 | R8: 509250.89 | T8: 14544578 | U8: 10577359 | W8: 63758 | Y8: 74660 | AA8: 294942 | AC8: 11010719 | AD8: 63860391 | AF8: 159005.92 | AG8: -125415.76 | AH8: 91360.19 | AI8: -95909.75 | AJ8: 406946.2 | AL8: 64296378 | AM8: 60671546 | AO8: 315818 | AP8: -201412 | AQ8: 3683319 | AR8: -9378 | AU8: 64459893 | AY8: 13000 | AZ8: EMI
A9: Sales bills to make please see | B9: Adjustments | K9: =SUM(C9:J9) -> 0 | T9: 0 | AC9: 0 | AU9: 0 | AY9: 5000 | AZ9: Dhupani
B10: Total | C10: =SUM(C7:C9) -> 15008351 | D10: =SUM(D7:D9) -> 0 | E10: =SUM(E7:E9) -> 160223.52 | F10: =SUM(F7:F9) -> 0 | G10: =SUM(G7:G9) -> 84213.15 | H10: =SUM(H7:H9) -> 0 | I10: =SUM(I7:I9) -> 509250.89 | J10: =SUM(J7:J9) -> 0 | K10: =SUM(K7:K9) -> 15762039 | L10: 13800443 | M10: 0 | N10: 160223.52 | O10: 0 | P10: 74660.6 | Q10: 0 | R10: 509250.89 | S10: 0 | T10: 14544578 | U10: 10577359 | V10: 0 | W10: 63758 | X10: 0 | Y10: 74660 | Z10: 0 | AA10: 294942 | AB10: 0 | AC10: 11010719 | AD10: 63860391 | AE10: 0 | AF10: 159005.92 | AG10: -125415.76 | AH10: 91360.19 | AI10: -95909.75 | AJ10: 406946.2 | AK10: 0 | AL10: 64296378 | AM10: 60671546 | AN10: 0 | AO10: 315818 | AP10: -201412 | AQ10: 3683319 | AR10: -9378 | AS10: 0 | AT10: 0 | AU10: 64459893 | AV10: =AL10-AU10 -> -163514.79 | AY10: 11000 | AZ10: Bank transfer
A12: Other operating revenue | B12: pending | K12: =SUM(C12:J12) -> 0 | T12: 0 | AC12: 0 | AL12: 0 | AU12: 0 | AY12: =SUM(AY5:AY11) -> 72500
A15: Other income
A17: Interest on bank deposit
A18: Interest on FD | B18: TB | C18: {=_xlfn.XLOOKUP(A18,'TB upload'!A:A,'TB upload'!C:C-'TB upload'!B:B,0,0)} -> 5231 | E18: {=_xlfn.XLOOKUP(A18,'TB upload'!A:A,'TB upload'!E:E-'TB upload'!D:D,0,0)} -> 0 | G18: {=_xlfn.XLOOKUP(A18,'TB upload'!A:A,'TB upload'!G:G-'TB upload'!F:F,0,0)} -> 0 | I18: {=_xlfn.XLOOKUP(A18,'TB upload'!A:A,'TB upload'!I:I-'TB upload'!H:H,0,0)} -> 0 | K18: =SUM(C18:J18) -> 5231 | L18: 5705 | N18: 0 | P18: 0 | R18: 0 | T18: 5705 | U18: 5705 | AC18: 5705 | AD18: 5186 | AF18: 0 | AH18: 0 | AJ18: 0 | AL18: 5186 | AM18: 4729 | AU18: 4729
B20: Total | C20: =SUM(C18:C19) -> 5231 | D20: =SUM(D18:D19) -> 0 | E20: =SUM(E18:E19) -> 0 | F20: =SUM(F18:F19) -> 0 | G20: =SUM(G18:G19) -> 0 | H20: =SUM(H18:H19) -> 0 | I20: =SUM(I18:I19) -> 0 | J20: =SUM(J18:J19) -> 0 | K20: =SUM(K18:K19) -> 5231 | L20: 5705 | M20: 0 | N20: 0 | O20: 0 | P20: 0 | Q20: 0 | R20: 0 | S20: 0 | T20: 5705 | U20: 5705 | V20: 0 | W20: 0 | X20: 0 | Y20: 0 | Z20: 0 | AA20: 0 | AB20: 0 | AC20: 5705 | AD20: 5186 | AE20: 0 | AF20: 0 | AG20: 0 | AH20: 0 | AI20: 0 | AJ20: 0 | AK20: 0 | AL20: 5186 | AM20: 4729 | AN20: 0 | AO20: 0 | AP20: 0 | AQ20: 0 | AR20: 0 | AS20: 0 | AT20: 0 | AU20: 4729 | AV20: =AL20-AU20 -> 457
A22: Interest on income tax refunds
A23: Interest on Income Tax Refund | B23: TB | C23: {=_xlfn.XLOOKUP(A23,'TB upload'!A:A,'TB upload'!C:C-'TB upload'!B:B,0,0)} -> 5804 | E23: {=_xlfn.XLOOKUP(A23,'TB upload'!A:A,'TB upload'!E:E-'TB upload'!D:D,0,0)} -> 0 | G23: {=_xlfn.XLOOKUP(A23,'TB upload'!A:A,'TB upload'!G:G-'TB upload'!F:F,0,0)} -> 0 | I23: {=_xlfn.XLOOKUP(A23,'TB upload'!A:A,'TB upload'!I:I-'TB upload'!H:H,0,0)} -> 0 | K23: =SUM(C23:J23) -> 5804 | L23: 5804 | N23: 0 | P23: 0 | R23: 0 | T23: 5804 | U23: 0 | AC23: 0 | AD23: 2797 | AF23: 0 | AH23: 0 | AJ23: 0 | AL23: 2797 | AM23: 8748 | AU23: 8748
A24: INCOME TAX REFUND | B24: TB | C24: {=_xlfn.XLOOKUP(A24,'TB upload'!A:A,'TB upload'!C:C-'TB upload'!B:B,0,0)} -> 0 | D24: =-C24 -> 0 | E24: {=_xlfn.XLOOKUP(A24,'TB upload'!A:A,'TB upload'!E:E-'TB upload'!D:D,0,0)} -> 0 | G24: {=_xlfn.XLOOKUP(A24,'TB upload'!A:A,'TB upload'!G:G-'TB upload'!F:F,0,0)} -> 0 | I24: {=_xlfn.XLOOKUP(A24,'TB upload'!A:A,'TB upload'!I:I-'TB upload'!H:H,0,0)} -> 0 | K24: =SUM(C24:J24) -> 0 | L24: 145120 | M24: -145120 | N24: 0 | P24: 0 | R24: 0 | T24: 0 | U24: 0 | AC24: 0 | AD24: 0 | AF24: 0 | AH24: 0 | AJ24: 0 | AL24: 0 | AU24: 0
B26: Total | C26: =SUM(C23:C25) -> 5804 | D26: =SUM(D23:D25) -> 0 | E26: =SUM(E23:E25) -> 0 | F26: =SUM(F23:F25) -> 0 | G26: =SUM(G23:G25) -> 0 | H26: =SUM(H23:H25) -> 0 | I26: =SUM(I23:I25) -> 0 | J26: =SUM(J23:J25) -> 0 | K26: =SUM(K23:K25) -> 5804 | L26: 150924 | M26: -145120 | N26: 0 | O26: 0 | P26: 0 | Q26: 0 | R26: 0 | S26: 0 | T26: 5804 | U26: 0 | V26: 0 | W26: 0 | X26: 0 | Y26: 0 | Z26: 0 | AA26: 0 | AB26: 0 | AC26: 0 | AD26: 2797 | AE26: 0 | AF26: 0 | AG26: 0 | AH26: 0 | AI26: 0 | AJ26: 0 | AK26: 0 | AL26: 2797 | AM26: 8748 | AN26: 0 | AO26: 0 | AP26: 0 | AQ26: 0 | AR26: 0 | AS26: 0 | AT26: 0 | AU26: 8748 | AV26: =AL26-AU26 -> -5951
A28: exchange gain
A29: Exchange rate difference | B29: TB | C29: {=_xlfn.XLOOKUP(A29,'TB upload'!A:A,'TB upload'!C:C-'TB upload'!B:B,0,0)} -> 0 | E29: {=_xlfn.XLOOKUP(A29,'TB upload'!A:A,'TB upload'!E:E-'TB upload'!D:D,0,0)} -> 0 | G29: {=_xlfn.XLOOKUP(A29,'TB upload'!A:A,'TB upload'!G:G-'TB upload'!F:F,0,0)} -> 0 | I29: {=_xlfn.XLOOKUP(A29,'TB upload'!A:A,'TB upload'!I:I-'TB upload'!H:H,0,0)} -> 0 | K29: =SUM(C29:J29) -> 0 | L29: 0 | N29: 0 | P29: 0 | R29: 0 | T29: 0 | U29: 0 | AC29: 0 | AD29: 0 | AF29: 0 | AH29: 0 | AJ29: 0 | AL29: 0 | AU29: 0
B31: Total | C31: =SUM(C29:C30) -> 0 | D31: =SUM(D29:D30) -> 0 | E31: =SUM(E29:E30) -> 0 | F31: =SUM(F29:F30) -> 0 | G31: =SUM(G29:G30) -> 0 | H31: =SUM(H29:H30) -> 0 | I31: =SUM(I29:I30) -> 0 | J31: =SUM(J29:J30) -> 0 | K31: =SUM(K29:K30) -> 0 | L31: 0 | M31: 0 | N31: 0 | O31: 0 | P31: 0 | Q31: 0 | R31: 0 | S31: 0 | T31: 0 | U31: 0 | V31: 0 | W31: 0 | X31: 0 | Y31: 0 | Z31: 0 | AA31: 0 | AB31: 0 | AC31: 0 | AD31: 0 | AE31: 0 | AF31: 0 | AG31: 0 | AH31: 0 | AI31: 0 | AJ31: 0 | AK31: 0 | AL31: 0 | AM31: 0 | AN31: 0 | AO31: 0 | AP31: 0 | AQ31: 0 | AR31: 0 | AS31: 0 | AT31: 0 | AU31: 0 | AV31: =AL31-AU31 -> 0
A32: Profit on sale of assets
A33: Profit on sale of fixed assets | B33: TB | C33: ='TB upload'!C102 -> 76.76 | E33: {=_xlfn.XLOOKUP(A33,'TB upload'!A:A,'TB upload'!E:E-'TB upload'!D:D,0,0)} -> 0 | G33: {=_xlfn.XLOOKUP(A33,'TB upload'!A:A,'TB upload'!G:G-'TB upload'!F:F,0,0)} -> 0 | I33: {=_xlfn.XLOOKUP(A33,'TB upload'!A:A,'TB upload'!I:I-'TB upload'!H:H,0,0)} -> 0 | K33: =SUM(C33:J33) -> 76.76 | L33: 0 | N33: 0 | P33: 0 | R33: 0 | T33: 0 | U33: 0 | AC33: 0 | AD33: 0 | AF33: 0 | AH33: 0 | AJ33: 0 | AL33: 0 | AM33: 2435 | AU33: 2435
A34: Loss on Sale of Assets | B34: TB | C34: {=_xlfn.XLOOKUP(A34,'TB upload'!A:A,'TB upload'!C:C-'TB upload'!B:B,0,0)} -> -221125.39 | E34: {=_xlfn.XLOOKUP(A34,'TB upload'!A:A,'TB upload'!E:E-'TB upload'!D:D,0,0)} -> 0 | G34: {=_xlfn.XLOOKUP(A34,'TB upload'!A:A,'TB upload'!G:G-'TB upload'!F:F,0,0)} -> 0 | I34: {=_xlfn.XLOOKUP(A34,'TB upload'!A:A,'TB upload'!I:I-'TB upload'!H:H,0,0)} -> -2016 | K34: =SUM(C34:J34) -> -223141.39 | L34: -3084 | N34: 0 | P34: 0 | R34: -2016 | T34: -5100 | U34: -3084 | AA34: -2016 | AC34: -5100 | AD34: 0 | AF34: 0 | AH34: 0 | AJ34: 0 | AL34: 0 | AM34: 0 | AU34: 0
B36: Total | C36: =SUM(C33:C35) -> -221048.63 | D36: =SUM(D33:D35) -> 0 | E36: =SUM(E33:E35) -> 0 | F36: =SUM(F33:F35) -> 0 | G36: =SUM(G33:G35) -> 0 | H36: =SUM(H33:H35) -> 0 | I36: =SUM(I33:I35) -> -2016 | J36: =SUM(J33:J35) -> 0 | K36: =SUM(K33:K35) -> -223064.63 | L36: -3084 | M36: 0 | N36: 0 | O36: 0 | P36: 0 | Q36: 0 | R36: -2016 | S36: 0 | T36: -5100 | U36: -3084 | V36: 0 | W36: 0 | X36: 0 | Y36: 0 | Z36: 0 | AA36: -2016 | AB36: 0 | AC36: -5100 | AD36: 0 | AE36: 0 | AF36: 0 | AG36: 0 | AH36: 0 | AI36: 0 | AJ36: 0 | AK36: 0 | AL36: 0 | AM36: 2435 | AN36: 0 | AO36: 0 | AP36: 0 | AQ36: 0 | AR36: 0 | AS36: 0 | AT36: 0 | AU36: 2435 | AV36: =AL36-AU36 -> -2435
A37: Sundry balances written back
A38: Sundry Advances / Debit Balance Written Off | B38: TB | C38: {=_xlfn.XLOOKUP(A38,'TB upload'!A:A,'TB upload'!C:C-'TB upload'!B:B,0,0)} -> 3408 | E38: {=_xlfn.XLOOKUP(A38,'TB upload'!A:A,'TB upload'!E:E-'TB upload'!D:D,0,0)} -> 0 | G38: {=_xlfn.XLOOKUP(A38,'TB upload'!A:A,'TB upload'!G:G-'TB upload'!F:F,0,0)} -> -1855.7 | I38: {=_xlfn.XLOOKUP(A38,'TB upload'!A:A,'TB upload'!I:I-'TB upload'!H:H,0,0)} -> 0 | K38: =SUM(C38:J38) -> 1552.3 | L38: 0 | N38: 0 | P38: -1855.7 | R38: 0 | T38: -1855.7 | U38: -999365.97 | AC38: -999365.97 | AD38: -23932 | AE38: 23932 | AF38: 0 | AH38: 0 | AJ38: 0 | AL38: 0 | AM38: 0 | AN38: 40000 | AU38: 40000
A39: Sundry Advances / Credit Balance Written Off | B39: TB | C39: {=_xlfn.XLOOKUP(A39,'TB upload'!A:A,'TB upload'!C:C-'TB upload'!B:B,0,0)} -> -6613.32 | D39: =-D54 -> 14105233 | E39: {=_xlfn.XLOOKUP(A39,'TB upload'!A:A,'TB upload'!E:E-'TB upload'!D:D,0,0)} -> 0 | G39: {=_xlfn.XLOOKUP(A39,'TB upload'!A:A,'TB upload'!G:G-'TB upload'!F:F,0,0)} -> 418.22 | I39: {=_xlfn.XLOOKUP(A39,'TB upload'!A:A,'TB upload'!I:I-'TB upload'!H:H,0,0)} -> 0 | K39: =SUM(C39:J39) -> 14099038 | L39: 48519.36 | N39: 0 | P39: 418.22 | R39: 0 | T39: 48937.58 | U39: 0 | AA39: 100144 | AC39: 100144 | AD39: 13411.11 | AF39: 0 | AH39: 0 | AJ39: 0 | AK39: 27434.19 | AL39: 40845.3 | AM39: 224249.5 | AP39: 4995 | AU39: 229244.5
B41: Total | C41: =SUM(C38:C40) -> -3205.32 | D41: =SUM(D38:D40) -> 14105233 | E41: =SUM(E38:E40) -> 0 | F41: =SUM(F38:F40) -> 0 | G41: =SUM(G38:G40) -> -1437.48 | H41: =SUM(H38:H40) -> 0 | I41: =SUM(I38:I40) -> 0 | J41: =SUM(J38:J40) -> 0 | K41: =SUM(K38:K40) -> 14100590 | L41: 48519.36 | M41: 0 | N41: 0 | O41: 0 | P41: -1437.48 | Q41: 0 | R41: 0 | S41: 0 | T41: 47081.88 | U41: -999365.97 | V41: 0 | W41: 0 | X41: 0 | Y41: 0 | Z41: 0 | AA41: 100144 | AB41: 0 | AC41: -899221.97 | AD41: -10520.89 | AE41: 23932 | AF41: 0 | AG41: 0 | AH41: 0 | AI41: 0 | AJ41: 0 | AK41: 27434.19 | AL41: 40845.3 | AM41: 224249.5 | AN41: 40000 | AO41: 0 | AP41: 4995 | AQ41: 0 | AR41: 0 | AS41: 0 | AT41: 0 | AU41: 269244.5 | AV41: =AL41-AU41 -> -228399.2
A42: Sundry receipts
A43: Discount Given (Non GST) | B43: TB | C43: {=_xlfn.XLOOKUP(A43,'TB upload'!A:A,'TB upload'!C:C-'TB upload'!B:B,0,0)} -> 0 | E43: {=_xlfn.XLOOKUP(A43,'TB upload'!A:A,'TB upload'!E:E-'TB upload'!D:D,0,0)} -> 0 | G43: {=_xlfn.XLOOKUP(A43,'TB upload'!A:A,'TB upload'!G:G-'TB upload'!F:F,0,0)} -> 0 | I43: {=_xlfn.XLOOKUP(A43,'TB upload'!A:A,'TB upload'!I:I-'TB upload'!H:H,0,0)} -> 0 | K43: =SUM(C43:J43) -> 0 | L43: 0 | N43: 0 | P43: 0 | R43: 0 | T43: 0 | U43: 0 | AC43: 0 | AD43: 0 | AF43: 0 | AH43: 0 | AJ43: 0 | AL43: 0 | AM43: 0 | AU43: 0
A44: Discount Received( Sales) | B44: TB | C44: {=_xlfn.XLOOKUP(A44,'TB upload'!A:A,'TB upload'!C:C-'TB upload'!B:B,0,0)} -> 0 | E44: {=_xlfn.XLOOKUP(A44,'TB upload'!A:A,'TB upload'!E:E-'TB upload'!D:D,0,0)} -> 0 | G44: {=_xlfn.XLOOKUP(A44,'TB upload'!A:A,'TB upload'!G:G-'TB upload'!F:F,0,0)} -> 0 | I44: {=_xlfn.XLOOKUP(A44,'TB upload'!A:A,'TB upload'!I:I-'TB upload'!H:H,0,0)} -> 0 | K44: =SUM(C44:J44) -> 0 | L44: 0 | N44: 0 | P44: 0 | R44: 0 | T44: 0 | U44: 0 | AC44: 0 | AD44: 0 | AF44: 0 | AH44: 0 | AJ44: 0 | AL44: 0 | AM44: 0 | AU44: 0
A45: Discount Recieved | B45: TB | C45: {=_xlfn.XLOOKUP(A45,'TB upload'!A:A,'TB upload'!C:C-'TB upload'!B:B,0,0)} -> 13136.4 | E45: {=_xlfn.XLOOKUP(A45,'TB upload'!A:A,'TB upload'!E:E-'TB upload'!D:D,0,0)} -> 0 | G45: {=_xlfn.XLOOKUP(A45,'TB upload'!A:A,'TB upload'!G:G-'TB upload'!F:F,0,0)} -> 0 | I45: {=_xlfn.XLOOKUP(A45,'TB upload'!A:A,'TB upload'!I:I-'TB upload'!H:H,0,0)} -> 0 | K45: =SUM(C45:J45) -> 13136.4 | L45: 13136.4 | N45: 0 | P45: 0 | R45: 0 | T45: 13136.4 | U45: 13136.4 | AC45: 13136.4 | AD45: 999.46 | AF45: 0 | AH45: 0 | AJ45: 0 | AL45: 999.46 | AM45: 750 | AU45: 750
A46: Freight on Sales | B46: TB | C46: {=_xlfn.XLOOKUP(A46,'TB upload'!A:A,'TB upload'!C:C-'TB upload'!B:B,0,0)} -> 0 | E46: {=_xlfn.XLOOKUP(A46,'TB upload'!A:A,'TB upload'!E:E-'TB upload'!D:D,0,0)} -> 0 | G46: {=_xlfn.XLOOKUP(A46,'TB upload'!A:A,'TB upload'!G:G-'TB upload'!F:F,0,0)} -> 0 | I46: {=_xlfn.XLOOKUP(A46,'TB upload'!A:A,'TB upload'!I:I-'TB upload'!H:H,0,0)} -> 0 | K46: =SUM(C46:J46) -> 0 | L46: 0 | N46: 0 | P46: 0 | R46: 0 | T46: 0 | U46: 0 | AC46: 0 | AD46: 0 | AF46: 0 | AH46: 0 | AJ46: 0 | AL46: 0 | AM46: 0 | AO46: 0 | AQ46: 126741 | AU46: 126741
A47: Freight on SL Sales | B47: TB | C47: {=_xlfn.XLOOKUP(A47,'TB upload'!A:A,'TB upload'!C:C-'TB upload'!B:B,0,0)} -> 0 | E47: {=_xlfn.XLOOKUP(A47,'TB upload'!A:A,'TB upload'!E:E-'TB upload'!D:D,0,0)} -> 0 | G47: {=_xlfn.XLOOKUP(A47,'TB upload'!A:A,'TB upload'!G:G-'TB upload'!F:F,0,0)} -> 0 | I47: {=_xlfn.XLOOKUP(A47,'TB upload'!A:A,'TB upload'!I:I-'TB upload'!H:H,0,0)} -> 0 | K47: =SUM(C47:J47) -> 0 | L47: 0 | N47: 0 | P47: 0 | R47: 0 | T47: 0 | U47: 0 | AC47: 0 | AD47: 0 | AF47: 0 | AH47: 0 | AJ47: 0 | AL47: 0 | AM47: 0 | AU47: 0
A48: Miscellenous Income | B48: TB | C48: {=_xlfn.XLOOKUP(A48,'TB upload'!A:A,'TB upload'!C:C-'TB upload'!B:B,0,0)} -> 0 | E48: {=_xlfn.XLOOKUP(A48,'TB upload'!A:A,'TB upload'!E:E-'TB upload'!D:D,0,0)} -> 0 | G48: {=_xlfn.XLOOKUP(A48,'TB upload'!A:A,'TB upload'!G:G-'TB upload'!F:F,0,0)} -> 0 | I48: {=_xlfn.XLOOKUP(A48,'TB upload'!A:A,'TB upload'!I:I-'TB upload'!H:H,0,0)} -> 0 | K48: =SUM(C48:J48) -> 0 | L48: 0 | N48: 0 | P48: 0 | R48: 0 | T48: 0 | U48: 0 | AC48: 0 | AD48: 14892.02 | AF48: 0 | AH48: 0 | AJ48: 0 | AK48: 22402.46 | AL48: 37294.48 | AM48: 66627.52 | AU48: 66627.52
A49: Sales Interstate ( Damage Stock ) | B49: TB | C49: {=_xlfn.XLOOKUP(A49,'TB upload'!A:A,'TB upload'!C:C-'TB upload'!B:B,0,0)} -> 0 | E49: {=_xlfn.XLOOKUP(A49,'TB upload'!A:A,'TB upload'!E:E-'TB upload'!D:D,0,0)} -> 0 | G49: {=_xlfn.XLOOKUP(A49,'TB upload'!A:A,'TB upload'!G:G-'TB upload'!F:F,0,0)} -> 0 | I49: {=_xlfn.XLOOKUP(A49,'TB upload'!A:A,'TB upload'!I:I-'TB upload'!H:H,0,0)} -> 0 | K49: =SUM(C49:J49) -> 0 | L49: 0 | N49: 0 | P49: 0 | R49: 0 | T49: 0 | U49: 0 | AC49: 0 | AD49: 0 | AF49: 0 | AH49: 0 | AJ49: 0 | AL49: 0 | AM49: 0 | AU49: 0
A50: Shipping Charges | B50: TB | C50: {=_xlfn.XLOOKUP(A50,'TB upload'!A:A,'TB upload'!C:C-'TB upload'!B:B,0,0)} -> 170350.79 | E50: {=_xlfn.XLOOKUP(A50,'TB upload'!A:A,'TB upload'!E:E-'TB upload'!D:D,0,0)} -> 474.6 | G50: {=_xlfn.XLOOKUP(A50,'TB upload'!A:A,'TB upload'!G:G-'TB upload'!F:F,0,0)} -> 644.1 | I50: {=_xlfn.XLOOKUP(A50,'TB upload'!A:A,'TB upload'!I:I-'TB upload'!H:H,0,0)} -> 0 | K50: =SUM(C50:J50) -> 171469.49 | L50: 170249.09 | N50: 474.6 | P50: 644.1 | R50: 0 | T50: 171367.79 | U50: 98380.51 | W50: 475 | Y50: 644 | AC50: 99499.51 | AD50: 644327.69 | AF50: 1928.01 | AH50: 33.9 | AJ50: 0 | AL50: 646289.6 | AM50: 625921.77 | AO50: 970 | AU50: 626891.77
A51: Marketing Charges | B51: TB | C51: {=_xlfn.XLOOKUP(A51,'TB upload'!A:A,'TB upload'!C:C-'TB upload'!B:B,0,0)} -> 0 | E51: {=_xlfn.XLOOKUP(A51,'TB upload'!A:A,'TB upload'!E:E-'TB upload'!D:D,0,0)} -> 0 | G51: {=_xlfn.XLOOKUP(A51,'TB upload'!A:A,'TB upload'!G:G-'TB upload'!F:F,0,0)} -> 0 | I51: {=_xlfn.XLOOKUP(A51,'TB upload'!A:A,'TB upload'!I:I-'TB upload'!H:H,0,0)} -> 0 | K51: =SUM(C51:J51) -> 0 | L51: 0 | N51: 0 | P51: 0 | R51: 0 | T51: 0 | U51: 0 | AC51: 0 | AD51: 19500 | AF51: 0 | AH51: 0 | AJ51: 0 | AL51: 19500 | AM51: 0 | AU51: 0
A52: Short/Excess IT Provision | B52: TB | C52: {=_xlfn.XLOOKUP(A52,'TB upload'!A:A,'TB upload'!C:C-'TB upload'!B:B,0,0)} -> 17837.98 | K52: =SUM(C52:J52) -> 17837.98
A53: Marketing Activities ( Advertisement ) | B53: TB | C53: {=_xlfn.XLOOKUP(A53,'TB upload'!A:A,'TB upload'!C:C-'TB upload'!B:B,0,0)} -> 40000 | E53: {=_xlfn.XLOOKUP(A53,'TB upload'!A:A,'TB upload'!E:E-'TB upload'!D:D,0,0)} -> 0 | G53: {=_xlfn.XLOOKUP(A53,'TB upload'!A:A,'TB upload'!G:G-'TB upload'!F:F,0,0)} -> 0 | I53: {=_xlfn.XLOOKUP(A53,'TB upload'!A:A,'TB upload'!I:I-'TB upload'!H:H,0,0)} -> 0 | K53: =SUM(C53:J53) -> 40000 | L53: 40000 | N53: 0 | P53: 0 | R53: 0 | T53: 40000 | U53: 40000 | AC53: 40000 | AD53: 1548651.9 | AF53: 0 | AH53: 0 | AJ53: 0 | AL53: 1548651.9 | AM53: 380600 | AU53: 380600
A54: Liability No Longer Payable | B54: TB | C54: {=_xlfn.XLOOKUP(A54,'TB upload'!A:A,'TB upload'!C:C-'TB upload'!B:B,0,0)} -> 14105233 | D54: =-C54 -> -14105233 | E54: {=_xlfn.XLOOKUP(A54,'TB upload'!A:A,'TB upload'!E:E-'TB upload'!D:D,0,0)} -> 0 | G54: {=_xlfn.XLOOKUP(A54,'TB upload'!A:A,'TB upload'!G:G-'TB upload'!F:F,0,0)} -> 0 | I54: {=_xlfn.XLOOKUP(A54,'TB upload'!A:A,'TB upload'!I:I-'TB upload'!H:H,0,0)} -> 84866.6 | K54: =SUM(C54:J54) -> 84866.6 | L54: 13296833 | N54: 0 | P54: 0 | R54: 100142.6 | T54: 13396976 | U54: 9450835.2 | AC54: 9450835.2 | AL54: 0
A55: Sundry Receipts | B55: TB | C55: {=_xlfn.XLOOKUP(A55,'TB upload'!A:A,'TB upload'!C:C-'TB upload'!B:B,0,0)} -> 2167 | E55: {=_xlfn.XLOOKUP(A55,'TB upload'!A:A,'TB upload'!E:E-'TB upload'!D:D,0,0)} -> 0 | G55: {=_xlfn.XLOOKUP(A55,'TB upload'!A:A,'TB upload'!G:G-'TB upload'!F:F,0,0)} -> 0 | I55: {=_xlfn.XLOOKUP(A55,'TB upload'!A:A,'TB upload'!I:I-'TB upload'!H:H,0,0)} -> 0 | K55: =SUM(C55:J55) -> 2167 | L55: 2165 | N55: 0 | P55: 0 | R55: 0 | T55: 2165 | U55: 2163 | AC55: 2163 | AD55: 0 | AF55: 0 | AH55: 0 | AJ55: 0 | AL55: 0 | AM55: 0 | AU55: 0
A56: Shipping Charges@0.25 | B56: TB | C56: {=_xlfn.XLOOKUP(A56,'TB upload'!A:A,'TB upload'!C:C-'TB upload'!B:B,0,0)} -> 159.6 | E56: {=_xlfn.XLOOKUP(A56,'TB upload'!A:A,'TB upload'!E:E-'TB upload'!D:D,0,0)} -> 0 | G56: {=_xlfn.XLOOKUP(A56,'TB upload'!A:A,'TB upload'!G:G-'TB upload'!F:F,0,0)} -> 0 | I56: {=_xlfn.XLOOKUP(A56,'TB upload'!A:A,'TB upload'!I:I-'TB upload'!H:H,0,0)} -> 0 | K56: =SUM(C56:J56) -> 159.6 | L56: 159.6 | N56: 0 | P56: 0 | R56: 0 | T56: 159.6 | U56: 0 | AC56: 0 | AD56: 0 | AF56: 0 | AH56: 0 | AJ56: 0 | AL56: 0 | AM56: 0 | AU56: 0
A57: Shipping Charges@3.0 | B57: TB | C57: {=_xlfn.XLOOKUP(A57,'TB upload'!A:A,'TB upload'!C:C-'TB upload'!B:B,0,0)} -> 58.25 | E57: {=_xlfn.XLOOKUP(A57,'TB upload'!A:A,'TB upload'!E:E-'TB upload'!D:D,0,0)} -> 0 | G57: {=_xlfn.XLOOKUP(A57,'TB upload'!A:A,'TB upload'!G:G-'TB upload'!F:F,0,0)} -> 0 | I57: {=_xlfn.XLOOKUP(A57,'TB upload'!A:A,'TB upload'!I:I-'TB upload'!H:H,0,0)} -> 0 | K57: =SUM(C57:J57) -> 58.25 | L57: 58.25 | N57: 0 | P57: 0 | R57: 0 | T57: 58.25 | U57: 0 | AC57: 0 | AD57: 0 | AF57: 0 | AH57: 0 | AJ57: 0 | AL57: 0 | AM57: 0 | AU57: 0
B59: Total | C59: =SUM(C43:C58) -> 14348943 | D59: =SUM(D43:D58) -> -14105233 | E59: =SUM(E43:E58) -> 474.6 | F59: =SUM(F43:F58) -> 0 | G59: =SUM(G43:G58) -> 644.1 | H59: =SUM(H43:H58) -> 0 | I59: =SUM(I43:I58) -> 84866.6 | J59: =SUM(J43:J58) -> 0 | K59: =SUM(K43:K58) -> 329695.32 | L59: 13522602 | M59: 0 | N59: 474.6 | O59: 0 | P59: 644.1 | Q59: 0 | R59: 100142.6 | S59: 0 | T59: 13623863 | U59: 9604515.1 | V59: 0 | W59: 475 | X59: 0 | Y59: 644 | Z59: 0 | AA59: 0 | AB59: 0 | AC59: 9605634.1 | AD59: 2228371.1 | AE59: 0 | AF59: 1928.01 | AG59: 0 | AH59: 33.9 | AI59: 0 | AJ59: 0 | AK59: 22402.46 | AL59: 2252735.5 | AM59: 1073899.3 | AN59: 0 | AO59: 970 | AP59: 0 | AQ59: 126741 | AR59: 0 | AS59: 0 | AT59: 0 | AU59: 1201610.3 | AV59: =AL59-AU59 -> 1051125.2
A60: Exceptional item | B60: IND AS | K60: =SUM(C60:J60) -> 0 | T60: 0 | AC60: 0 | AE60: 13234 | AL60: 13234
A62: Loan Not Payable | B62: TB | C62: {=_xlfn.XLOOKUP(A62,'TB upload'!A:A,'TB upload'!C:C-'TB upload'!B:B,0,0)} -> 37265381 | D62: =1634619*0 -> 0 | K62: =SUM(C62:J62) -> 37265381
A64: Interest writt off | D64: 1021445 | K64: =SUM(C64:J64) -> 1021445
K65: =SUM(C65:J65) -> 0
K66: =SUM(C66:J66) -> 0
B67: Total | C67: =SUM(C64:C66) -> 0 | D67: =SUM(D64:D66) -> 1021445 | E67: =SUM(E64:E66) -> 0 | F67: =SUM(F64:F66) -> 0 | G67: =SUM(G64:G66) -> 0 | H67: =SUM(H64:H66) -> 0 | I67: =SUM(I64:I66) -> 0 | J67: =SUM(J64:J66) -> 0 | K67: =SUM(K64:K66) -> 1021445 | L67: 0 | M67: 31833 | N67: 0 | O67: 0 | P67: 0 | Q67: 0 | R67: 0 | S67: 0 | T67: 31833 | U67: 0 | V67: 33352 | W67: 0 | X67: 0 | Y67: 0 | Z67: 0 | AA67: 0 | AB67: 0 | AC67: 33352 | AD67: 0 | AE67: 13234 | AF67: 0 | AG67: 0 | AH67: 0 | AI67: 0 | AJ67: 0 | AK67: 0 | AL67: 13234 | AM67: 24198 | AN67: 0 | AO67: 0 | AP67: 0 | AQ67: 0 | AR67: 0 | AS67: 0 | AT67: 0 | AU67: 24198 | AV67: =AL67-AU67 -> -10964
A69: Business Support Services
A70: Business Support Service Charges | B70: TB | C70: {=_xlfn.XLOOKUP(A70,'TB upload'!A:A,'TB upload'!C:C-'TB upload'!B:B,0,0)} -> 48850 | E70: {=_xlfn.XLOOKUP(A70,'TB upload'!A:A,'TB upload'!E:E-'TB upload'!D:D,0,0)} -> 0 | G70: {=_xlfn.XLOOKUP(A70,'TB upload'!A:A,'TB upload'!G:G-'TB upload'!F:F,0,0)} -> 0 | I70: {=_xlfn.XLOOKUP(A70,'TB upload'!A:A,'TB upload'!I:I-'TB upload'!H:H,0,0)} -> 0 | K70: =SUM(C70:J70) -> 48850 | L70: 48850 | N70: 0 | P70: 0 | R70: 0 | T70: 48850 | U70: 48850 | AC70: 48850 | AD70: 480535 | AF70: 0 | AH70: 0 | AJ70: 0 | AL70: 480535 | AM70: 266584 | AU70: 266584
B72: Total | C72: =SUM(C70:C71) -> 48850 | D72: =SUM(D70:D71) -> 0 | E72: =SUM(E70:E71) -> 0 | F72: =SUM(F70:F71) -> 0 | G72: =SUM(G70:G71) -> 0 | H72: =SUM(H70:H71) -> 0 | I72: =SUM(I70:I71) -> 0 | J72: =SUM(J70:J71) -> 0 | K72: =SUM(K70:K71) -> 48850 | L72: 48850 | M72: 0 | N72: 0 | O72: 0 | P72: 0 | Q72: 0 | R72: 0 | S72: 0 | T72: 48850 | U72: 48850 | V72: 0 | W72: 0 | X72: 0 | Y72: 0 | Z72: 0 | AA72: 0 | AB72: 0 | AC72: 48850 | AD72: 480535 | AE72: 0 | AF72: 0 | AG72: 0 | AH72: 0 | AI72: 0 | AJ72: 0 | AK72: 0 | AL72: 480535 | AM72: 266584 | AN72: 0 | AO72: 0 | AP72: 0 | AQ72: 0 | AR72: 0 | AS72: 0 | AT72: 0 | AU72: 266584 | AV72: =AL72-AU72 -> 213951
A73: Purchases of Stock-in-Trade
A75: Custom Duty | B75: TB | C75: {=_xlfn.XLOOKUP(A75,'TB upload'!A:A,'TB upload'!C:C-'TB upload'!B:B,0,0)*-1} -> 529707.16 | E75: {=_xlfn.XLOOKUP(A75,'TB upload'!A:A,'TB upload'!E:E-'TB upload'!D:D,0,0)*-1} -> 0 | G75: {=_xlfn.XLOOKUP(A75,'TB upload'!A:A,'TB upload'!G:G-'TB upload'!F:F,0,0)*-1} -> 0 | I75: {=_xlfn.XLOOKUP(A75,'TB upload'!A:A,'TB upload'!I:I-'TB upload'!H:H,0,0)*-1} -> 0 | K75: =SUM(C75:J75) -> 529707.16 | L75: 529707.16 | N75: 0 | P75: 0 | R75: 0 | T75: 529707.16 | U75: 315040 | AC75: 315040 | AD75: 2453558 | AF75: 0 | AH75: 0 | AJ75: 0 | AL75: 2453558 | AM75: 832926 | AU75: 832926 | AV75: =AL75-AU75 -> 1620632
A76: Branch purchase account | B76: TB | C76: {=_xlfn.XLOOKUP(A76,'TB upload'!A:A,'TB upload'!C:C-'TB upload'!B:B,0,0)*-1} -> 0 | E76: {=_xlfn.XLOOKUP(A76,'TB upload'!A:A,'TB upload'!E:E-'TB upload'!D:D,0,0)*-1} -> 0 | G76: {=_xlfn.XLOOKUP(A76,'TB upload'!A:A,'TB upload'!G:G-'TB upload'!F:F,0,0)*-1} -> 0 | I76: {=_xlfn.XLOOKUP(A76,'TB upload'!A:A,'TB upload'!I:I-'TB upload'!H:H,0,0)*-1} -> 0 | K76: =SUM(C76:J76) -> 0 | L76: 0 | N76: 0 | P76: 0 | R76: 0 | T76: 0 | U76: 0 | AC76: 0 | AD76: 0 | AF76: 125415.76 | AG76: -125415.76 | AH76: 95909.75 | AI76: -95909.75 | AJ76: 0 | AL76: 0 | AM76: 0 | AO76: 201412 | AP76: -201412 | AQ76: 9378 | AR76: -9378 | AU76: 0 | AV76: =AL76-AU76 -> 0
A77: Branch purchase | B77: TB | C77: {=_xlfn.XLOOKUP(A77,'TB upload'!A:A,'TB upload'!C:C-'TB upload'!B:B,0,0)*-1} -> 315549.9 | E77: {=_xlfn.XLOOKUP(A77,'TB upload'!A:A,'TB upload'!E:E-'TB upload'!D:D,0,0)*-1} -> 0 | G77: {=_xlfn.XLOOKUP(A77,'TB upload'!A:A,'TB upload'!G:G-'TB upload'!F:F,0,0)*-1} -> 0 | I77: {=_xlfn.XLOOKUP(A77,'TB upload'!A:A,'TB upload'!I:I-'TB upload'!H:H,0,0)*-1} -> 0 | K77: =SUM(C77:J77) -> 315549.9 | L77: 315549.9 | N77: 0 | P77: 0 | R77: 0 | T77: 315549.9 | U77: 4776 | AC77: 4776 | AD77: 10953.46 | AF77: 0 | AH77: 0 | AJ77: 0 | AL77: 10953.46 | AM77: 51883.26 | AU77: 51883.26 | AV77: =AL77-AU77 -> -40929.8
A78: Purchase Import | B78: TB | C78: {=_xlfn.XLOOKUP(A78,'TB upload'!A:A,'TB upload'!C:C-'TB upload'!B:B,0,0)*-1} -> 2160782.5 | E78: {=_xlfn.XLOOKUP(A78,'TB upload'!A:A,'TB upload'!E:E-'TB upload'!D:D,0,0)*-1} -> 0 | G78: {=_xlfn.XLOOKUP(A78,'TB upload'!A:A,'TB upload'!G:G-'TB upload'!F:F,0,0)*-1} -> 0 | I78: {=_xlfn.XLOOKUP(A78,'TB upload'!A:A,'TB upload'!I:I-'TB upload'!H:H,0,0)*-1} -> 0 | K78: =SUM(C78:J78) -> 2160782.5 | L78: 2160782.5 | N78: 0 | P78: 0 | R78: 0 | T78: 2160782.5 | U78: 1208086.3 | AC78: 1208086.3 | AD78: 10522980 | AF78: 0 | AH78: 0 | AJ78: 0 | AL78: 10522980 | AM78: 2065760.2 | AU78: 2065760.2 | AV78: =AL78-AU78 -> 8457219.5
A79: Purchase Interstate | B79: TB | C79: {=_xlfn.XLOOKUP(A79,'TB upload'!A:A,'TB upload'!C:C-'TB upload'!B:B,0,0)*-1} -> -2502820.5 | E79: {=_xlfn.XLOOKUP(A79,'TB upload'!A:A,'TB upload'!E:E-'TB upload'!D:D,0,0)*-1} -> 0 | G79: {=_xlfn.XLOOKUP(A79,'TB upload'!A:A,'TB upload'!G:G-'TB upload'!F:F,0,0)*-1} -> 39651.42 | I79: {=_xlfn.XLOOKUP(A79,'TB upload'!A:A,'TB upload'!I:I-'TB upload'!H:H,0,0)*-1} -> 1624.7 | K79: =SUM(C79:J79) -> -2461544.3 | L79: -2484293.2 | N79: 0 | P79: 39651.42 | R79: 1624.7 | T79: -2443017.1 | U79: -2381163 | Y79: 39651 | AA79: 1625 | AC79: -2339887 | AD79: 13931209 | AF79: 0 | AH79: 0 | AJ79: 998095.52 | AL79: 14929304 | AM79: 20092177 | AN79: 374192 | AQ79: 450185 | AU79: 20916554 | AV79: =AL79-AU79 -> -5987250
A80: Purchase Interstate@0.25% | B80: TB | C80: {=_xlfn.XLOOKUP(A80,'TB upload'!A:A,'TB upload'!C:C-'TB upload'!B:B,0,0)*-1} -> 0 | E80: {=_xlfn.XLOOKUP(A80,'TB upload'!A:A,'TB upload'!E:E-'TB upload'!D:D,0,0)*-1} -> 0 | G80: {=_xlfn.XLOOKUP(A80,'TB upload'!A:A,'TB upload'!G:G-'TB upload'!F:F,0,0)*-1} -> 0 | I80: {=_xlfn.XLOOKUP(A80,'TB upload'!A:A,'TB upload'!I:I-'TB upload'!H:H,0,0)*-1} -> 0 | K80: =SUM(C80:J80) -> 0 | L80: 0 | N80: 0 | P80: 0 | R80: 0 | T80: 0 | U80: 0 | AC80: 0 | AD80: 0 | AF80: 0 | AH80: 0 | AJ80: 0 | AL80: 0 | AM80: 0 | AU80: 0 | AV80: =AL80-AU80 -> 0
A81: Purchase Interstate@12% | B81: TB | C81: {=_xlfn.XLOOKUP(A81,'TB upload'!A:A,'TB upload'!C:C-'TB upload'!B:B,0,0)*-1} -> -67674.37 | E81: {=_xlfn.XLOOKUP(A81,'TB upload'!A:A,'TB upload'!E:E-'TB upload'!D:D,0,0)*-1} -> 0 | G81: {=_xlfn.XLOOKUP(A81,'TB upload'!A:A,'TB upload'!G:G-'TB upload'!F:F,0,0)*-1} -> 0 | I81: {=_xlfn.XLOOKUP(A81,'TB upload'!A:A,'TB upload'!I:I-'TB upload'!H:H,0,0)*-1} -> 0 | K81: =SUM(C81:J81) -> -67674.37 | L81: -67674.37 | N81: 0 | P81: 0 | R81: 0 | T81: -67674.37 | U81: -53263.65 | AC81: -53263.65 | AD81: 47490.02 | AF81: 0 | AH81: 0 | AJ81: 0 | AK81: 96893 | AL81: 144383.02 | AM81: 585480.65 | AU81: 585480.65 | AV81: =AL81-AU81 -> -441097.63
A82: Purchase Interstate@28% | B82: TB | C82: {=_xlfn.XLOOKUP(A82,'TB upload'!A:A,'TB upload'!C:C-'TB upload'!B:B,0,0)*-1} -> 0 | E82: {=_xlfn.XLOOKUP(A82,'TB upload'!A:A,'TB upload'!E:E-'TB upload'!D:D,0,0)*-1} -> 0 | G82: {=_xlfn.XLOOKUP(A82,'TB upload'!A:A,'TB upload'!G:G-'TB upload'!F:F,0,0)*-1} -> 0 | I82: {=_xlfn.XLOOKUP(A82,'TB upload'!A:A,'TB upload'!I:I-'TB upload'!H:H,0,0)*-1} -> 0 | K82: =SUM(C82:J82) -> 0 | L82: 0 | N82: 0 | P82: 0 | R82: 0 | T82: 0 | U82: 0 | AC82: 0 | AD82: 11271.13 | AF82: 0 | AH82: 0 | AJ82: 0 | AL82: 11271.13 | AM82: 0 | AU82: 0 | AV82: =AL82-AU82 -> 11271.13
A83: Purchase Interstate@5% | B83: TB | C83: {=_xlfn.XLOOKUP(A83,'TB upload'!A:A,'TB upload'!C:C-'TB upload'!B:B,0,0)*-1} -> -6745.63 | E83: {=_xlfn.XLOOKUP(A83,'TB upload'!A:A,'TB upload'!E:E-'TB upload'!D:D,0,0)*-1} -> 0 | G83: {=_xlfn.XLOOKUP(A83,'TB upload'!A:A,'TB upload'!G:G-'TB upload'!F:F,0,0)*-1} -> 0 | I83: {=_xlfn.XLOOKUP(A83,'TB upload'!A:A,'TB upload'!I:I-'TB upload'!H:H,0,0)*-1} -> 0 | K83: =SUM(C83:J83) -> -6745.63 | L83: -6745.63 | N83: 0 | P83: 0 | R83: 0 | T83: -6745.63 | U83: -6745.63 | AC83: -6745.63 | AD83: 43662.67 | AF83: 0 | AH83: 0 | AJ83: 0 | AL83: 43662.67 | AM83: 88766.78 | AU83: 88766.78 | AV83: =AL83-AU83 -> -45104.11
A84: Purchase Local | B84: TB | C84: {=_xlfn.XLOOKUP(A84,'TB upload'!A:A,'TB upload'!C:C-'TB upload'!B:B,0,0)*-1} -> -1124766.6 | E84: {=_xlfn.XLOOKUP(A84,'TB upload'!A:A,'TB upload'!E:E-'TB upload'!D:D,0,0)*-1} -> 0 | G84: {=_xlfn.XLOOKUP(A84,'TB upload'!A:A,'TB upload'!G:G-'TB upload'!F:F,0,0)*-1} -> 0 | I84: {=_xlfn.XLOOKUP(A84,'TB upload'!A:A,'TB upload'!I:I-'TB upload'!H:H,0,0)*-1} -> -67279.02 | K84: =SUM(C84:J84) -> -1192045.6 | L84: -1065154.6 | N84: 0 | P84: 0 | R84: -67279.02 | T84: -1132433.6 | U84: -1084998.8 | AA84: 1980 | AC84: -1083018.8 | AD84: 18509810 | AF84: 0 | AH84: 0 | AJ84: 223021 | AL84: 18732831 | AM84: 31036133 | AQ84: -17358 | AU84: 31018775 | AV84: =AL84-AU84 -> -12285945
A85: Purchase Local@12% | B85: TB | C85: {=_xlfn.XLOOKUP(A85,'TB upload'!A:A,'TB upload'!C:C-'TB upload'!B:B,0,0)*-1} -> -80391.6 | E85: {=_xlfn.XLOOKUP(A85,'TB upload'!A:A,'TB upload'!E:E-'TB upload'!D:D,0,0)*-1} -> 0 | G85: {=_xlfn.XLOOKUP(A85,'TB upload'!A:A,'TB upload'!G:G-'TB upload'!F:F,0,0)*-1} -> 0 | I85: {=_xlfn.XLOOKUP(A85,'TB upload'!A:A,'TB upload'!I:I-'TB upload'!H:H,0,0)*-1} -> 0 | K85: =SUM(C85:J85) -> -80391.6 | L85: -80391.6 | N85: 0 | P85: 0 | R85: 0 | T85: -80391.6 | U85: -82262.82 | AC85: -82262.82 | AD85: 91236.24 | AF85: 0 | AH85: 0 | AJ85: 0 | AL85: 91236.24 | AM85: 164959.57 | AU85: 164959.57 | AV85: =AL85-AU85 -> -73723.33
A86: Purchase Local@3% | B86: TB | C86: {=_xlfn.XLOOKUP(A86,'TB upload'!A:A,'TB upload'!C:C-'TB upload'!B:B,0,0)*-1} -> 0 | E86: {=_xlfn.XLOOKUP(A86,'TB upload'!A:A,'TB upload'!E:E-'TB upload'!D:D,0,0)*-1} -> 0 | G86: {=_xlfn.XLOOKUP(A86,'TB upload'!A:A,'TB upload'!G:G-'TB upload'!F:F,0,0)*-1} -> 0 | I86: {=_xlfn.XLOOKUP(A86,'TB upload'!A:A,'TB upload'!I:I-'TB upload'!H:H,0,0)*-1} -> 0 | K86: =SUM(C86:J86) -> 0 | L86: 0 | N86: 0 | P86: 0 | R86: 0 | T86: 0 | U86: 0 | AC86: 0 | AD86: 0 | AF86: 0 | AH86: 0 | AJ86: 0 | AK86: 0 | AL86: 0 | AM86: 0 | AN86: 76823 | AU86: 76823 | AV86: =AL86-AU86 -> -76823
A87: Local@0% | B87: TB | C87: {=_xlfn.XLOOKUP(A87,'TB upload'!A:A,'TB upload'!C:C-'TB upload'!B:B,0,0)*-1} -> 0 | E87: {=_xlfn.XLOOKUP(A87,'TB upload'!A:A,'TB upload'!E:E-'TB upload'!D:D,0,0)*-1} -> 0 | G87: {=_xlfn.XLOOKUP(A87,'TB upload'!A:A,'TB upload'!G:G-'TB upload'!F:F,0,0)*-1} -> 0 | I87: {=_xlfn.XLOOKUP(A87,'TB upload'!A:A,'TB upload'!I:I-'TB upload'!H:H,0,0)*-1} -> 0 | K87: =SUM(C87:J87) -> 0 | L87: 0 | N87: 0 | P87: 0 | R87: 0 | T87: 0 | U87: 0 | AC87: 0 | AD87: 0 | AF87: 0 | AH87: 0 | AJ87: 0 | AL87: 0 | AM87: -24526.44 | AU87: -24526.44 | AV87: =AL87-AU87 -> 24526.44
A88: Purchase Interstate@3% | B88: TB | C88: {=_xlfn.XLOOKUP(A88,'TB upload'!A:A,'TB upload'!C:C-'TB upload'!B:B,0,0)*-1} -> -1157.77 | E88: {=_xlfn.XLOOKUP(A88,'TB upload'!A:A,'TB upload'!E:E-'TB upload'!D:D,0,0)*-1} -> 0 | G88: {=_xlfn.XLOOKUP(A88,'TB upload'!A:A,'TB upload'!G:G-'TB upload'!F:F,0,0)*-1} -> 0 | I88: {=_xlfn.XLOOKUP(A88,'TB upload'!A:A,'TB upload'!I:I-'TB upload'!H:H,0,0)*-1} -> 0 | K88: =SUM(C88:J88) -> -1157.77 | L88: -1157.77 | N88: 0 | P88: 0 | R88: 0 | T88: -1157.77 | U88: 0 | AC88: 0 | AD88: 0 | AF88: 0 | AH88: 0 | AJ88: 0 | AL88: 0 | AM88: 74541.19 | AU88: 74541.19 | AV88: =AL88-AU88 -> -74541.19
A89: Pruchase returns | C89: =IFERROR((-VLOOKUP(#REF!,#REF!,3,)+VLOOKUP(#REF!,#REF!,2,)),0) -> 0 | L89: 0 | U89: 0 | AA89: -69259
A90: Purchase Local@0% | B90: TB | C90: {=_xlfn.XLOOKUP(A90,'TB upload'!A:A,'TB upload'!C:C-'TB upload'!B:B,0,0)*-1} -> 0 | E90: {=_xlfn.XLOOKUP(A90,'TB upload'!A:A,'TB upload'!E:E-'TB upload'!D:D,0,0)*-1} -> 0 | G90: {=_xlfn.XLOOKUP(A90,'TB upload'!A:A,'TB upload'!G:G-'TB upload'!F:F,0,0)*-1} -> 0 | I90: {=_xlfn.XLOOKUP(A90,'TB upload'!A:A,'TB upload'!I:I-'TB upload'!H:H,0,0)*-1} -> 0 | K90: =SUM(C90:J90) -> 0 | L90: 0 | N90: 0 | P90: 0 | R90: 0 | T90: 0 | U90: 0 | AC90: 0 | AD90: 0 | AF90: 0 | AH90: 0 | AJ90: 0 | AL90: 0 | AM90: 299286.13 | AU90: 299286.13 | AV90: =AL90-AU90 -> -299286.13
A91: Clearing & Forwarding Charges (Import) | B91: TB | C91: {=_xlfn.XLOOKUP(A91,'TB upload'!A:A,'TB upload'!C:C-'TB upload'!B:B,0,0)*-1} -> 565989 | E91: {=_xlfn.XLOOKUP(A91,'TB upload'!A:A,'TB upload'!E:E-'TB upload'!D:D,0,0)*-1} -> 0 | G91: {=_xlfn.XLOOKUP(A91,'TB upload'!A:A,'TB upload'!G:G-'TB upload'!F:F,0,0)*-1} -> 0 | I91: {=_xlfn.XLOOKUP(A91,'TB upload'!A:A,'TB upload'!I:I-'TB upload'!H:H,0,0)*-1} -> 0 | K91: =SUM(C91:J91) -> 565989 | L91: 565989 | N91: 0 | P91: 0 | R91: 0 | T91: 565989 | U91: 269307 | AC91: 269307 | AD91: 1370119.6 | AF91: 0 | AH91: 0 | AJ91: 0 | AL91: 1370119.6 | AM91: 0 | AU91: 0 | AV91: =AL91-AU91 -> 1370119.6
A92: Transportation Expenses (Import) | B92: TB | C92: {=_xlfn.XLOOKUP(A92,'TB upload'!A:A,'TB upload'!C:C-'TB upload'!B:B,0,0)*-1} -> 17350 | E92: {=_xlfn.XLOOKUP(A92,'TB upload'!A:A,'TB upload'!E:E-'TB upload'!D:D,0,0)*-1} -> 0 | G92: {=_xlfn.XLOOKUP(A92,'TB upload'!A:A,'TB upload'!G:G-'TB upload'!F:F,0,0)*-1} -> 0 | I92: {=_xlfn.XLOOKUP(A92,'TB upload'!A:A,'TB upload'!I:I-'TB upload'!H:H,0,0)*-1} -> 0 | K92: =SUM(C92:J92) -> 17350 | L92: 17350 | N92: 0 | P92: 0 | R92: 0 | T92: 17350 | U92: 11350 | AC92: 11350 | AD92: 7750 | AF92: 0 | AH92: 0 | AJ92: 0 | AL92: 7750 | AM92: 0 | AU92: 0 | AV92: =AL92-AU92 -> 7750
A93: Purchase Account - Packing Material | B93: TB | C93: {=_xlfn.XLOOKUP(A93,'TB upload'!A:A,'TB upload'!C:C-'TB upload'!B:B,0,0)*-1} -> 22700 | E93: {=_xlfn.XLOOKUP(A93,'TB upload'!A:A,'TB upload'!E:E-'TB upload'!D:D,0,0)*-1} -> 0 | G93: {=_xlfn.XLOOKUP(A93,'TB upload'!A:A,'TB upload'!G:G-'TB upload'!F:F,0,0)*-1} -> 0 | I93: {=_xlfn.XLOOKUP(A93,'TB upload'!A:A,'TB upload'!I:I-'TB upload'!H:H,0,0)*-1} -> 0 | K93: =SUM(C93:J93) -> 22700 | L93: 22700 | N93: 0 | P93: 0 | R93: 0 | T93: 22700 | U93: 22700 | AC93: 22700 | AD93: 1545796.3 | AF93: 0 | AH93: 0 | AJ93: 0 | AL93: 1545796.3 | AM93: 0 | AU93: 0 | AV93: =AL93-AU93 -> 1545796.3
A94: Purchase Interstate@0% | B94: TB | C94: {=_xlfn.XLOOKUP(A94,'TB upload'!A:A,'TB upload'!C:C-'TB upload'!B:B,0,0)*-1} -> -19806.5 | E94: {=_xlfn.XLOOKUP(A94,'TB upload'!A:A,'TB upload'!E:E-'TB upload'!D:D,0,0)*-1} -> 0 | G94: {=_xlfn.XLOOKUP(A94,'TB upload'!A:A,'TB upload'!G:G-'TB upload'!F:F,0,0)*-1} -> 0 | I94: {=_xlfn.XLOOKUP(A94,'TB upload'!A:A,'TB upload'!I:I-'TB upload'!H:H,0,0)*-1} -> 0 | K94: =SUM(C94:J94) -> -19806.5 | L94: -19806.5 | N94: 0 | P94: 0 | R94: 0 | T94: -19806.5 | U94: -19806.5 | AC94: -19806.5
A95: Purchase Local@5% | B95: TB | C95: {=_xlfn.XLOOKUP(A95,'TB upload'!A:A,'TB upload'!C:C-'TB upload'!B:B,0,0)*-1} -> 0 | E95: {=_xlfn.XLOOKUP(A95,'TB upload'!A:A,'TB upload'!E:E-'TB upload'!D:D,0,0)*-1} -> 0 | G95: {=_xlfn.XLOOKUP(A95,'TB upload'!A:A,'TB upload'!G:G-'TB upload'!F:F,0,0)*-1} -> 0 | I95: {=_xlfn.XLOOKUP(A95,'TB upload'!A:A,'TB upload'!I:I-'TB upload'!H:H,0,0)*-1} -> 0 | K95: =SUM(C95:J95) -> 0 | L95: 0 | N95: 0 | P95: 0 | R95: 0 | T95: 0 | U95: -3838 | AC95: -3838 | AD95: 0 | AF95: 0 | AH95: 0 | AJ95: 0 | AL95: 0 | AM95: 77950 | AU95: 77950 | AV95: =AL95-AU95 -> -77950
B97: Total | C97: =SUM(C74:C95) -> -191284.38 | D97: =SUM(D74:D95) -> 0 | E97: =SUM(E74:E95) -> 0 | F97: =SUM(F74:F95) -> 0 | G97: =SUM(G74:G95) -> 39651.42 | H97: =SUM(H74:H95) -> 0 | I97: =SUM(I74:I95) -> -65654.32 | J97: =SUM(J74:J95) -> 0 | K97: =SUM(K74:K95) -> -217287.28 | L97: -113145.11 | M97: 0 | N97: 0 | O97: 0 | P97: 39651.42 | Q97: 0 | R97: -65654.32 | S97: 0 | T97: -139148.01 | U97: -1800819.1 | V97: 0 | W97: 0 | X97: 0 | Y97: 39651 | Z97: 0 | AA97: -65654 | AB97: 0 | AC97: -1757563.1 | AD97: 48545836 | AE97: 0 | AF97: 125415.76 | AG97: -125415.76 | AH97: 95909.75 | AI97: -95909.75 | AJ97: 1221116.5 | AK97: 96893 | AL97: 49863845 | AM97: 55345338 | AN97: 451015 | AO97: 201412 | AP97: -201412 | AQ97: 442205 | AR97: -9378 | AS97: 0 | AT97: 0 | AU97: 56229180 | AV97: =AL97-AU97 -> -6365334.9
A98: Changes in inventories | AV98: =AL98-AU98 -> 0
A99: Closing Stock | B99: Working | C99: 0 | E99: 0 | G99: 0 | K99: =SUM(C99:J99) -> 0 | L99: 9330334 | P99: 29294 | T99: 9359628 | U99: 12274103 | W99: 96466 | Y99: 29294 | AA99: 262780 | AC99: 12662643 | AD99: 27004217 | AF99: 115474 | AH99: 53395 | AJ99: 903470 | AK99: -15605 | AL99: 28060951 | AM99: 26585645 | AN99: -374192 | AO99: 51847 | AQ99: 10401 | AU99: 26273701 | AV99: =AL99-AU99 -> 1787250.3 | AW99: =AK99+AD99 -> 26988612
B100: Total | C100: =SUM(C98:C99) -> 0 | D100: =SUM(D98:D99) -> 0 | E100: =SUM(E98:E99) -> 0 | F100: =SUM(F98:F99) -> 0 | G100: =SUM(G98:G99) -> 0 | H100: =SUM(H98:H99) -> 0 | I100: =SUM(I98:I99) -> 0 | J100: =SUM(J98:J99) -> 0 | K100: =SUM(K98:K99) -> 0 | L100: 9330334 | M100: 0 | N100: 0 | O100: 0 | P100: 29294 | Q100: 0 | R100: 0 | S100: 0 | T100: 9359628 | U100: 12274103 | V100: 0 | W100: 96466 | X100: 0 | Y100: 29294 | Z100: 0 | AA100: 262780 | AB100: 0 | AC100: 12662643 | AD100: 27004217 | AE100: 0 | AF100: 115474 | AG100: 0 | AH100: 53395 | AI100: 0 | AJ100: 903470 | AK100: -15605 | AL100: 28060951 | AM100: 26585645 | AN100: -374192 | AO100: 51847 | AP100: 0 | AQ100: 10401 | AR100: 0 | AS100: 0 | AT100: 0 | AU100: 26273701 | AV100: =AL100-AU100 -> 1787250.3 | AW100: 26988612 | AX100: =AW99-AW100 -> 0.28
AV101: =AL101-AU101 -> 0
AV102: =AL102-AU102 -> 0
A103: opening Stock | B103: TB | C103: {=_xlfn.XLOOKUP(A103,'TB upload'!A:A,'TB upload'!C:C-'TB upload'!B:B,0,0)*-1-13305} -> 26991573 | E103: {=_xlfn.XLOOKUP(A103,'TB upload'!A:A,'TB upload'!E:E-'TB upload'!D:D,0,0)*-1} -> 115474.23 | G103: {=_xlfn.XLOOKUP(A103,'TB upload'!A:A,'TB upload'!G:G-'TB upload'!F:F,0,0)*-1} -> 50433.14 | I103: {=_xlfn.XLOOKUP(A103,'TB upload'!A:A,'TB upload'!I:I-'TB upload'!H:H,0,0)*-1} -> 903470.69 | K103: =SUM(C103:J103) -> 28060951 | L103: 27004128 | N103: 115474.23 | P103: 50433.14 | R103: 903470.69 | T103: 28073506 | U103: 27004217 | W103: 115474 | Y103: 50433 | AA103: 903470 | AC103: 28073594 | AD103: 26585645 | AF103: 51847 | AG103: -374192 | AH103: 10401.65 | AJ103: 0 | AL103: 26273702 | AM103: 14745293 | AN103: -76823 | AO103: 99243 | AQ103: 2041375 | AU103: 16809088 | AV103: =AL103-AU103 -> 9464613.8
B104: Total | C104: =SUM(C102:C103) -> 26991573 | D104: =SUM(D102:D103) -> 0 | E104: =SUM(E102:E103) -> 115474.23 | F104: =SUM(F102:F103) -> 0 | G104: =SUM(G102:G103) -> 50433.14 | H104: =SUM(H102:H103) -> 0 | I104: =SUM(I102:I103) -> 903470.69 | J104: =SUM(J102:J103) -> 0 | K104: =SUM(K102:K103) -> 28060951 | L104: 27004128 | M104: 0 | N104: 115474.23 | O104: 0 | P104: 50433.14 | Q104: 0 | R104: 903470.69 | S104: 0 | T104: 28073506 | U104: 27004217 | V104: 0 | W104: 115474 | X104: 0 | Y104: 50433 | Z104: 0 | AA104: 903470 | AB104: 0 | AC104: 28073594 | AD104: 26585645 | AE104: 0 | AF104: 51847 | AG104: -374192 | AH104: 10401.65 | AI104: 0 | AJ104: 0 | AK104: 0 | AL104: 26273702 | AM104: 14745293 | AN104: -76823 | AO104: 99243 | AP104: 0 | AQ104: 2041375 | AR104: 0 | AS104: 0 | AT104: 0 | AU104: 16809088 | AV104: =AL104-AU104 -> 9464613.8
B106: Total | C106: =+C104-C100 -> 26991573 | D106: =+D104-D100 -> 0 | E106: =+E104-E100 -> 115474.23 | F106: =+F104-F100 -> 0 | G106: =+G104-G100 -> 50433.14 | H106: =+H104-H100 -> 0 | I106: =+I104-I100 -> 903470.69 | J106: =+J104-J100 -> 0 | K106: =+K104-K100 -> 28060951 | L106: 17673794 | M106: 0 | N106: 115474.23 | O106: 0 | P106: 21139.14 | Q106: 0 | R106: 903470.69 | S106: 0 | T106: 18713878 | U106: 14730114 | V106: 0 | W106: 19008 | X106: 0 | Y106: 21139 | Z106: 0 | AA106: 640690 | AB106: 0 | AC106: 15410951 | AD106: -418571.97 | AE106: 0 | AF106: -63627 | AG106: -374192 | AH106: -42993.35 | AI106: 0 | AJ106: -903470 | AK106: 15605 | AL106: -1787249.3 | AM106: -11840352 | AN106: 297369 | AO106: 47396 | AP106: 0 | AQ106: 2030974 | AR106: 0 | AS106: 0 | AT106: 0 | AU106: -9464612.8 | AV106: =AL106-AU106 -> 7677363.5
A107: Employee benefit expenses
A108: Salaries, wages and bonus | C108: ='TB upload'!B111-'TB upload'!C111 -> 5073708 | K108: =SUM(C108:J108) -> 5073708
A109: Basic Salary | B109: TB | C109: {=_xlfn.XLOOKUP(A109,'TB upload'!A:A,'TB upload'!C:C-'TB upload'!B:B,0,0)*-1} -> 0 | E109: {=_xlfn.XLOOKUP(A109,'TB upload'!A:A,'TB upload'!E:E-'TB upload'!D:D,0,0)*-1} -> 0 | G109: {=_xlfn.XLOOKUP(A109,'TB upload'!A:A,'TB upload'!G:G-'TB upload'!F:F,0,0)*-1} -> 0 | I109: {=_xlfn.XLOOKUP(A109,'TB upload'!A:A,'TB upload'!I:I-'TB upload'!H:H,0,0)*-1} -> 0 | K109: =SUM(C109:J109) -> 0 | L109: 1972781 | N109: 0 | P109: 0 | R109: 0 | T109: 1972781 | U109: 5118386 | AC109: 5118386 | AD109: 6862368 | AF109: 0 | AH109: 0 | AJ109: 0 | AL109: 6862368 | AM109: 4895721 | AU109: 4895721
A110: Conveyance Allowance | B110: TB | C110: {=_xlfn.XLOOKUP(A110,'TB upload'!A:A,'TB upload'!C:C-'TB upload'!B:B,0,0)*-1} -> 0 | E110: {=_xlfn.XLOOKUP(A110,'TB upload'!A:A,'TB upload'!E:E-'TB upload'!D:D,0,0)*-1} -> 0 | G110: {=_xlfn.XLOOKUP(A110,'TB upload'!A:A,'TB upload'!G:G-'TB upload'!F:F,0,0)*-1} -> 0 | I110: {=_xlfn.XLOOKUP(A110,'TB upload'!A:A,'TB upload'!I:I-'TB upload'!H:H,0,0)*-1} -> 0 | K110: =SUM(C110:J110) -> 0 | L110: 394151 | N110: 0 | P110: 0 | R110: 0 | T110: 394151 | U110: 0 | AC110: 0 | AD110: 1315769 | AF110: 0 | AH110: 0 | AJ110: 0 | AL110: 1315769 | AM110: 865981 | AU110: 865981
A111: House Rent Allowance | B111: TB | C111: {=_xlfn.XLOOKUP(A111,'TB upload'!A:A,'TB upload'!C:C-'TB upload'!B:B,0,0)*-1} -> 0 | E111: {=_xlfn.XLOOKUP(A111,'TB upload'!A:A,'TB upload'!E:E-'TB upload'!D:D,0,0)*-1} -> 0 | G111: {=_xlfn.XLOOKUP(A111,'TB upload'!A:A,'TB upload'!G:G-'TB upload'!F:F,0,0)*-1} -> 0 | I111: {=_xlfn.XLOOKUP(A111,'TB upload'!A:A,'TB upload'!I:I-'TB upload'!H:H,0,0)*-1} -> 0 | K111: =SUM(C111:J111) -> 0 | L111: 831654 | N111: 0 | P111: 0 | R111: 0 | T111: 831654 | U111: 0 | AC111: 0 | AD111: 2700980 | AF111: 0 | AH111: 0 | AJ111: 0 | AL111: 2700980 | AM111: 1937453 | AU111: 1937453
A112: Leave Travel Allowance | B112: TB | C112: {=_xlfn.XLOOKUP(A112,'TB upload'!A:A,'TB upload'!C:C-'TB upload'!B:B,0,0)*-1} -> 0 | E112: {=_xlfn.XLOOKUP(A112,'TB upload'!A:A,'TB upload'!E:E-'TB upload'!D:D,0,0)*-1} -> 0 | G112: {=_xlfn.XLOOKUP(A112,'TB upload'!A:A,'TB upload'!G:G-'TB upload'!F:F,0,0)*-1} -> 0 | I112: {=_xlfn.XLOOKUP(A112,'TB upload'!A:A,'TB upload'!I:I-'TB upload'!H:H,0,0)*-1} -> 0 | K112: =SUM(C112:J112) -> 0 | L112: 167448 | N112: 0 | P112: 0 | R112: 0 | T112: 167448 | U112: 0 | AC112: 0 | AD112: 316701 | AF112: 0 | AH112: 0 | AJ112: 0 | AL112: 316701 | AM112: 281330 | AU112: 281330
A113: Medical Allowance | B113: TB | C113: {=_xlfn.XLOOKUP(A113,'TB upload'!A:A,'TB upload'!C:C-'TB upload'!B:B,0,0)*-1} -> 0 | E113: {=_xlfn.XLOOKUP(A113,'TB upload'!A:A,'TB upload'!E:E-'TB upload'!D:D,0,0)*-1} -> 0 | G113: {=_xlfn.XLOOKUP(A113,'TB upload'!A:A,'TB upload'!G:G-'TB upload'!F:F,0,0)*-1} -> 0 | I113: {=_xlfn.XLOOKUP(A113,'TB upload'!A:A,'TB upload'!I:I-'TB upload'!H:H,0,0)*-1} -> 0 | K113: =SUM(C113:J113) -> 0 | L113: 261607 | N113: 0 | P113: 0 | R113: 0 | T113: 261607 | U113: 0 | AC113: 0 | AD113: 437324 | AF113: 0 | AH113: 0 | AJ113: 0 | AL113: 437324 | AM113: 287391 | AU113: 287391
A114: Other Allowance | B114: TB | C114: {=_xlfn.XLOOKUP(A114,'TB upload'!A:A,'TB upload'!C:C-'TB upload'!B:B,0,0)*-1} -> 0 | E114: {=_xlfn.XLOOKUP(A114,'TB upload'!A:A,'TB upload'!E:E-'TB upload'!D:D,0,0)*-1} -> 0 | G114: {=_xlfn.XLOOKUP(A114,'TB upload'!A:A,'TB upload'!G:G-'TB upload'!F:F,0,0)*-1} -> 0 | I114: {=_xlfn.XLOOKUP(A114,'TB upload'!A:A,'TB upload'!I:I-'TB upload'!H:H,0,0)*-1} -> 0 | K114: =SUM(C114:J114) -> 0 | L114: 635756 | N114: 0 | P114: 0 | R114: 0 | T114: 635756 | U114: 0 | AC114: 0 | AD114: 1632173 | AF114: 0 | AH114: 0 | AJ114: 0 | AL114: 1632173 | AM114: 1126753 | AU114: 1126753
A115: Special Allowance | B115: TB | C115: {=_xlfn.XLOOKUP(A115,'TB upload'!A:A,'TB upload'!C:C-'TB upload'!B:B,0,0)*-1} -> 0 | E115: {=_xlfn.XLOOKUP(A115,'TB upload'!A:A,'TB upload'!E:E-'TB upload'!D:D,0,0)*-1} -> 0 | G115: {=_xlfn.XLOOKUP(A115,'TB upload'!A:A,'TB upload'!G:G-'TB upload'!F:F,0,0)*-1} -> 0 | I115: {=_xlfn.XLOOKUP(A115,'TB upload'!A:A,'TB upload'!I:I-'TB upload'!H:H,0,0)*-1} -> 0 | K115: =SUM(C115:J115) -> 0 | L115: 862079 | N115: 0 | P115: 0 | R115: 0 | T115: 862079 | U115: 0 | AC115: 0 | AD115: 2483267 | AF115: 0 | AH115: 0 | AJ115: 0 | AL115: 2483267 | AM115: 1816054 | AU115: 1816054
A116: Supplementary Allowance | B116: TB | C116: {=_xlfn.XLOOKUP(A116,'TB upload'!A:A,'TB upload'!C:C-'TB upload'!B:B,0,0)*-1} -> 0 | E116: {=_xlfn.XLOOKUP(A116,'TB upload'!A:A,'TB upload'!E:E-'TB upload'!D:D,0,0)*-1} -> 0 | G116: {=_xlfn.XLOOKUP(A116,'TB upload'!A:A,'TB upload'!G:G-'TB upload'!F:F,0,0)*-1} -> 0 | I116: {=_xlfn.XLOOKUP(A116,'TB upload'!A:A,'TB upload'!I:I-'TB upload'!H:H,0,0)*-1} -> 0 | K116: =SUM(C116:J116) -> 0 | L116: 250072 | N116: 0 | P116: 0 | R116: 0 | T116: 250072 | U116: 0 | AC116: 0 | AD116: 1972030 | AF116: 0 | AH116: 0 | AJ116: 0 | AL116: 1972030 | AM116: 1491418 | AU116: 1491418
A117: Telephone Allowance | B117: TB | C117: {=_xlfn.XLOOKUP(A117,'TB upload'!A:A,'TB upload'!C:C-'TB upload'!B:B,0,0)*-1} -> 0 | E117: {=_xlfn.XLOOKUP(A117,'TB upload'!A:A,'TB upload'!E:E-'TB upload'!D:D,0,0)*-1} -> 0 | G117: {=_xlfn.XLOOKUP(A117,'TB upload'!A:A,'TB upload'!G:G-'TB upload'!F:F,0,0)*-1} -> 0 | I117: {=_xlfn.XLOOKUP(A117,'TB upload'!A:A,'TB upload'!I:I-'TB upload'!H:H,0,0)*-1} -> 0 | K117: =SUM(C117:J117) -> 0 | L117: 345147 | N117: 0 | P117: 0 | R117: 0 | T117: 345147 | U117: 0 | AC117: 0 | AD117: 492977 | AF117: 0 | AH117: 0 | AJ117: 0 | AL117: 492977 | AM117: 354324 | AU117: 354324
A118: Variable Incentives | B118: TB | C118: {=_xlfn.XLOOKUP(A118,'TB upload'!A:A,'TB upload'!C:C-'TB upload'!B:B,0,0)*-1} -> 0 | E118: {=_xlfn.XLOOKUP(A118,'TB upload'!A:A,'TB upload'!E:E-'TB upload'!D:D,0,0)*-1} -> 0 | G118: {=_xlfn.XLOOKUP(A118,'TB upload'!A:A,'TB upload'!G:G-'TB upload'!F:F,0,0)*-1} -> 0 | I118: {=_xlfn.XLOOKUP(A118,'TB upload'!A:A,'TB upload'!I:I-'TB upload'!H:H,0,0)*-1} -> 0 | K118: =SUM(C118:J118) -> 0 | L118: 2610 | N118: 0 | P118: 0 | R118: 0 | T118: 2610 | U118: 0 | AC118: 0 | AD118: 389239 | AF118: 0 | AH118: 0 | AJ118: 0 | AL118: 389239 | AM118: 589828 | AU118: 589828
A119: Bonus | B119: TB | C119: {=_xlfn.XLOOKUP(A119,'TB upload'!A:A,'TB upload'!C:C-'TB upload'!B:B,0,0)*-1} -> 165224 | E119: {=_xlfn.XLOOKUP(A119,'TB upload'!A:A,'TB upload'!E:E-'TB upload'!D:D,0,0)*-1} -> 0 | G119: {=_xlfn.XLOOKUP(A119,'TB upload'!A:A,'TB upload'!G:G-'TB upload'!F:F,0,0)*-1} -> 0 | I119: {=_xlfn.XLOOKUP(A119,'TB upload'!A:A,'TB upload'!I:I-'TB upload'!H:H,0,0)*-1} -> 0 | K119: =SUM(C119:J119) -> 165224 | L119: 150500 | N119: 0 | P119: 0 | R119: 0 | T119: 150500 | U119: 109229 | AC119: 109229 | AD119: 437075 | AF119: 0 | AH119: 0 | AJ119: 0 | AL119: 437075 | AM119: 351236 | AU119: 351236
...

Sheet BS Grouping
A1: =BS!A1 -> 1908 E-Ventures Private Limited | B1: =SUM(B2:B3) -> 244828988 | C1: 11667312 | D1: =C11+C13 -> 13585769 | E1: =C1-D1 -> -1918457.2 | F1: =C9+C13 -> -2.3057091e+08 | G1: =F1+#REF! -> #REF! | H1: =C14 -> 13066443 | I1: =G1+H1 -> #REF! | J1: 187817692 | K1: =J2+J13-2960 -> 187814732 | L1: 11667312 | M1: =L11+L13 -> 13886871 | N1: =L1-M1 -> -2219559 | O1: =L9+L13 -> -2.3025055e+08 | P1: =O1+#REF! -> #REF! | Q1: =L14 -> -13593643 | R1: =P1+Q1 -> #REF! | S1: 187817692 | T1: =S2+S13-2960 -> 377674.17 | U1: 11667312 | V1: 13886871 | W1: -2219559 | X1: -2.3025055e+08 | Y1: 14578436 | Z1: -14787669 | AA1: -209232.98 | AB1: 187817692 | AC1: 374714.17 | AD1: 59945140 | AE1: -70218795 | AF1: -70225979 | AG1: 7183.9933 | AL1: 0 | AU1: 0
A2: Groupings BS | B2: 202676507 | C2: =C3/2 -> -8645.11 | D2: =C3+D3 -> -128032.74 | E2: =IFERROR(VLOOKUP(#REF!,#REF!,8,0),0)+IFERROR(VLOOKUP(#REF!,#REF!,9,0),0) -> 0 | G2: =IFERROR(VLOOKUP(#REF!,#REF!,4,0),0)+IFERROR(VLOOKUP(#REF!,#REF!,5,0),0) -> 0 | I2: =IFERROR(VLOOKUP(#REF!,#REF!,13,0),0)+IFERROR(VLOOKUP(#REF!,#REF!,12,0),0) -> 0 | J2: =C13+J1 -> 187817692 | K2: If eror | L2: =L3/2 -> -140239.92 | N2: =IFERROR(VLOOKUP(#REF!,#REF!,8,0),0)+IFERROR(VLOOKUP(#REF!,#REF!,9,0),0) -> 0 | P2: =IFERROR(VLOOKUP(#REF!,#REF!,4,0),0)+IFERROR(VLOOKUP(#REF!,#REF!,5,0),0) -> 0 | R2: =IFERROR(VLOOKUP(#REF!,#REF!,13,0),0)+IFERROR(VLOOKUP(#REF!,#REF!,12,0),0) -> 0 | S2: =L13+S1 -> -322827.5 | T2: If eror | U2: -140239.64 | W2: 0 | Y2: 0 | AA2: 0 | AB2: -322827.5 | AC2: If eror | AD2: -49018174 | AF2: 0 | AH2: 0 | AJ2: 0 | AL2: If eror | AM2: 0
B3: 42152481 | C3: =C210 -> -17290.22 | D3: =D210 -> -110742.52 | E3: =E210 -> 0.07 | F3: =F210 -> 0 | G3: =G210 -> -0.01 | H3: =H210 -> 0 | I3: =I210 -> -0.06 | J3: =J210 -> 113494 | ... T3: =T210 -> 422982.73 | U3: -280479.28 | V3: -1588045 | W3: 1.34 | X3: 0 | Y3: 1 | Z3: 0 | AA3: 1 | AB3: 700501.67 | AC3: -1168019.3 | AD3: 11667312 | AE3: 11386934 | AF3: 280377.98
A4: Particulars | C4: For the Period ended March 24 | L4: For the Period ended Dec 23 | U4: For the Period ended 30 Sep 23 | AD4: For the year ended 31 March 2023 | AM4: For the year ended 31 March 2022
A5: Particulars | B5: Reference | C5: Mumbai | D5: Adj | E5: Banglore | F5: Adj | G5: Delhi | H5: Adj | I5: Haryana | J5: Adj | K5: Total | L5: Mumbai | M5: Adj | N5: Banglore | O5: Adj | P5: Delhi | Q5: Adj | R5: Haryana | S5: Adj | T5: Total | U5: Mumbai | V5: Adj | W5: Banglore | X5: Adj | Y5: Delhi | Z5: Adj | AA5: Haryana | AB5: Adj | AC5: Total | AD5: Mumbai | AE5: Adj | AF5: Banglore | AG5: Adj | AH5: Delhi | AI5: Adj | AJ5: Haryana | AK5: Adj | AL5: Total | AM5: Mumbai | AN5: Adj | AO5: Banglore | AP5: Adj | AQ5: Delhi | AR5: Adj | AS5: Haryana | AT5: Adj | AU5: Total
A6: Equity & Reserves
A7: Equity Share Capital | B7: TB | C7: =AC7 -> 60196390 | K7: =SUM(C7:J7) -> 60196390 | L7: 60196390 | T7: 60196390 | U7: 60196390 | AC7: 60196390 | AD7: 59945140 | AF7: 0 | AH7: 0 | AJ7: 0 | AL7: 59945140 | AM7: 59442630 | AU7: 59442630
A8: Reserves & Surplus | B8: TB | C8: 1.7945989e+08 | K8: =SUM(C8:J8) -> 1.7945989e+08 | L8: 179440640 | T8: 179440640 | U8: 179440640 | AC8: 179440640 | AD8: 177191953 | AF8: 0 | AH8: 0 | AJ8: 0 | AL8: 177191953 | AM8: 172694488 | AU8: 172694488
A9: Other Equity | B9: TB | C9: =-42152481.48-188418424.56 -> -2.3057091e+08 | K9: =SUM(C9:J9) -> -2.3057091e+08 | L9: -42110032 | T9: -42110032 | U9: -42110032 | AC9: -42110032 | AD9: -42110032 | AF9: 0 | AH9: 0 | AJ9: 0 | AL9: -42110032 | AM9: -42108371 | AU9: -42108371
A10: General Reserve | B10: TB | C10: =AC10 -> 4500393 | J10: =(AK15+AI15+AG15)*0 -> 0 | K10: =SUM(C10:J10) -> 4500393 | L10: 4500393 | T10: 4500393 | U10: 4500393 | AC10: 4500393 | AD10: 4500393 | AF10: 0 | AH10: 0 | AJ10: 0 | AL10: 4500393 | AM10: 4500393 | AU10: 4500393
A11: =13585769.18-C11 -> 0 | B11: Total LIAB | C11: =SUM(C7:C10) -> 13585769 | D11: =SUM(D7:D10) -> 0 | E11: =SUM(E7:E10) -> 0 | F11: =SUM(F7:F10) -> 0 | G11: =SUM(G7:G10) -> 0 | H11: =SUM(H7:H10) -> 0 | I11: =SUM(I7:I10) -> 0 | J11: =SUM(J7:J10) -> 0 | K11: =SUM(K7:K10) -> 13585769 | L11: 2.0202739e+08 | M11: 0 | N11: 0 | O11: 0 | P11: 0 | Q11: 0 | R11: 0 | S11: 0 | T11: 2.0202739e+08 | U11: 2.0202739e+08 | V11: 0 | W11: 0 | X11: 0 | Y11: 0 | Z11: 0 | AA11: 0 | AB11: 0 | AC11: 2.0202739e+08 | AD11: 1.9952745e+08 | AE11: 0 | AF11: 0 | AG11: 0 | AH11: 0 | AI11: 0 | AJ11: 0 | AK11: 0 | AL11: 1.9952745e+08 | AM11: 1.9452914e+08 | AN11: 0 | AO11: 0 | AP11: 0 | AQ11: 0 | AR11: 0 | AS11: 0 | AT11: 0 | AU11: 1.9452914e+08
G12: 244957.42 | P12: 244957.42
A13: Profit & Loss A/c | B13: Working | C13: =U13*0 -> 0 | K13: =SUM(C13:J13) -> 0 | L13: -1.8814052e+08 | N13: -587616.66 | P13: 244956.43 | Q13: -0.99 | R13: -243654 | S13: 703461.67 | T13: -1.8802337e+08 | U13: -1.8814052e+08 | W13: -587616.66 | Y13: 244958 | AA13: -243654 | AB13: 700501.67 | AC13: -1.8802633e+08 | AD13: -1.1759983e+08 | AF13: -139240.66 | AH13: -335984.57 | AJ13: 0 | AL13: -1.1807505e+08 | AM13: -58940389 | AO13: -128397 | AP13: 0 | AQ13: 735447 | AR13: 0 | AU13: -58333339
A14: Current year profit | B14: PL | C14: =+'PL Grouping'!C384+PL!D26 -> 13066443 | D14: =+'PL Grouping'!D385 -> -809011.52 | E14: =+'PL Grouping'!E385 -> -292871 | F14: =+'PL Grouping'!F385 -> 0 | G14: =+'PL Grouping'!G385 -> -57115 | H14: =+'PL Grouping'!H385 -> -1815 | I14: =+'PL Grouping'!I385 -> -321993 | J14: =+'PL Grouping'!J385 -> -13964.36 | K14: =SUM(C14:J14) -> 11569673 | L14: -13593643 | M14: -112840.46 | N14: -292871 | O14: 0 | P14: -37372 | Q14: 0 | R14: -306716 | T14: -14343442 | U14: -14787669 | W14: -291708 | X14: 0 | Y14: -35713 | Z14: 0 | AA14: -258245 | AC14: -15373335 | AD14: -69908947 | AE14: -631744.33 | AF14: -448376 | AG14: 374337 | AH14: 583903 | AI14: 14412.333 | AJ14: -243654 | AK14: 314712.34 | AL14: -69945357 | AM14: -59547293 | AN14: -76307 | AO14: -15839 | AP14: 0 | AQ14: -1071431 | AR14: 0 | AU14: -60710870
A15: Net | B15: Total LIAB | C15: =SUM(C13:C14) -> 13066443 | D15: =SUM(D13:D14) -> -809011.52 | E15: =SUM(E13:E14) -> -292871 | F15: =SUM(F13:F14) -> 0 | G15: =SUM(G13:G14) -> -57115 | H15: =SUM(H13:H14) -> -1815 | I15: =SUM(I13:I14) -> -321993 | J15: =SUM(J13:J14) -> -13964.36 | K15: =SUM(K13:K14) -> 11569673 | L15: -2.0173416e+08 | M15: -112840.46 | N15: -880487.66 | O15: 0 | P15: 207584.43 | Q15: -0.99 | R15: -550370 | S15: 703461.67 | T15: -2.0236682e+08 | U15: -2.0292819e+08 | V15: 0 | W15: -879324.66 | X15: 0 | Y15: 209245 | Z15: 0 | AA15: -501899 | AB15: 700501.67 | AC15: -2.0339967e+08 | AD15: -1.8750878e+08 | AE15: -631744.33 | AF15: -587616.66 | AG15: 374337 | AH15: 247918.43 | AI15: 14412.333 | AJ15: -243654 | AK15: 314712.34 | AL15: -1.8802041e+08 | AM15: -1.1848768e+08 | AN15: -76307 | AO15: -144236 | AP15: 0 | AQ15: -335984 | AR15: 0 | AS15: 0 | AT15: 0 | AU15: -1.1904421e+08
AK16: 11507043 | AL16: 195233825
A17: Non-current liabilities | AL17: 7213414.9
A18: (a) Financial Liabilities
A19: (i) Lease liabilities | B19: Working | K19: =SUM(C19:J19) -> 0 | T19: 0 | AC19: 0 | AE19: -326037.69 | AL19: -326037.69 | AM19: 11004 | AU19: 11004
A20: ROU Lease Liability | B20: TB | C20: {=_xlfn.XLOOKUP(A20,'TB upload'!A:A,'TB upload'!C:C-'TB upload'!B:B,0,)} -> 0 | D20: =-C20 -> 0 | E20: {=_xlfn.XLOOKUP($A20,'TB upload'!$A:$A,'TB upload'!E:E-'TB upload'!D:D,0,)} -> 0 | G20: {=_xlfn.XLOOKUP($A20,'TB upload'!$A:$A,'TB upload'!G:G-'TB upload'!F:F,0,)} -> 0 | I20: {=_xlfn.XLOOKUP($A20,'TB upload'!$A:$A,'TB upload'!I:I-'TB upload'!H:H,0,)} -> 0 | K20: =SUM(C20:J20) -> 0 | L20: 601532 | M20: -601532 | N20: 0 | P20: 0 | R20: 0 | T20: 0 | U20: 601532 | V20: -601532 | W20: 0 | Y20: 0 | AA20: 0 | AC20: 0 | AD20: 876273 | AE20: -274741 | AF20: 0 | AH20: 0 | AJ20: 0 | AL20: 601532 | AM20: 0 | AU20: 0
B21: Total LIAB | C21: =SUM(C19:C20) -> 0 | D21: =SUM(D19:D20) -> 0 | E21: =SUM(E19:E20) -> 0 | F21: =SUM(F19:F20) -> 0 | G21: =SUM(G19:G20) -> 0 | H21: =SUM(H19:H20) -> 0 | I21: =SUM(I19:I20) -> 0 | J21: =SUM(J19:J20) -> 0 | K21: =SUM(K19:K20) -> 0 | L21: 601532 | M21: -601532 | N21: 0 | O21: 0 | P21: 0 | Q21: 0 | R21: 0 | S21: 0 | T21: 0 | U21: 601532 | V21: -601532 | W21: 0 | X21: 0 | Y21: 0 | Z21: 0 | AA21: 0 | AB21: 0 | AC21: 0 | AD21: 876273 | AE21: -600778.69 | AF21: 0 | AG21: 0 | AH21: 0 | AI21: 0 | AJ21: 0 | AK21: 0 | AL21: 275494.31 | AM21: 11004 | AN21: 0 | AO21: 0 | AP21: 0 | AQ21: 0 | AR21: 0 | AS21: 0 | AT21: 0 | AU21: 11004
A23: (i) Long-term borrowings
A24: From related parties;-Un secured
A25: J.B. Advani and Co. Pvt. Ltd. (ICD) | B25: TB | C25: {=_xlfn.XLOOKUP(A25,'TB upload'!A:A,'TB upload'!C:C-'TB upload'!B:B,0,)} -> 0 | D25: ='PL Grouping'!D58*-1 -> 0 | E25: {=_xlfn.XLOOKUP($A25,'TB upload'!$A:$A,'TB upload'!E:E-'TB upload'!D:D,0,)} -> 0 | G25: {=_xlfn.XLOOKUP($A25,'TB upload'!$A:$A,'TB upload'!G:G-'TB upload'!F:F,0,)} -> 0 | I25: {=_xlfn.XLOOKUP($A25,'TB upload'!$A:$A,'TB upload'!I:I-'TB upload'!H:H,0,)} -> 0 | K25: =SUM(C25:J25) -> 0 | L25: 36000000 | N25: 0 | P25: 0 | R25: 0 | T25: 36000000 | U25: 25500000 | W25: 0 | Y25: 0 | AA25: 0 | AC25: 25500000 | AD25: 0 | AF25: 0 | AH25: 0 | AJ25: 0 | AL25: 0 | AM25: 0 | AU25: 0
B27: Total LIAB | C27: =SUM(C25:C26) -> 0 | D27: =SUM(D25:D26) -> 0 | E27: =SUM(E25:E26) -> 0 | F27: =SUM(F25:F26) -> 0 | G27: =SUM(G25:G26) -> 0 | H27: =SUM(H25:H26) -> 0 | I27: =SUM(I25:I26) -> 0 | J27: =SUM(J25:J26) -> 0 | K27: =SUM(K25:K26) -> 0 | L27: 36000000 | M27: 0 | N27: 0 | O27: 0 | P27: 0 | Q27: 0 | R27: 0 | S27: 0 | T27: 36000000 | U27: 25500000 | V27: 0 | W27: 0 | X27: 0 | Y27: 0 | Z27: 0 | AA27: 0 | AB27: 0 | AC27: 25500000 | AD27: 0 | AE27: 0 | AF27: 0 | AG27: 0 | AH27: 0 | AI27: 0 | AJ27: 0 | AK27: 0 | AL27: 0 | AM27: 0 | AN27: 0 | AO27: 0 | AP27: 0 | AQ27: 0 | AR27: 0 | AS27: 0 | AT27: 0 | AU27: 0
A29: Inter corporate deposits**
A30: Ador Multiproducts Ltd (Inter-Company Deposits) | B30: TB | C30: {=_xlfn.XLOOKUP(A30,'TB upload'!A:A,'TB upload'!C:C-'TB upload'!B:B,0,)} -> 0 | E30: {=_xlfn.XLOOKUP($A30,'TB upload'!$A:$A,'TB upload'!E:E-'TB upload'!D:D,0,)} -> 0 | G30: {=_xlfn.XLOOKUP($A30,'TB upload'!$A:$A,'TB upload'!G:G-'TB upload'!F:F,0,)} -> 0 | I30: {=_xlfn.XLOOKUP($A30,'TB upload'!$A:$A,'TB upload'!I:I-'TB upload'!H:H,0,)} -> 0 | K30: =SUM(C30:J30) -> 0 | L30: 0 | N30: 0 | P30: 0 | R30: 0 | T30: 0 | U30: 0 | W30: 0 | Y30: 0 | AA30: 0 | AC30: 0 | AD30: 0 | AF30: 0 | AH30: 0 | AJ30: 0 | AL30: 0 | AM30: 0 | AU30: 0
B32: Total LIAB | C32: =SUM(C30:C31) -> 0 | D32: =SUM(D30:D31) -> 0 | E32: =SUM(E30:E31) -> 0 | F32: =SUM(F30:F31) -> 0 | G32: =SUM(G30:G31) -> 0 | H32: =SUM(H30:H31) -> 0 | I32: =SUM(I30:I31) -> 0 | J32: =SUM(J30:J31) -> 0 | K32: =SUM(K30:K31) -> 0 | L32: 0 | M32: 0 | N32: 0 | O32: 0 | P32: 0 | Q32: 0 | R32: 0 | S32: 0 | T32: 0 | U32: 0 | V32: 0 | W32: 0 | X32: 0 | Y32: 0 | Z32: 0 | AA32: 0 | AB32: 0 | AC32: 0 | AD32: 0 | AE32: 0 | AF32: 0 | AG32: 0 | AH32: 0 | AI32: 0 | AJ32: 0 | AK32: 0 | AL32: 0 | AM32: 0 | AN32: 0 | AO32: 0 | AP32: 0 | AQ32: 0 | AR32: 0 | AS32: 0 | AT32: 0 | AU32: 0
A34: Long-term provisions
A35: - Gratuity
A36: Provision for Gratuity | B36: TB | C36: {=_xlfn.XLOOKUP(A36,'TB upload'!A:A,'TB upload'!C:C-'TB upload'!B:B,0,)} -> 0 | E36: {=_xlfn.XLOOKUP($A36,'TB upload'!$A:$A,'TB upload'!E:E-'TB upload'!D:D,0,)} -> 0 | G36: {=_xlfn.XLOOKUP($A36,'TB upload'!$A:$A,'TB upload'!G:G-'TB upload'!F:F,0,)} -> 0 | I36: {=_xlfn.XLOOKUP($A36,'TB upload'!$A:$A,'TB upload'!I:I-'TB upload'!H:H,0,)} -> 0 | K36: =SUM(C36:J36) -> 0 | L36: 455694 | N36: 0 | P36: 0 | R36: 0 | T36: 455694 | U36: 455694 | AC36: 455694 | AD36: 477450 | AE36: 252859 | AF36: 0 | AH36: 0 | AJ36: 0 | AL36: 730309 | AM36: 477450 | AN36: -9203 | AU36: 468247
A37: Current portion | K37: =SUM(C37:J37) -> 0 | T37: 0 | AC37: 0 | AE37: -20802 | AL37: -20802
B38: Total LIAB | C38: =SUM(C36:C37) -> 0 | D38: =SUM(D36:D37) -> 0 | E38: =SUM(E36:E37) -> 0 | F38: =SUM(F36:F37) -> 0 | G38: =SUM(G36:G37) -> 0 | H38: =SUM(H36:H37) -> 0 | I38: =SUM(I36:I37) -> 0 | J38: =SUM(J36:J37) -> 0 | K38: =SUM(K36:K37) -> 0 | L38: 455694 | M38: 0 | N38: 0 | O38: 0 | P38: 0 | Q38: 0 | R38: 0 | S38: 0 | T38: 455694 | U38: 455694 | V38: 0 | W38: 0 | X38: 0 | Y38: 0 | Z38: 0 | AA38: 0 | AB38: 0 | AC38: 455694 | AD38: 477450 | AE38: 232057 | AF38: 0 | AG38: 0 | AH38: 0 | AI38: 0 | AJ38: 0 | AK38: 0 | AL38: 709507 | AM38: 477450 | AN38: -9203 | AO38: 0 | AP38: 0 | AQ38: 0 | AR38: 0 | AS38: 0 | AT38: 0 | AU38: 468247
A39: - Leave entitlement
A40: Provision for Leave Benefits | B40: TB | C40: {=_xlfn.XLOOKUP(A40,'TB upload'!A:A,'TB upload'!C:C-'TB upload'!B:B,0,)} -> 0 | E40: {=_xlfn.XLOOKUP($A40,'TB upload'!$A:$A,'TB upload'!E:E-'TB upload'!D:D,0,)} -> 0 | G40: {=_xlfn.XLOOKUP($A40,'TB upload'!$A:$A,'TB upload'!G:G-'TB upload'!F:F,0,)} -> 0 | I40: {=_xlfn.XLOOKUP($A40,'TB upload'!$A:$A,'TB upload'!I:I-'TB upload'!H:H,0,)} -> 0 | K40: =SUM(C40:J40) -> 0 | L40: 991337 | N40: 0 | P40: 0 | R40: 0 | T40: 991337 | U40: 991337 | AC40: 991337 | AD40: 1312847 | AE40: 349231 | AF40: 0 | AH40: 0 | AJ40: 0 | AL40: 1662078 | AM40: 1444736 | AN40: -124009 | AP40: -131889 | AU40: 1188838
A41: Short term leave | K41: =SUM(C41:J41) -> 0 | T41: 0 | AC41: 0 | AE41: -158061 | AL41: -158061
B42: Total LIAB | C42: =SUM(C40:C41) -> 0 | D42: =SUM(D40:D41) -> 0 | E42: =SUM(E40:E41) -> 0 | F42: =SUM(F40:F41) -> 0 | G42: =SUM(G40:G41) -> 0 | H42: =SUM(H40:H41) -> 0 | I42: =SUM(I40:I41) -> 0 | J42: =SUM(J40:J41) -> 0 | K42: =SUM(K40:K41) -> 0 | L42: 991337 | M42: 0 | N42: 0 | O42: 0 | P42: 0 | Q42: 0 | R42: 0 | S42: 0 | T42: 991337 | U42: 991337 | V42: 0 | W42: 0 | X42: 0 | Y42: 0 | Z42: 0 | AA42: 0 | AB42: 0 | AC42: 991337 | AD42: 1312847 | AE42: 191170 | AF42: 0 | AG42: 0 | AH42: 0 | AI42: 0 | AJ42: 0 | AK42: 0 | AL42: 1504017 | AM42: 1444736 | AN42: -124009 | AO42: 0 | AP42: -131889 | AQ42: 0 | AR42: 0 | AS42: 0 | AT42: 0 | AU42: 1188838
A44: (a) Financial Liabilities
A45: (i) Short-term borrowings
A46: Overdraft facility from bank*
A47: HDFC O/D 6905 | B47: TB | C47: {=_xlfn.XLOOKUP(A47,'TB upload'!A:A,'TB upload'!C:C-'TB upload'!B:B,0,)} -> 0 | E47: {=_xlfn.XLOOKUP($A47,'TB upload'!$A:$A,'TB upload'!E:E-'TB upload'!D:D,0,)} -> 0 | G47: {=_xlfn.XLOOKUP($A47,'TB upload'!$A:$A,'TB upload'!G:G-'TB upload'!F:F,0,)} -> 0 | I47: {=_xlfn.XLOOKUP($A47,'TB upload'!$A:$A,'TB upload'!I:I-'TB upload'!H:H,0,)} -> 0 | K47: =SUM(C47:J47) -> 0 | L47: 0 | N47: 0 | P47: 0 | R47: 0 | T47: 0 | U47: -62952 | W47: 0 | Y47: 0 | AA47: 0 | AC47: -62952 | AD47: 8952052.5 | AF47: 0 | AH47: 0 | AJ47: 0 | AL47: 8952052.5 | AM47: 0 | AU47: 0
A48: HDFC Bank CA | B48: TB | C48: {=_xlfn.XLOOKUP(A48,'TB upload'!A:A,'TB upload'!C:C-'TB upload'!B:B,0,)*0} -> 0 | E48: {=_xlfn.XLOOKUP($A48,'TB upload'!$A:$A,'TB upload'!E:E-'TB upload'!D:D,0,)} -> 0 | G48: {=_xlfn.XLOOKUP($A48,'TB upload'!$A:$A,'TB upload'!G:G-'TB upload'!F:F,0,)} -> 0 | I48: {=_xlfn.XLOOKUP($A48,'TB upload'!$A:$A,'TB upload'!I:I-'TB upload'!H:H,0,)} -> 0 | K48: =SUM(C48:J48) -> 0 | L48: 0 | N48: 0 | P48: 0 | R48: 0 | T48: 0 | U48: 0 | W48: 0 | Y48: 0 | AA48: 0 | AC48: 0 | AD48: 652062.75 | AF48: 0 | AH48: 0 | AJ48: 0 | AL48: 652062.75 | AM48: 0 | AU48: 0
B50: Total LIAB | C50: =SUM(C47:C49) -> 0 | D50: =SUM(D47:D49) -> 0 | E50: =SUM(E47:E49) -> 0 | F50: =SUM(F47:F49) -> 0 | G50: =SUM(G47:G49) -> 0 | H50: =SUM(H47:H49) -> 0 | I50: =SUM(I47:I49) -> 0 | J50: =SUM(J47:J49) -> 0 | K50: =SUM(K47:K49) -> 0 | L50: 0 | M50: 0 | N50: 0 | O50: 0 | P50: 0 | Q50: 0 | R50: 0 | S50: 0 | T50: 0 | U50: -62952 | V50: 0 | W50: 0 | X50: 0 | Y50: 0 | Z50: 0 | AA50: 0 | AB50: 0 | AC50: -62952 | AD50: 9604115.2 | AE50: 0 | AF50: 0 | AG50: 0 | AH50: 0 | AI50: 0 | AJ50: 0 | AK50: 0 | AL50: 9604115.2 | AM50: 0 | AN50: 0 | AO50: 0 | AP50: 0 | AQ50: 0 | AR50: 0 | AS50: 0 | AT50: 0 | AU50: 0
A51: (i) Short-term borrowings
A52: From others
A53: Kudos Finance Ltd - Getvantage | B53: TB | C53: {=_xlfn.XLOOKUP(A53,'TB upload'!A:A,'TB upload'!C:C-'TB upload'!B:B,0,)} -> 0 | E53: {=_xlfn.XLOOKUP($A53,'TB upload'!$A:$A,'TB upload'!E:E-'TB upload'!D:D,0,)} -> 0 | G53: {=_xlfn.XLOOKUP($A53,'TB upload'!$A:$A,'TB upload'!G:G-'TB upload'!F:F,0,)} -> 0 | I53: {=_xlfn.XLOOKUP($A53,'TB upload'!$A:$A,'TB upload'!I:I-'TB upload'!H:H,0,)} -> 0 | K53: =SUM(C53:J53) -> 0 | L53: 0 | N53: 0 | P53: 0 | R53: 0 | T53: 0 | U53: 592863.6 | AC53: 592863.6 | AD53: 5757554.7 | AF53: 0 | AH53: 0 | AJ53: 0 | AK53: -50060 | AL53: 5707494.7 | AM53: 0 | AN53: 2843006.2 | AU53: 2843006.2
B55: Total LIAB | C55: =SUM(C53:C54) -> 0 | D55: =SUM(D53:D54) -> 0 | E55: =SUM(E53:E54) -> 0 | F55: =SUM(F53:F54) -> 0 | G55: =SUM(G53:G54) -> 0 | H55: =SUM(H53:H54) -> 0 | I55: =SUM(I53:I54) -> 0 | J55: =SUM(J53:J54) -> 0 | K55: =SUM(K53:K54) -> 0 | L55: 0 | M55: 0 | N55: 0 | O55: 0 | P55: 0 | Q55: 0 | R55: 0 | S55: 0 | T55: 0 | U55: 592863.6 | V55: 0 | W55: 0 | X55: 0 | Y55: 0 | Z55: 0 | AA55: 0 | AB55: 0 | AC55: 592863.6 | AD55: 5757554.7 | AE55: 0 | AF55: 0 | AG55: 0 | AH55: 0 | AI55: 0 | AJ55: 0 | AK55: -50060 | AL55: 5707494.7 | AM55: 0 | AN55: 2843006.2 | AO55: 0 | AP55: 0 | AQ55: 0 | AR55: 0 | AS55: 0 | AT55: 0 | AU55: 2843006.2
A56: Financial liabilities
A57: (ia) Lease liabilities | B57: IND AS | D57: =-D19 -> 0 | K57: =SUM(C57:J57) -> 0 | M57: 0 | T57: 0 | V57: 0 | AC57: 0 | AE57: 326037.69 | AL57: 326037.69 | AM57: 11410 | AU57: 11410
B58: Total LIAB | C58: =SUM(C56:C57) -> 0 | D58: =SUM(D56:D57) -> 0 | E58: =SUM(E56:E57) -> 0 | F58: =SUM(F56:F57) -> 0 | G58: =SUM(G56:G57) -> 0 | H58: =SUM(H56:H57) -> 0 | I58: =SUM(I56:I57) -> 0 | J58: =SUM(J56:J57) -> 0 | K58: =SUM(K56:K57) -> 0 | L58: 0 | M58: 0 | N58: 0 | O58: 0 | P58: 0 | Q58: 0 | R58: 0 | S58: 0 | T58: 0 | U58: 0 | V58: 0 | W58: 0 | X58: 0 | Y58: 0 | Z58: 0 | AA58: 0 | AB58: 0 | AC58: 0 | AD58: 0 | AE58: 326037.69 | AF58: 0 | AG58: 0 | AH58: 0 | AI58: 0 | AJ58: 0 | AK58: 0 | AL58: 326037.69 | AM58: 11410 | AN58: 0 | AO58: 0 | AP58: 0 | AQ58: 0 | AR58: 0 | AS58: 0 | AT58: 0 | AU58: 11410
A60: (ii) Other trade payables
A61: Dues to micro, small and medium enterprises | B61: Working | K61: =SUM(C61:J61) -> 0 | T61: 0 | AC61: 0 | AD61: 19954301 | AL61: 19954301 | AM61: 5514595.9 | AU61: 5514595.9
B63: Total LIAB | C63: =SUM(C61:C62) -> 0 | D63: =SUM(D61:D62) -> 0 | E63: =SUM(E61:E62) -> 0 | F63: =SUM(F61:F62) -> 0 | G63: =SUM(G61:G62) -> 0 | H63: =SUM(H61:H62) -> 0 | I63: =SUM(I61:I62) -> 0 | J63: =SUM(J61:J62) -> 0 | K63: =SUM(K61:K62) -> 0 | L63: 0 | M63: 0 | N63: 0 | O63: 0 | P63: 0 | Q63: 0 | R63: 0 | S63: 0 | T63: 0 | U63: 0 | V63: 0 | W63: 0 | X63: 0 | Y63: 0 | Z63: 0 | AA63: 0 | AB63: 0 | AC63: 0 | AD63: 19954301 | AE63: 0 | AF63: 0 | AG63: 0 | AH63: 0 | AI63: 0 | AJ63: 0 | AK63: 0 | AL63: 19954301 | AM63: 5514595.9 | AN63: 0 | AO63: 0 | AP63: 0 | AQ63: 0 | AR63: 0 | AS63: 0 | AT63: 0 | AU63: 5514595.9
A64: Sundry Creditors | B64: TB | C64: {=_xlfn.XLOOKUP(A64,'TB upload'!A:A,'TB upload'!C:C-'TB upload'!B:B,0,)} -> 6951965.9 | D64: 27770 | E64: {=_xlfn.XLOOKUP($A64,'TB upload'!$A:$A,'TB upload'!E:E-'TB upload'!D:D,0,)} -> 0 | G64: {=_xlfn.XLOOKUP($A64,'TB upload'!$A:$A,'TB upload'!G:G-'TB upload'!F:F,0,)} -> 0 | I64: {=_xlfn.XLOOKUP($A64,'TB upload'!$A:$A,'TB upload'!I:I-'TB upload'!H:H,0,)} -> 0 | K64: =SUM(C64:J64) -> 6979735.9 | L64: 12021315 | N64: -100.56 | P64: 0 | R64: 0 | T64: 12021215 | U64: 31110736 | W64: 549 | Y64: 711 | AC64: 31111996 | AD64: 48901775 | AF64: 0 | AH64: -1397013.5 | AJ64: 761945.72 | AK64: 447072.21 | AL64: 48713779 | AU64: 0
A65: Dues to other than micro, small and medium enterprises | B65: Working | K65: =SUM(C65:J65) -> 0 | T65: 0 | AC65: 0 | AD65: -19954301 | AK65: -347699.27 | AL65: -20302001 | AM65: 29831995 | AO65: 41778 | AP65: -4995 | AQ65: -746918 | AU65: 29121860
B67: Total LIAB | C67: =SUM(C64:C66) -> 6951965.9 | D67: =SUM(D64:D66) -> 27770 | E67: =SUM(E64:E66) -> 0 | F67: =SUM(F64:F66) -> 0 | G67: =SUM(G64:G66) -> 0 | H67: =SUM(H64:H66) -> 0 | I67: =SUM(I64:I66) -> 0 | J67: =SUM(J64:J66) -> 0 | K67: =SUM(K64:K66) -> 6979735.9 | L67: 12021315 | M67: 0 | N67: -100.56 | O67: 0 | P67: 0 | Q67: 0 | R67: 0 | S67: 0 | T67: 12021215 | U67: 31110736 | V67: 0 | W67: 549 | X67: 0 | Y67: 711 | Z67: 0 | AA67: 0 | AB67: 0 | AC67: 31111996 | AD67: 28947473 | AE67: 0 | AF67: 0 | AG67: 0 | AH67: -1397013.5 | AI67: 0 | AJ67: 761945.72 | AK67: 99372.94 | AL67: 28411779 | AM67: 29831995 | AN67: 0 | AO67: 41778 | AP67: -4995 | AQ67: -746918 | AR67: 0 | AS67: 0 | AT67: 0 | AU67: 29121860
A68: Other current financial liabilities
A69: Statutory dues payable
A70: TDS | B70: TB | C70: {=_xlfn.XLOOKUP(A70,'TB upload'!A:A,'TB upload'!C:C-'TB upload'!B:B,0,)} -> 0 | D70: =7200-1125+5250 -> 11325 | E70: {=_xlfn.XLOOKUP($A70,'TB upload'!$A:$A,'TB upload'!E:E-'TB upload'!D:D,0,)} -> 0 | G70: {=_xlfn.XLOOKUP($A70,'TB upload'!$A:$A,'TB upload'!G:G-'TB upload'!F:F,0,)} -> 0 | I70: {=_xlfn.XLOOKUP($A70,'TB upload'!$A:$A,'TB upload'!I:I-'TB upload'!H:H,0,)} -> 0 | J70: 113494 | K70: =SUM(C70:J70) -> 124819 | L70: 0 | N70: 0 | P70: 0 | R70: 0 | T70: 0 | U70: 0 | W70: 0 | Y70: 0 | AA70: 0 | AC70: 0 | AD70: 0 | AF70: 0 | AH70: 0 | AJ70: 0 | AL70: 0 | AM70: 609176.63 | AO70: 2105 | AQ70: 473 | AU70: 611754.63
A71: Profession Tax | B71: TB | C71: {=_xlfn.XLOOKUP(A71,'TB upload'!A:A,'TB upload'!C:C-'TB upload'!B:B,0,)} -> 0 | E71: {=_xlfn.XLOOKUP($A71,'TB upload'!$A:$A,'TB upload'!E:E-'TB upload'!D:D,0,)} -> 0 | G71: {=_xlfn.XLOOKUP($A71,'TB upload'!$A:$A,'TB upload'!G:G-'TB upload'!F:F,0,)} -> 0 | I71: {=_xlfn.XLOOKUP($A71,'TB upload'!$A:$A,'TB upload'!I:I-'TB upload'!H:H,0,)} -> 0 | K71: =SUM(C71:J71) -> 0 | L71: 0 | N71: 0 | P71: 0 | R71: 0 | T71: 0 | U71: 0 | W71: 0 | Y71: 0 | AA71: 0 | AC71: 0 | AD71: 0 | AF71: 0 | AH71: 0 | AJ71: 0 | AL71: 0 | AM71: 5600 | AU71: 5600
A72: Staff Income Tax | B72: TB | C72: {=_xlfn.XLOOKUP(A72,'TB upload'!A:A,'TB upload'!C:C-'TB upload'!B:B,0,)} -> 0 | E72: {=_xlfn.XLOOKUP($A72,'TB upload'!$A:$A,'TB upload'!E:E-'TB upload'!D:D,0,)} -> 0 | G72: {=_xlfn.XLOOKUP($A72,'TB upload'!$A:$A,'TB upload'!G:G-'TB upload'!F:F,0,)} -> 0 | I72: {=_xlfn.XLOOKUP($A72,'TB upload'!$A:$A,'TB upload'!I:I-'TB upload'!H:H,0,)} -> 0 | K72: =SUM(C72:J72) -> 0 | L72: 0 | N72: 0 | P72: 0 | R72: 0 | T72: 0 | U72: 0 | W72: 0 | Y72: 0 | AA72: 0 | AC72: 0 | AD72: 0 | AF72: 0 | AH72: 0 | AJ72: 0 | AL72: 0 | AM72: 553500 | AU72: 553500
A73: Deposit Linked Insurance @ 0.50% | B73: TB | C73: {=_xlfn.XLOOKUP(A73,'TB upload'!A:A,'TB upload'!C:C-'TB upload'!B:B,0,)} -> 0 | E73: {=_xlfn.XLOOKUP($A73,'TB upload'!$A:$A,'TB upload'!E:E-'TB upload'!D:D,0,)} -> 0 | G73: {=_xlfn.XLOOKUP($A73,'TB upload'!$A:$A,'TB upload'!G:G-'TB upload'!F:F,0,)} -> 0 | I73: {=_xlfn.XLOOKUP($A73,'TB upload'!$A:$A,'TB upload'!I:I-'TB upload'!H:H,0,)} -> 0 | K73: =SUM(C73:J73) -> 0 | L73: 75 | N73: 0 | P73: 0 | R73: 0 | T73: 75 | U73: 225 | W73: 0 | Y73: 0 | AA73: 0 | AC73: 225 | AD73: 2302 | AF73: 0 | AH73: 0 | AJ73: 0 | AL73: 2302 | AM73: 1946 | AU73: 1946
A74: PF Admin Charges @ 0.50% | B74: TB | C74: {=_xlfn.XLOOKUP(A74,'TB upload'!A:A,'TB upload'!C:C-'TB upload'!B:B,0,)} -> 0 | E74: {=_xlfn.XLOOKUP($A74,'TB upload'!$A:$A,'TB upload'!E:E-'TB upload'!D:D,0,)} -> 0 | G74: {=_xlfn.XLOOKUP($A74,'TB upload'!$A:$A,'TB upload'!G:G-'TB upload'!F:F,0,)} -> 0 | I74: {=_xlfn.XLOOKUP($A74,'TB upload'!$A:$A,'TB upload'!I:I-'TB upload'!H:H,0,)} -> 0 | K74: =SUM(C74:J74) -> 0 | L74: 500 | N74: 0 | P74: 0 | R74: 0 | T74: 500 | U74: 500 | W74: 0 | Y74: 0 | AA74: 0 | AC74: 500 | AD74: 2838 | AF74: 0 | AH74: 0 | AJ74: 0 | AL74: 2838 | AM74: 2209 | AU74: 2209
A75: PF Employees Contribution @ 12% | B75: TB | C75: {=_xlfn.XLOOKUP(A75,'TB upload'!A:A,'TB upload'!C:C-'TB upload'!B:B,0,)} -> 0 | E75: {=_xlfn.XLOOKUP($A75,'TB upload'!$A:$A,'TB upload'!E:E-'TB upload'!D:D,0,)} -> 0 | G75: {=_xlfn.XLOOKUP($A75,'TB upload'!$A:$A,'TB upload'!G:G-'TB upload'!F:F,0,)} -> 0 | I75: {=_xlfn.XLOOKUP($A75,'TB upload'!$A:$A,'TB upload'!I:I-'TB upload'!H:H,0,)} -> 0 | K75: =SUM(C75:J75) -> 0 | L75: 1806 | N75: 0 | P75: 0 | R75: 0 | T75: 1806 | U75: 8286 | W75: 0 | Y75: 0 | AA75: 0 | AC75: 8286 | AD75: 67457 | AF75: 0 | AH75: 0 | AJ75: 0 | AL75: 67457 | AM75: 52383 | AU75: 52383
A76: ESIC 0.75% | B76: TB | C76: {=_xlfn.XLOOKUP(A76,'TB upload'!A:A,'TB upload'!C:C-'TB upload'!B:B,0,)} -> 0 | E76: {=_xlfn.XLOOKUP($A76,'TB upload'!$A:$A,'TB upload'!E:E-'TB upload'!D:D,0,)} -> 0 | G76: {=_xlfn.XLOOKUP($A76,'TB upload'!$A:$A,'TB upload'!G:G-'TB upload'!F:F,0,)} -> 0 | I76: {=_xlfn.XLOOKUP($A76,'TB upload'!$A:$A,'TB upload'!I:I-'TB upload'!H:H,0,)} -> 0 | K76: =SUM(C76:J76) -> 0 | L76: 0 | N76: 0 | P76: 0 | R76: 0 | T76: 0 | U76: 771 | W76: 0 | Y76: 0 | AA76: 0 | AC76: 771 | AD76: 687 | AF76: 0 | AH76: 0 | AJ76: 0 | AL76: 687 | AM76: 378 | AU76: 378
A77: PF Payable | B77: TB | C77: {=_xlfn.XLOOKUP(A77,'TB upload'!A:A,'TB upload'!C:C-'TB upload'!B:B,0,)} -> 0 | E77: {=_xlfn.XLOOKUP($A77,'TB upload'!$A:$A,'TB upload'!E:E-'TB upload'!D:D,0,)} -> 0 | G77: {=_xlfn.XLOOKUP($A77,'TB upload'!$A:$A,'TB upload'!G:G-'TB upload'!F:F,0,)} -> 0 | I77: {=_xlfn.XLOOKUP($A77,'TB upload'!$A:$A,'TB upload'!I:I-'TB upload'!H:H,0,)} -> 0 | K77: =SUM(C77:J77) -> 0 | L77: 3600 | N77: 0 | P77: 0 | R77: 0 | T77: 3600 | U77: 10080 | W77: 0 | Y77: 0 | AA77: 0 | AC77: 10080 | AD77: 67457 | AF77: 0 | AH77: 0 | AJ77: 0 | AL77: 67457 | AM77: 52383 | AU77: 52383
B78: Total LIAB | C78: =SUM(C70:C77) -> 0 | D78: =SUM(D70:D77) -> 11325 | E78: =SUM(E70:E77) -> 0 | F78: =SUM(F70:F77) -> 0 | G78: =SUM(G70:G77) -> 0 | H78: =SUM(H70:H77) -> 0 | I78: =SUM(I70:I77) -> 0 | J78: =SUM(J70:J77) -> 113494 | K78: =SUM(K70:K77) -> 124819 | L78: 5981 | M78: 0 | N78: 0 | O78: 0 | P78: 0 | Q78: 0 | R78: 0 | S78: 0 | T78: 5981 | U78: 19862 | V78: 0 | W78: 0 | X78: 0 | Y78: 0 | Z78: 0 | AA78: 0 | AB78: 0 | AC78: 19862 | AD78: 140741 | AE78: 0 | AF78: 0 | AG78: 0 | AH78: 0 | AI78: 0 | AJ78: 0 | AK78: 0 | AL78: 140741 | AM78: 1277575.6 | AN78: 0 | AO78: 2105 | AP78: 0 | AQ78: 473 | AR78: 0 | AS78: 0 | AT78: 0 | AU78: 1280153.6
A80: Advance from customers | B80: Working | D80: =D160 -> 72686.6 | K80: =SUM(C80:J80) -> 72686.6 | T80: 0 | AC80: 0 | AL80: 0 | AM80: - | AU80: 0
